Workbook
Name AccountsGroup: OFFSET(Grootboekrekeningen!$D$11,0,0,Grootboekrekeningen!$B$9,1)
Name Accountsnames: OFFSET(Grootboekrekeningen!$B$11,0,0,Grootboekrekeningen!$B$9,1)
Name AccountsNumbers: OFFSET(Grootboekrekeningen!$C$11,0,0,Grootboekrekeningen!$B$9,1)
Name AccountsTotal: OFFSET(Grootboekrekeningen!$B$11,0,0,Grootboekrekeningen!$B$9,3)
Name Creditors: OFFSET(Grootboekrekeningen!$J$11,0,0,Grootboekrekeningen!$J$9,1)
Name Debtors: OFFSET(Grootboekrekeningen!$G$11,0,0,Grootboekrekeningen!$G$9,1)

Sheet Gebruiksaanwijzing
B3: Gebruiksaanwijzing
B4: Dit is een eenvoudig boekhoudprogramma
B5: Er zijn al zogenaamde "Dummy" gegevens ingevoerd als voorbeeld. Deze kun je verwijderen.
B7: Gegevens invoer
B8: Alle cellen zijn geblokkeerd behalve waar je gegevens moet invoeren. Er is geen wachtwoord ingesteld dus de-blokkeren is gemakkelijk.
B9: Rechts-klikken op tab en dan kiezen voor "Unprotect sheet" of "Beveiliging blad opheffen"
B11: Start
A12: 1. | B12: Vul de GROOTBOEKREKENINGEN in op het blad "Grootboekrekeningen". Standaard staan er al 111 in
A13: 2. | B13: Geef de Grootboekrekening een uniek REKENINGNUMMER en plaats ze in de juiste RUBRIEK, zodat de rekening getoond wordt op de BALANS en de WINST- EN VERLIESREKENING.
A14: 3. | B14: Je kunt de openingsbalans opstellen maar dat hoeft niet. Debiteuren en Crediteuren worden NIET in de openingsbalans opgenomen.
A15: 4. | B15: De BALANS moet altijd in EVENWICHT zijn.
A16: 5. | B16: Benoem de DEBITEUREN en CREDITEUREN op het blad "Grootboekrekeningen". Het saldo voer je in op de bladen "Debiteuren" en "Crediteuren" in kolom Startbedrag.
A17: 6. | B17: De namen van de Debiteuren en Crediteuren op het blad "Grootboekrekeningen" worden ZONDER spaties ingevoerd.
A18: 7. | B18: Debiteuren and Crediteuren kunnen NIET dezelfde naam krijgen, anders ontstaan er fouten en onverwachte resultaten.
A19: 8. | B19: Nu kun je met de boekhouding beginnen op het blad "Journaal". De resultaten verschijnen onmiddellijk op de andere bladen.
A20: 9. | B20: Elke boeking bestaat uit minimaal 2 regels. Bij de ene rekening komt er geld bij en bij de andere rekening gaat het eraf.
A21: 10 | B21: Je kunt de "Dummy" gegevens gebruiken om te experimenteren.

Sheet Journaal
B2: Journaal | D2: =SUM(F:F) -> 245020.62 | E2: =SUM(G:G) -> 245020.62
A3: None | C3: =MAX(B:B) -> 507 | D3: =COUNT(E:E) -> 99 | H3: =IF(D2=E2,"","Journaal is NIET in evenwicht!!! ->CORRIGEER")
B4: Nr | C4: Datum | D4: Rekening | E4: Rekeningnummer | F4: Debet | G4: Credit | H4: Naam | I4: Omschrijving
B5: 1 | C5: 44562 | D5: Gebouwen | E5: =IF($D5<>"",OFFSET(Grootboekrekeningen!$C$10,MATCH(D5,Accountsnames,0),0),"") -> 200 | F5: 80000 | I5: Gebouwen begin boekjaar
B6: 1 | C6: 44562 | D6: Vermogen begin jaar | E6: =IF($D6<>"",OFFSET(Grootboekrekeningen!$C$10,MATCH(D6,Accountsnames,0),0),"") -> 1990 | G6: 80000 | I6: Gebouwen begin boekjaar
B7: =B5+1 -> 2 | C7: 44562 | D7: Inventaris | E7: =IF($D7<>"",OFFSET(Grootboekrekeningen!$C$10,MATCH(D7,Accountsnames,0),0),"") -> 300 | F7: 4500 | I7: Inventaris begin boekjaar
B8: =B6+1 -> 2 | C8: 44562 | D8: Vermogen begin jaar | E8: =IF($D8<>"",OFFSET(Grootboekrekeningen!$C$10,MATCH(D8,Accountsnames,0),0),"") -> 1990 | G8: 4500 | I8: Inventaris begin boekjaar
B9: =B7+1 -> 3 | C9: 44562 | D9: Voorraden | E9: =IF($D9<>"",OFFSET(Grootboekrekeningen!$C$10,MATCH(D9,Accountsnames,0),0),"") -> 500 | F9: 25000 | I9: Voorraden begin boekjaar
B10: =B8+1 -> 3 | C10: 44562 | D10: Vermogen begin jaar | E10: =IF($D10<>"",OFFSET(Grootboekrekeningen!$C$10,MATCH(D10,Accountsnames,0),0),"") -> 1990 | G10: 25000 | I10: Voorraden begin boekjaar
B11: =B9+1 -> 4 | C11: 44562 | D11: Voertuigen | E11: =IF($D11<>"",OFFSET(Grootboekrekeningen!$C$10,MATCH(D11,Accountsnames,0),0),"") -> 800 | F11: 13252 | I11: Voertuigen begin boekjaar
B12: =B10+1 -> 4 | C12: 44562 | D12: Vermogen begin jaar | E12: =IF($D12<>"",OFFSET(Grootboekrekeningen!$C$10,MATCH(D12,Accountsnames,0),0),"") -> 1990 | G12: 13252 | I12: Voertuigen begin boekjaar
B13: =B11+1 -> 5 | C13: 44562 | D13: kas | E13: =IF($D13<>"",OFFSET(Grootboekrekeningen!$C$10,MATCH(D13,Accountsnames,0),0),"") -> 1000 | F13: 150 | I13: Kas begin boekjaar
B14: =B12+1 -> 5 | C14: 44562 | D14: Vermogen begin jaar | E14: =IF($D14<>"",OFFSET(Grootboekrekeningen!$C$10,MATCH(D14,Accountsnames,0),0),"") -> 1990 | G14: 150 | I14: Kas begin boekjaar
B15: =B13+1 -> 6 | C15: 44562 | D15: Bank | E15: =IF($D15<>"",OFFSET(Grootboekrekeningen!$C$10,MATCH(D15,Accountsnames,0),0),"") -> 1020 | F15: 5463 | I15: Bank begin boekjaar
B16: =B14+1 -> 6 | C16: 44562 | D16: Vermogen begin jaar | E16: =IF($D16<>"",OFFSET(Grootboekrekeningen!$C$10,MATCH(D16,Accountsnames,0),0),"") -> 1990 | G16: 5463 | I16: Bank begin boekjaar
B17: =B15+1 -> 7 | C17: 44562 | D17: Creditcard | E17: =IF($D17<>"",OFFSET(Grootboekrekeningen!$C$10,MATCH(D17,Accountsnames,0),0),"") -> 1030 | F17: 2530.25 | I17: Creditcard begin boekjaar
B18: =B16+1 -> 7 | C18: 44562 | D18: Vermogen begin jaar | E18: =IF($D18<>"",OFFSET(Grootboekrekeningen!$C$10,MATCH(D18,Accountsnames,0),0),"") -> 1990 | G18: 2530.25 | I18: Creditcard begin boekjaar
B19: =B17+1 -> 8 | C19: 44547 | D19: Debiteuren | E19: =IF($D19<>"",OFFSET(Grootboekrekeningen!$C$10,MATCH(D19,Accountsnames,0),0),"") -> 1300 | F19: 5632.23 | H19: Expert-Woerden | I19: Order 5252
B20: =B18+1 -> 8 | C20: 44547 | D20: Vermogen begin jaar | E20: =IF($D20<>"",OFFSET(Grootboekrekeningen!$C$10,MATCH(D20,Accountsnames,0),0),"") -> 1990 | G20: 5632.23 | I20: Order 5252
B21: =B19+1 -> 9 | C21: 44546 | D21: Debiteuren | E21: =IF($D21<>"",OFFSET(Grootboekrekeningen!$C$10,MATCH(D21,Accountsnames,0),0),"") -> 1300 | F21: 3846.85 | H21: Radio TV en Wasautomaten | I21: Order 5184
B22: =B20+1 -> 9 | C22: 44546 | D22: Vermogen begin jaar | E22: =IF($D22<>"",OFFSET(Grootboekrekeningen!$C$10,MATCH(D22,Accountsnames,0),0),"") -> 1990 | G22: 3846.85 | I22: Order 5184
B23: =B21+1 -> 10 | C23: 44549 | D23: Debiteuren | E23: =IF($D23<>"",OFFSET(Grootboekrekeningen!$C$10,MATCH(D23,Accountsnames,0),0),"") -> 1300 | F23: 1526.73 | H23: Pater Elektro | I23: Order 5271
B24: =B22+1 -> 10 | C24: 44549 | D24: Vermogen begin jaar | E24: =IF($D24<>"",OFFSET(Grootboekrekeningen!$C$10,MATCH(D24,Accountsnames,0),0),"") -> 1990 | G24: 1526.73 | I24: Order 5271
B25: =B23+1 -> 11 | C25: 44550 | D25: Crediteuren | E25: =IF($D25<>"",OFFSET(Grootboekrekeningen!$C$10,MATCH(D25,Accountsnames,0),0),"") -> 1600 | G25: 237.25 | H25: KPN Telecom | I25: Viking fact. 12345
B26: =B24+1 -> 11 | C26: 44550 | D26: Vermogen begin jaar | E26: =IF($D26<>"",OFFSET(Grootboekrekeningen!$C$10,MATCH(D26,Accountsnames,0),0),"") -> 1990 | F26: 237.25 | I26: Viking fact. 12345
B27: =B25+1 -> 12 | C27: 44551 | D27: Crediteuren | E27: =IF($D27<>"",OFFSET(Grootboekrekeningen!$C$10,MATCH(D27,Accountsnames,0),0),"") -> 1600 | G27: 4606.69 | H27: VattenFall | I27: Miele fact.58952
B28: =B26+1 -> 12 | C28: 44551 | D28: Vermogen begin jaar | E28: =IF($D28<>"",OFFSET(Grootboekrekeningen!$C$10,MATCH(D28,Accountsnames,0),0),"") -> 1990 | F28: 4606.69 | I28: Miele fact.58952
B29: =B27+1 -> 13 | C29: 44553 | D29: Crediteuren | E29: =IF($D29<>"",OFFSET(Grootboekrekeningen!$C$10,MATCH(D29,Accountsnames,0),0),"") -> 1600 | G29: 3886.25 | H29: KPN Telecom | I29: Audiac fact.56894
B30: =B28+1 -> 13 | C30: 44553 | D30: Vermogen begin jaar | E30: =IF($D30<>"",OFFSET(Grootboekrekeningen!$C$10,MATCH(D30,Accountsnames,0),0),"") -> 1990 | F30: 3886.25 | I30: Audiac fact.56894
B31: =B29+1 -> 14 | C31: 44562 | D31: OB 2020 kw.4 | E31: =IF($D31<>"",OFFSET(Grootboekrekeningen!$C$10,MATCH(D31,Accountsnames,0),0),"") -> 1650 | G31: 1410 | I31: OB 2020 kwartaal 4
B32: =B30+1 -> 14 | C32: 44562 | D32: Vermogen begin jaar | E32: =IF($D32<>"",OFFSET(Grootboekrekeningen!$C$10,MATCH(D32,Accountsnames,0),0),"") -> 1990 | F32: 1410 | I32: OB 2020 kwartaal 4
B33: =B31+1 -> 15 | C33: 44562 | D33: OB 2020 suppl. | E33: =IF($D33<>"",OFFSET(Grootboekrekeningen!$C$10,MATCH(D33,Accountsnames,0),0),"") -> 1651 | G33: 29 | I33: OB 2020 suppl.
B34: =B32+1 -> 15 | C34: 44562 | D34: Vermogen begin jaar | E34: =IF($D34<>"",OFFSET(Grootboekrekeningen!$C$10,MATCH(D34,Accountsnames,0),0),"") -> 1990 | F34: 29 | I34: OB 2020 suppl.
B35: =B33+1 -> 16 | C35: 44562 | D35: Lening bank | E35: =IF($D35<>"",OFFSET(Grootboekrekeningen!$C$10,MATCH(D35,Accountsnames,0),0),"") -> 1810 | G35: 51500 | I35: Saldo lening bank
B36: =B34+1 -> 16 | C36: 44562 | D36: Vermogen begin jaar | E36: =IF($D36<>"",OFFSET(Grootboekrekeningen!$C$10,MATCH(D36,Accountsnames,0),0),"") -> 1990 | F36: 51500 | I36: Saldo lening bank
B37: =B35+1 -> 17 | C37: 44562 | D37: Stand FOR begin boekjaar | E37: =IF($D37<>"",OFFSET(Grootboekrekeningen!$C$10,MATCH(D37,Accountsnames,0),0),"") -> 1980 | G37: 2300 | I37: Stand FOR begin boekjaar
B38: =B36+1 -> 17 | C38: 44562 | D38: Vermogen begin jaar | E38: =IF($D38<>"",OFFSET(Grootboekrekeningen!$C$10,MATCH(D38,Accountsnames,0),0),"") -> 1990 | F38: 2300 | I38: Stand FOR begin boekjaar
B39: =B37+1 -> 18 | C39: 44565 | D39: Gas | E39: =IF($D39<>"",OFFSET(Grootboekrekeningen!$C$10,MATCH(D39,Accountsnames,0),0),"") -> 4710 | F39: 123.97 | I39: Gas voorschot Januari
B40: =B38+1 -> 18 | C40: 44565 | D40: Bank | E40: =IF($D40<>"",OFFSET(Grootboekrekeningen!$C$10,MATCH(D40,Accountsnames,0),0),"") -> 1020 | G40: 123.97 | I40: Gas voorschot Januari
B41: =B39+1 -> 19 | C41: 44565 | D41: Btw hoog te verrekenen | E41: =IF($D41<>"",OFFSET(Grootboekrekeningen!$C$10,MATCH(D41,Accountsnames,0),0),"") -> 1703 | F41: 26.03 | I41: Gas voorschot Januari
B42: =B40+1 -> 19 | C42: 44565 | D42: Bank | E42: =IF($D42<>"",OFFSET(Grootboekrekeningen!$C$10,MATCH(D42,Accountsnames,0),0),"") -> 1020 | G42: 26.03 | I42: Gas voorschot Januari
B43: =B41+1 -> 20 | C43: 44567 | D43: Kosten r.c. | E43: =IF($D43<>"",OFFSET(Grootboekrekeningen!$C$10,MATCH(D43,Accountsnames,0),0),"") -> 4800 | F43: 45.36 | I43: Kosten betalingsverkeer
B44: =B42+1 -> 20 | C44: 44567 | D44: Bank | E44: =IF($D44<>"",OFFSET(Grootboekrekeningen!$C$10,MATCH(D44,Accountsnames,0),0),"") -> 1020 | G44: 45.36 | I44: Kosten betalingsverkeer
B45: =B43+1 -> 21 | C45: 44570 | D45: Prive algemeen | E45: =IF($D45<>"",OFFSET(Grootboekrekeningen!$C$10,MATCH(D45,Accountsnames,0),0),"") -> 9000 | F45: 500 | I45: Prive opname
B46: =B44+1 -> 21 | C46: 44570 | D46: Bank | E46: =IF($D46<>"",OFFSET(Grootboekrekeningen!$C$10,MATCH(D46,Accountsnames,0),0),"") -> 1020 | G46: 500 | I46: Prive opname
B47: =B45+1 -> 22 | C47: 44572 | D47: Debiteuren | E47: =IF($D47<>"",OFFSET(Grootboekrekeningen!$C$10,MATCH(D47,Accountsnames,0),0),"") -> 1300 | G47: 60.97 | H47: Veilingbedrijf Aalsmeer | I47: Order 2311
B48: =B46+1 -> 22 | C48: 44572 | D48: Bank | E48: =IF($D48<>"",OFFSET(Grootboekrekeningen!$C$10,MATCH(D48,Accountsnames,0),0),"") -> 1020 | F48: 60.97 | I48: Order 2311
B49: =B47+1 -> 23 | C49: 44574 | D49: Bank | E49: =IF($D49<>"",OFFSET(Grootboekrekeningen!$C$10,MATCH(D49,Accountsnames,0),0),"") -> 1020 | G49: 250 | I49: Vattenfall
B50: =B48+1 -> 23 | C50: 44574 | D50: Crediteuren | E50: =IF($D50<>"",OFFSET(Grootboekrekeningen!$C$10,MATCH(D50,Accountsnames,0),0),"") -> 1600 | F50: 250 | H50: VattenFall | I50: Vattenfall
B51: =B49+1 -> 24 | C51: 44577 | D51: Prive algemeen | E51: =IF($D51<>"",OFFSET(Grootboekrekeningen!$C$10,MATCH(D51,Accountsnames,0),0),"") -> 9000 | F51: 500 | I51: Prive opname
B52: =B50+1 -> 24 | C52: 44577 | D52: Bank | E52: =IF($D52<>"",OFFSET(Grootboekrekeningen!$C$10,MATCH(D52,Accountsnames,0),0),"") -> 1020 | G52: 500 | I52: Prive opname
B53: =B51+1 -> 25 | C53: 44577 | D53: Kruisposten | E53: =IF($D53<>"",OFFSET(Grootboekrekeningen!$C$10,MATCH(D53,Accountsnames,0),0),"") -> 1090 | F53: 150 | I53: Van bank naar kas
B54: =B52+1 -> 25 | C54: 44577 | D54: Bank | E54: =IF($D54<>"",OFFSET(Grootboekrekeningen!$C$10,MATCH(D54,Accountsnames,0),0),"") -> 1020 | G54: 150 | I54: Van bank naar kas
B55: =B53+1 -> 26 | C55: 44579 | D55: Debiteuren | E55: =IF($D55<>"",OFFSET(Grootboekrekeningen!$C$10,MATCH(D55,Accountsnames,0),0),"") -> 1300 | G55: 5595.85 | H55: Electro World | I55: Order 2347
B56: =B54+1 -> 26 | C56: 44579 | D56: Bank | E56: =IF($D56<>"",OFFSET(Grootboekrekeningen!$C$10,MATCH(D56,Accountsnames,0),0),"") -> 1020 | F56: 5595.85 | I56: Order 2347
B57: =B55+1 -> 27 | C57: 44579 | D57: Debiteuren | E57: =IF($D57<>"",OFFSET(Grootboekrekeningen!$C$10,MATCH(D57,Accountsnames,0),0),"") -> 1300 | G57: 30.25 | H57: Mobile Sensation | I57: Order 2346
B58: =B56+1 -> 27 | C58: 44579 | D58: Bank | E58: =IF($D58<>"",OFFSET(Grootboekrekeningen!$C$10,MATCH(D58,Accountsnames,0),0),"") -> 1020 | F58: 30.25 | I58: Order 2346
B59: =B57+1 -> 28 | C59: 44580 | D59: Debiteuren | E59: =IF($D59<>"",OFFSET(Grootboekrekeningen!$C$10,MATCH(D59,Accountsnames,0),0),"") -> 1300 | G59: 340.12 | H59: SP-Expert | I59: Order 2348
B60: =B58+1 -> 28 | C60: 44580 | D60: Bank | E60: =IF($D60<>"",OFFSET(Grootboekrekeningen!$C$10,MATCH(D60,Accountsnames,0),0),"") -> 1020 | F60: 340.12 | I60: Order 2348
B61: =B59+1 -> 29 | C61: 44580 | D61: Crediteuren | E61: =IF($D61<>"",OFFSET(Grootboekrekeningen!$C$10,MATCH(D61,Accountsnames,0),0),"") -> 1600 | F61: 3000 | H61: Audiac bv | I61: Audiac bv fac. 5241
B62: =B60+1 -> 29 | C62: 44580 | D62: Bank | E62: =IF($D62<>"",OFFSET(Grootboekrekeningen!$C$10,MATCH(D62,Accountsnames,0),0),"") -> 1020 | G62: 3000 | I62: Audiac bv fac. 5241
B63: =B61+1 -> 30 | C63: 44580 | D63: Crediteuren | E63: =IF($D63<>"",OFFSET(Grootboekrekeningen!$C$10,MATCH(D63,Accountsnames,0),0),"") -> 1600 | F63: 60.65 | H63: Kamer van Koophandel | I63: Kamer van Koophandel
B64: =B62+1 -> 30 | C64: 44580 | D64: Bank | E64: =IF($D64<>"",OFFSET(Grootboekrekeningen!$C$10,MATCH(D64,Accountsnames,0),0),"") -> 1020 | G64: 60.65 | I64: Kamer van Koophandel
B65: =B63+1 -> 31 | C65: 44585 | D65: Prive algemeen | E65: =IF($D65<>"",OFFSET(Grootboekrekeningen!$C$10,MATCH(D65,Accountsnames,0),0),"") -> 9000 | F65: 500 | I65: Prive opname
B66: =B64+1 -> 31 | C66: 44585 | D66: Bank | E66: =IF($D66<>"",OFFSET(Grootboekrekeningen!$C$10,MATCH(D66,Accountsnames,0),0),"") -> 1020 | G66: 500 | I66: Prive opname
B67: =B65+1 -> 32 | C67: 44589 | D67: IB 2020 | E67: =IF($D67<>"",OFFSET(Grootboekrekeningen!$C$10,MATCH(D67,Accountsnames,0),0),"") -> 9020 | F67: 885 | I67: Inkomsten belasting aanslag
B68: =B66+1 -> 32 | C68: 44589 | D68: Bank | E68: =IF($D68<>"",OFFSET(Grootboekrekeningen!$C$10,MATCH(D68,Accountsnames,0),0),"") -> 1020 | G68: 885 | I68: Inkomsten belasting aanslag
B69: =B67+1 -> 33 | C69: 44589 | D69: OB 2020 kw.4 | E69: =IF($D69<>"",OFFSET(Grootboekrekeningen!$C$10,MATCH(D69,Accountsnames,0),0),"") -> 1650 | F69: 1410 | I69: BTW 4e kwartaal 2020
B70: =B68+1 -> 33 | C70: 44589 | D70: Bank | E70: =IF($D70<>"",OFFSET(Grootboekrekeningen!$C$10,MATCH(D70,Accountsnames,0),0),"") -> 1020 | G70: 1410 | I70: BTW 4e kwartaal 2020
B71: =B69+1 -> 34 | C71: 44589 | D71: Crediteuren | E71: =IF($D71<>"",OFFSET(Grootboekrekeningen!$C$10,MATCH(D71,Accountsnames,0),0),"") -> 1600 | F71: 2500 | H71: Miele Nederland bv | I71: Miele fact. 123456
B72: =B70+1 -> 34 | C72: 44589 | D72: Bank | E72: =IF($D72<>"",OFFSET(Grootboekrekeningen!$C$10,MATCH(D72,Accountsnames,0),0),"") -> 1020 | G72: 2500 | I72: Miele fact. 123456
B73: =B71+1 -> 35 | C73: 44589 | D73: Crediteuren | E73: =IF($D73<>"",OFFSET(Grootboekrekeningen!$C$10,MATCH(D73,Accountsnames,0),0),"") -> 1600 | F73: 237.25 | H73: KPN Telecom | I73: KPN Telecom
B74: =B72+1 -> 35 | C74: 44589 | D74: Bank | E74: =IF($D74<>"",OFFSET(Grootboekrekeningen!$C$10,MATCH(D74,Accountsnames,0),0),"") -> 1020 | G74: 237.25 | I74: KPN Telecom
B75: =B73+1 -> 36 | C75: 44590 | D75: Debiteuren | E75: =IF($D75<>"",OFFSET(Grootboekrekeningen!$C$10,MATCH(D75,Accountsnames,0),0),"") -> 1300 | G75: 1000 | H75: Elektro Internationaal bv | I75: Order 2345 (deelontvangst)
B76: =B74+1 -> 36 | C76: 44590 | D76: Bank | E76: =IF($D76<>"",OFFSET(Grootboekrekeningen!$C$10,MATCH(D76,Accountsnames,0),0),"") -> 1020 | F76: 1000 | I76: Order 2345 (deelontvangst)
B77: =B75+1 -> 37 | C77: 44592 | D77: Debiteuren | E77: =IF($D77<>"",OFFSET(Grootboekrekeningen!$C$10,MATCH(D77,Accountsnames,0),0),"") -> 1300 | G77: 426.28 | H77: Expert-Woerden | I77: Order 2315
B78: =B76+1 -> 37 | C78: 44592 | D78: Bank | E78: =IF($D78<>"",OFFSET(Grootboekrekeningen!$C$10,MATCH(D78,Accountsnames,0),0),"") -> 1020 | F78: 426.28 | I78: Order 2315
B79: =B77+1 -> 38 | C79: 44592 | D79: Debiteuren | E79: =IF($D79<>"",OFFSET(Grootboekrekeningen!$C$10,MATCH(D79,Accountsnames,0),0),"") -> 1300 | G79: 873.04 | H79: Expert van Opijnen | I79: Order 2310
B80: =B78+1 -> 38 | C80: 44592 | D80: Bank | E80: =IF($D80<>"",OFFSET(Grootboekrekeningen!$C$10,MATCH(D80,Accountsnames,0),0),"") -> 1020 | F80: 873.04 | I80: Order 2310
B81: =B79+1 -> 39 | C81: 44592 | D81: Lening bank | E81: =IF($D81<>"",OFFSET(Grootboekrekeningen!$C$10,MATCH(D81,Accountsnames,0),0),"") -> 1810 | F81: 500 | I81: Aflossing lening
B82: =B80+1 -> 39 | C82: 44592 | D82: Bank | E82: =IF($D82<>"",OFFSET(Grootboekrekeningen!$C$10,MATCH(D82,Accountsnames,0),0),"") -> 1020 | G82: 500 | I82: Aflossing lening
B83: =B81+1 -> 40 | C83: 44592 | D83: Rente lening | E83: =IF($D83<>"",OFFSET(Grootboekrekeningen!$C$10,MATCH(D83,Accountsnames,0),0),"") -> 4810 | F83: 171.33 | I83: Rente lening
B84: =B82+1 -> 40 | C84: 44592 | D84: Bank | E84: =IF($D84<>"",OFFSET(Grootboekrekeningen!$C$10,MATCH(D84,Accountsnames,0),0),"") -> 1020 | G84: 171.33 | I84: Rente lening
B85: =B83+1 -> 41 | C85: 44575 | D85: Crediteuren | E85: =IF($D85<>"",OFFSET(Grootboekrekeningen!$C$10,MATCH(D85,Accountsnames,0),0),"") -> 1600 | F85: 237.25 | H85: Viking Direct | I85: Viking fact. 12345
B86: =B84+1 -> 41 | C86: 44575 | D86: Creditcard | E86: =IF($D86<>"",OFFSET(Grootboekrekeningen!$C$10,MATCH(D86,Accountsnames,0),0),"") -> 1030 | G86: 237.25 | I86: Viking fact. 12345
B87: =B85+1 -> 42 | C87: 44575 | D87: Kosten r.c. | E87: =IF($D87<>"",OFFSET(Grootboekrekeningen!$C$10,MATCH(D87,Accountsnames,0),0),"") -> 4800 | F87: 5 | I87: Kosten rec. Courant Creditcard
B88: =B86+1 -> 42 | C88: 44575 | D88: Creditcard | E88: =IF($D88<>"",OFFSET(Grootboekrekeningen!$C$10,MATCH(D88,Accountsnames,0),0),"") -> 1030 | G88: 5 | I88: Kosten rec. Courant Creditcard
B89: =B87+1 -> 43 | C89: 44576 | D89: Debiteuren | E89: =IF($D89<>"",OFFSET(Grootboekrekeningen!$C$10,MATCH(D89,Accountsnames,0),0),"") -> 1300 | G89: 5632.23 | H89: Expert-Woerden | I89: Order 5252
B90: =B88+1 -> 43 | C90: 44576 | D90: Creditcard | E90: =IF($D90<>"",OFFSET(Grootboekrekeningen!$C$10,MATCH(D90,Accountsnames,0),0),"") -> 1030 | F90: 5632.23 | I90: Order 5252
B91: =B89+1 -> 44 | C91: 44577 | D91: Prive algemeen | E91: =IF($D91<>"",OFFSET(Grootboekrekeningen!$C$10,MATCH(D91,Accountsnames,0),0),"") -> 9000 | F91: 500 | I91: Geldopname prive
B92: =B90+1 -> 44 | C92: 44577 | D92: Creditcard | E92: =IF($D92<>"",OFFSET(Grootboekrekeningen!$C$10,MATCH(D92,Accountsnames,0),0),"") -> 1030 | G92: 500 | I92: Geldopname prive
B93: =B91+1 -> 45 | C93: 44579 | D93: Crediteuren | E93: =IF($D93<>"",OFFSET(Grootboekrekeningen!$C$10,MATCH(D93,Accountsnames,0),0),"") -> 1600 | F93: 3886.25 | H93: Audiac bv | I93: Audiac fact.56894
B94: =B92+1 -> 45 | C94: 44579 | D94: Creditcard | E94: =IF($D94<>"",OFFSET(Grootboekrekeningen!$C$10,MATCH(D94,Accountsnames,0),0),"") -> 1030 | G94: 3886.25 | I94: Audiac fact.56894
B95: =B93+1 -> 46 | C95: 44580 | D95: Debiteuren | E95: =IF($D95<>"",OFFSET(Grootboekrekeningen!$C$10,MATCH(D95,Accountsnames,0),0),"") -> 1300 | G95: 3846.85 | H95: Radio TV en Wasautomaten | I95: Order 5184
B96: =B94+1 -> 46 | C96: 44580 | D96: Creditcard | E96: =IF($D96<>"",OFFSET(Grootboekrekeningen!$C$10,MATCH(D96,Accountsnames,0),0),"") -> 1030 | F96: 3846.85 | I96: Order 5184
B97: =B95+1 -> 47 | C97: 44582 | D97: Crediteuren | E97: =IF($D97<>"",OFFSET(Grootboekrekeningen!$C$10,MATCH(D97,Accountsnames,0),0),"") -> 1600 | F97: 4606.69 | H97: Miele Nederland bv | I97: Miele fact. 58952
B98: =B96+1 -> 47 | C98: 44582 | D98: Creditcard | E98: =IF($D98<>"",OFFSET(Grootboekrekeningen!$C$10,MATCH(D98,Accountsnames,0),0),"") -> 1030 | G98: 4606.69 | I98: Miele fact. 58952
B99: =B97+1 -> 48 | C99: 44584 | D99: Prive algemeen | E99: =IF($D99<>"",OFFSET(Grootboekrekeningen!$C$10,MATCH(D99,Accountsnames,0),0),"") -> 9000 | F99: 250 | I99: Geldopname prive
B100: =B98+1 -> 48 | C100: 44584 | D100: Creditcard | E100: =IF($D100<>"",OFFSET(Grootboekrekeningen!$C$10,MATCH(D100,Accountsnames,0),0),"") -> 1030 | G100: 250 | I100: Geldopname prive
B101: =B99+1 -> 49 | C101: 44586 | D101: Debiteuren | E101: =IF($D101<>"",OFFSET(Grootboekrekeningen!$C$10,MATCH(D101,Accountsnames,0),0),"") -> 1300 | G101: 1000 | H101: Elektro Internationaal bv | I101: Order 2345 (deelontvangst)
...

Sheet Grootboek
B2: Grootboek
D3: Rekening | E3: Rekeningnummer
B4: Kies rekening > > > > > > | D4: Bank | E4: =IF($D4<>"",OFFSET(Grootboekrekeningen!$C$10,MATCH($D$4,Accountsnames,0),0),"") -> 1020 | H4: Verschil
E5: Totaal | F5: =SUM(F7:F500) -> 13789.51 | G5: =SUM(G7:G500) -> 10859.59 | H5: =F5-G5 -> 2929.92
A6: Naam | B6: Nr | C6: Datum | D6: Rekening | E6: Rekeningnummer | F6: Debet | G6: Credit | H6: Naam | I6: Omschrijving
A7: =MATCH($E$4,OFFSET(Journaal!$E$5,,,Journaal!$D$3),0) -> 11 | B7: =IF(ISERROR($A7)=TRUE,"",OFFSET(Journaal!B$4,$A7,0)) -> 6 | C7: =IF(ISERROR($A7)=TRUE,"",OFFSET(Journaal!C$4,$A7,0)+0) -> 44562 | D7: =IF(ISERROR($A7)=TRUE,"",OFFSET(Journaal!D$4,$A7,0)) -> Bank | E7: =IF(ISERROR($A7)=TRUE,"",OFFSET(Journaal!E$4,$A7,0)) -> 1020 | F7: =IF(ISERROR($A7)=TRUE,"",OFFSET(Journaal!F$4,$A7,0)) -> 5463 | G7: =IF(ISERROR($A7)=TRUE,"",OFFSET(Journaal!G$4,$A7,0)) -> 0 | H7: =IF(ISERROR($J7)=TRUE,"",IF(OR($E7=1300,$E7=1600),OFFSET(Journaal!H$4,$J7,0),"")) | I7: =IF(ISERROR($A7)=TRUE,"",IF(OFFSET(Journaal!I$4,$A7,0)=0,"",OFFSET(Journaal!I$4,$A7,0))) -> Bank begin boekjaar | J7: =MATCH($E$4,OFFSET(Journaal!$E$5,0,0,Journaal!$D$3,1),0) -> 11
A8: =MATCH($E$4,OFFSET(OFFSET(Journaal!$E$5,A7,0),,,Journaal!$D$3-A7),0)+A7 -> 36 | B8: =IF(ISERROR($A8)=TRUE,"",OFFSET(Journaal!B$4,$A8,0)) -> 18 | C8: =IF(ISERROR($A8)=TRUE,"",OFFSET(Journaal!C$4,$A8,0)+0) -> 44565 | D8: =IF(ISERROR($A8)=TRUE,"",OFFSET(Journaal!D$4,$A8,0)) -> Bank | E8: =IF(ISERROR($A8)=TRUE,"",OFFSET(Journaal!E$4,$A8,0)) -> 1020 | F8: =IF(ISERROR($A8)=TRUE,"",OFFSET(Journaal!F$4,$A8,0)) -> 0 | G8: =IF(ISERROR($A8)=TRUE,"",OFFSET(Journaal!G$4,$A8,0)) -> 123.97 | H8: =IF(ISERROR($J8)=TRUE,"",IF(OR($E8=1300,$E8=1600),OFFSET(Journaal!H$4,$J8,0),"")) | I8: =IF(ISERROR($A8)=TRUE,"",IF(OFFSET(Journaal!I$4,$A8,0)=0,"",OFFSET(Journaal!I$4,$A8,0))) -> Gas voorschot Januari | J8: =MATCH($E$4,OFFSET(Journaal!$E$5,J7,0,Journaal!$D$3,1),0)+J7 -> 36
A9: =MATCH($E$4,OFFSET(OFFSET(Journaal!$E$5,A8,0),,,Journaal!$D$3-A8),0)+A8 -> 38 | B9: =IF(ISERROR($A9)=TRUE,"",OFFSET(Journaal!B$4,$A9,0)) -> 19 | C9: =IF(ISERROR($A9)=TRUE,"",OFFSET(Journaal!C$4,$A9,0)+0) -> 44565 | D9: =IF(ISERROR($A9)=TRUE,"",OFFSET(Journaal!D$4,$A9,0)) -> Bank | E9: =IF(ISERROR($A9)=TRUE,"",OFFSET(Journaal!E$4,$A9,0)) -> 1020 | F9: =IF(ISERROR($A9)=TRUE,"",OFFSET(Journaal!F$4,$A9,0)) -> 0 | G9: =IF(ISERROR($A9)=TRUE,"",OFFSET(Journaal!G$4,$A9,0)) -> 26.03 | H9: =IF(ISERROR($J9)=TRUE,"",IF(OR($E9=1300,$E9=1600),OFFSET(Journaal!H$4,$J9,0),"")) | I9: =IF(ISERROR($A9)=TRUE,"",IF(OFFSET(Journaal!I$4,$A9,0)=0,"",OFFSET(Journaal!I$4,$A9,0))) -> Gas voorschot Januari | J9: =MATCH($E$4,OFFSET(Journaal!$E$5,J8,0,Journaal!$D$3,1),0)+J8 -> 38
A10: =MATCH($E$4,OFFSET(OFFSET(Journaal!$E$5,A9,0),,,Journaal!$D$3-A9),0)+A9 -> 40 | B10: =IF(ISERROR($A10)=TRUE,"",OFFSET(Journaal!B$4,$A10,0)) -> 20 | C10: =IF(ISERROR($A10)=TRUE,"",OFFSET(Journaal!C$4,$A10,0)+0) -> 44567 | D10: =IF(ISERROR($A10)=TRUE,"",OFFSET(Journaal!D$4,$A10,0)) -> Bank | E10: =IF(ISERROR($A10)=TRUE,"",OFFSET(Journaal!E$4,$A10,0)) -> 1020 | F10: =IF(ISERROR($A10)=TRUE,"",OFFSET(Journaal!F$4,$A10,0)) -> 0 | G10: =IF(ISERROR($A10)=TRUE,"",OFFSET(Journaal!G$4,$A10,0)) -> 45.36 | H10: =IF(ISERROR($J10)=TRUE,"",IF(OR($E10=1300,$E10=1600),OFFSET(Journaal!H$4,$J10,0),"")) | I10: =IF(ISERROR($A10)=TRUE,"",IF(OFFSET(Journaal!I$4,$A10,0)=0,"",OFFSET(Journaal!I$4,$A10,0))) -> Kosten betalingsverkeer | J10: =MATCH($E$4,OFFSET(Journaal!$E$5,J9,0,Journaal!$D$3,1),0)+J9 -> 40
A11: =MATCH($E$4,OFFSET(OFFSET(Journaal!$E$5,A10,0),,,Journaal!$D$3-A10),0)+A10 -> 42 | B11: =IF(ISERROR($A11)=TRUE,"",OFFSET(Journaal!B$4,$A11,0)) -> 21 | C11: =IF(ISERROR($A11)=TRUE,"",OFFSET(Journaal!C$4,$A11,0)+0) -> 44570 | D11: =IF(ISERROR($A11)=TRUE,"",OFFSET(Journaal!D$4,$A11,0)) -> Bank | E11: =IF(ISERROR($A11)=TRUE,"",OFFSET(Journaal!E$4,$A11,0)) -> 1020 | F11: =IF(ISERROR($A11)=TRUE,"",OFFSET(Journaal!F$4,$A11,0)) -> 0 | G11: =IF(ISERROR($A11)=TRUE,"",OFFSET(Journaal!G$4,$A11,0)) -> 500 | H11: =IF(ISERROR($J11)=TRUE,"",IF(OR($E11=1300,$E11=1600),OFFSET(Journaal!H$4,$J11,0),"")) | I11: =IF(ISERROR($A11)=TRUE,"",IF(OFFSET(Journaal!I$4,$A11,0)=0,"",OFFSET(Journaal!I$4,$A11,0))) -> Prive opname | J11: =MATCH($E$4,OFFSET(Journaal!$E$5,J10,0,Journaal!$D$3,1),0)+J10 -> 42
A12: =MATCH($E$4,OFFSET(OFFSET(Journaal!$E$5,A11,0),,,Journaal!$D$3-A11),0)+A11 -> 44 | B12: =IF(ISERROR($A12)=TRUE,"",OFFSET(Journaal!B$4,$A12,0)) -> 22 | C12: =IF(ISERROR($A12)=TRUE,"",OFFSET(Journaal!C$4,$A12,0)+0) -> 44572 | D12: =IF(ISERROR($A12)=TRUE,"",OFFSET(Journaal!D$4,$A12,0)) -> Bank | E12: =IF(ISERROR($A12)=TRUE,"",OFFSET(Journaal!E$4,$A12,0)) -> 1020 | F12: =IF(ISERROR($A12)=TRUE,"",OFFSET(Journaal!F$4,$A12,0)) -> 60.97 | G12: =IF(ISERROR($A12)=TRUE,"",OFFSET(Journaal!G$4,$A12,0)) -> 0 | H12: =IF(ISERROR($J12)=TRUE,"",IF(OR($E12=1300,$E12=1600),OFFSET(Journaal!H$4,$J12,0),"")) | I12: =IF(ISERROR($A12)=TRUE,"",IF(OFFSET(Journaal!I$4,$A12,0)=0,"",OFFSET(Journaal!I$4,$A12,0))) -> Order 2311 | J12: =MATCH($E$4,OFFSET(Journaal!$E$5,J11,0,Journaal!$D$3,1),0)+J11 -> 44
A13: =MATCH($E$4,OFFSET(OFFSET(Journaal!$E$5,A12,0),,,Journaal!$D$3-A12),0)+A12 -> 45 | B13: =IF(ISERROR($A13)=TRUE,"",OFFSET(Journaal!B$4,$A13,0)) -> 23 | C13: =IF(ISERROR($A13)=TRUE,"",OFFSET(Journaal!C$4,$A13,0)+0) -> 44574 | D13: =IF(ISERROR($A13)=TRUE,"",OFFSET(Journaal!D$4,$A13,0)) -> Bank | E13: =IF(ISERROR($A13)=TRUE,"",OFFSET(Journaal!E$4,$A13,0)) -> 1020 | F13: =IF(ISERROR($A13)=TRUE,"",OFFSET(Journaal!F$4,$A13,0)) -> 0 | G13: =IF(ISERROR($A13)=TRUE,"",OFFSET(Journaal!G$4,$A13,0)) -> 250 | H13: =IF(ISERROR($J13)=TRUE,"",IF(OR($E13=1300,$E13=1600),OFFSET(Journaal!H$4,$J13,0),"")) | I13: =IF(ISERROR($A13)=TRUE,"",IF(OFFSET(Journaal!I$4,$A13,0)=0,"",OFFSET(Journaal!I$4,$A13,0))) -> Vattenfall | J13: =MATCH($E$4,OFFSET(Journaal!$E$5,J12,0,Journaal!$D$3,1),0)+J12 -> 45
A14: =MATCH($E$4,OFFSET(OFFSET(Journaal!$E$5,A13,0),,,Journaal!$D$3-A13),0)+A13 -> 48 | B14: =IF(ISERROR($A14)=TRUE,"",OFFSET(Journaal!B$4,$A14,0)) -> 24 | C14: =IF(ISERROR($A14)=TRUE,"",OFFSET(Journaal!C$4,$A14,0)+0) -> 44577 | D14: =IF(ISERROR($A14)=TRUE,"",OFFSET(Journaal!D$4,$A14,0)) -> Bank | E14: =IF(ISERROR($A14)=TRUE,"",OFFSET(Journaal!E$4,$A14,0)) -> 1020 | F14: =IF(ISERROR($A14)=TRUE,"",OFFSET(Journaal!F$4,$A14,0)) -> 0 | G14: =IF(ISERROR($A14)=TRUE,"",OFFSET(Journaal!G$4,$A14,0)) -> 500 | H14: =IF(ISERROR($J14)=TRUE,"",IF(OR($E14=1300,$E14=1600),OFFSET(Journaal!H$4,$J14,0),"")) | I14: =IF(ISERROR($A14)=TRUE,"",IF(OFFSET(Journaal!I$4,$A14,0)=0,"",OFFSET(Journaal!I$4,$A14,0))) -> Prive opname | J14: =MATCH($E$4,OFFSET(Journaal!$E$5,J13,0,Journaal!$D$3,1),0)+J13 -> 48
A15: =MATCH($E$4,OFFSET(OFFSET(Journaal!$E$5,A14,0),,,Journaal!$D$3-A14),0)+A14 -> 50 | B15: =IF(ISERROR($A15)=TRUE,"",OFFSET(Journaal!B$4,$A15,0)) -> 25 | C15: =IF(ISERROR($A15)=TRUE,"",OFFSET(Journaal!C$4,$A15,0)+0) -> 44577 | D15: =IF(ISERROR($A15)=TRUE,"",OFFSET(Journaal!D$4,$A15,0)) -> Bank | E15: =IF(ISERROR($A15)=TRUE,"",OFFSET(Journaal!E$4,$A15,0)) -> 1020 | F15: =IF(ISERROR($A15)=TRUE,"",OFFSET(Journaal!F$4,$A15,0)) -> 0 | G15: =IF(ISERROR($A15)=TRUE,"",OFFSET(Journaal!G$4,$A15,0)) -> 150 | H15: =IF(ISERROR($J15)=TRUE,"",IF(OR($E15=1300,$E15=1600),OFFSET(Journaal!H$4,$J15,0),"")) | I15: =IF(ISERROR($A15)=TRUE,"",IF(OFFSET(Journaal!I$4,$A15,0)=0,"",OFFSET(Journaal!I$4,$A15,0))) -> Van bank naar kas | J15: =MATCH($E$4,OFFSET(Journaal!$E$5,J14,0,Journaal!$D$3,1),0)+J14 -> 50
A16: =MATCH($E$4,OFFSET(OFFSET(Journaal!$E$5,A15,0),,,Journaal!$D$3-A15),0)+A15 -> 52 | B16: =IF(ISERROR($A16)=TRUE,"",OFFSET(Journaal!B$4,$A16,0)) -> 26 | C16: =IF(ISERROR($A16)=TRUE,"",OFFSET(Journaal!C$4,$A16,0)+0) -> 44579 | D16: =IF(ISERROR($A16)=TRUE,"",OFFSET(Journaal!D$4,$A16,0)) -> Bank | E16: =IF(ISERROR($A16)=TRUE,"",OFFSET(Journaal!E$4,$A16,0)) -> 1020 | F16: =IF(ISERROR($A16)=TRUE,"",OFFSET(Journaal!F$4,$A16,0)) -> 5595.85 | G16: =IF(ISERROR($A16)=TRUE,"",OFFSET(Journaal!G$4,$A16,0)) -> 0 | H16: =IF(ISERROR($J16)=TRUE,"",IF(OR($E16=1300,$E16=1600),OFFSET(Journaal!H$4,$J16,0),"")) | I16: =IF(ISERROR($A16)=TRUE,"",IF(OFFSET(Journaal!I$4,$A16,0)=0,"",OFFSET(Journaal!I$4,$A16,0))) -> Order 2347 | J16: =MATCH($E$4,OFFSET(Journaal!$E$5,J15,0,Journaal!$D$3,1),0)+J15 -> 52
A17: =MATCH($E$4,OFFSET(OFFSET(Journaal!$E$5,A16,0),,,Journaal!$D$3-A16),0)+A16 -> 54 | B17: =IF(ISERROR($A17)=TRUE,"",OFFSET(Journaal!B$4,$A17,0)) -> 27 | C17: =IF(ISERROR($A17)=TRUE,"",OFFSET(Journaal!C$4,$A17,0)+0) -> 44579 | D17: =IF(ISERROR($A17)=TRUE,"",OFFSET(Journaal!D$4,$A17,0)) -> Bank | E17: =IF(ISERROR($A17)=TRUE,"",OFFSET(Journaal!E$4,$A17,0)) -> 1020 | F17: =IF(ISERROR($A17)=TRUE,"",OFFSET(Journaal!F$4,$A17,0)) -> 30.25 | G17: =IF(ISERROR($A17)=TRUE,"",OFFSET(Journaal!G$4,$A17,0)) -> 0 | H17: =IF(ISERROR($J17)=TRUE,"",IF(OR($E17=1300,$E17=1600),OFFSET(Journaal!H$4,$J17,0),"")) | I17: =IF(ISERROR($A17)=TRUE,"",IF(OFFSET(Journaal!I$4,$A17,0)=0,"",OFFSET(Journaal!I$4,$A17,0))) -> Order 2346 | J17: =MATCH($E$4,OFFSET(Journaal!$E$5,J16,0,Journaal!$D$3,1),0)+J16 -> 54
A18: =MATCH($E$4,OFFSET(OFFSET(Journaal!$E$5,A17,0),,,Journaal!$D$3-A17),0)+A17 -> 56 | B18: =IF(ISERROR($A18)=TRUE,"",OFFSET(Journaal!B$4,$A18,0)) -> 28 | C18: =IF(ISERROR($A18)=TRUE,"",OFFSET(Journaal!C$4,$A18,0)+0) -> 44580 | D18: =IF(ISERROR($A18)=TRUE,"",OFFSET(Journaal!D$4,$A18,0)) -> Bank | E18: =IF(ISERROR($A18)=TRUE,"",OFFSET(Journaal!E$4,$A18,0)) -> 1020 | F18: =IF(ISERROR($A18)=TRUE,"",OFFSET(Journaal!F$4,$A18,0)) -> 340.12 | G18: =IF(ISERROR($A18)=TRUE,"",OFFSET(Journaal!G$4,$A18,0)) -> 0 | H18: =IF(ISERROR($J18)=TRUE,"",IF(OR($E18=1300,$E18=1600),OFFSET(Journaal!H$4,$J18,0),"")) | I18: =IF(ISERROR($A18)=TRUE,"",IF(OFFSET(Journaal!I$4,$A18,0)=0,"",OFFSET(Journaal!I$4,$A18,0))) -> Order 2348 | J18: =MATCH($E$4,OFFSET(Journaal!$E$5,J17,0,Journaal!$D$3,1),0)+J17 -> 56
A19: =MATCH($E$4,OFFSET(OFFSET(Journaal!$E$5,A18,0),,,Journaal!$D$3-A18),0)+A18 -> 58 | B19: =IF(ISERROR($A19)=TRUE,"",OFFSET(Journaal!B$4,$A19,0)) -> 29 | C19: =IF(ISERROR($A19)=TRUE,"",OFFSET(Journaal!C$4,$A19,0)+0) -> 44580 | D19: =IF(ISERROR($A19)=TRUE,"",OFFSET(Journaal!D$4,$A19,0)) -> Bank | E19: =IF(ISERROR($A19)=TRUE,"",OFFSET(Journaal!E$4,$A19,0)) -> 1020 | F19: =IF(ISERROR($A19)=TRUE,"",OFFSET(Journaal!F$4,$A19,0)) -> 0 | G19: =IF(ISERROR($A19)=TRUE,"",OFFSET(Journaal!G$4,$A19,0)) -> 3000 | H19: =IF(ISERROR($J19)=TRUE,"",IF(OR($E19=1300,$E19=1600),OFFSET(Journaal!H$4,$J19,0),"")) | I19: =IF(ISERROR($A19)=TRUE,"",IF(OFFSET(Journaal!I$4,$A19,0)=0,"",OFFSET(Journaal!I$4,$A19,0))) -> Audiac bv fac. 5241 | J19: =MATCH($E$4,OFFSET(Journaal!$E$5,J18,0,Journaal!$D$3,1),0)+J18 -> 58
... A1000: =MATCH($E$4,OFFSET(OFFSET(Journaal!$E$5,A999,0),,,Journaal!$D$3-A999),0)+A999 -> #N/A | B1000: =IF(ISERROR($A1000)=TRUE,"",OFFSET(Journaal!B$4,$A1000,0)) | C1000: =IF(ISERROR($A1000)=TRUE,"",OFFSET(Journaal!C$4,$A1000,0)+0) | D1000: =IF(ISERROR($A1000)=TRUE,"",OFFSET(Journaal!D$4,$A1000,0)) | E1000: =IF(ISERROR($A1000)=TRUE,"",OFFSET(Journaal!E$4,$A1000,0)) | F1000: =IF(ISERROR($A1000)=TRUE,"",OFFSET(Journaal!F$4,$A1000,0)) | G1000: =IF(ISERROR($A1000)=TRUE,"",OFFSET(Journaal!G$4,$A1000,0)) | H1000: =IF(ISERROR($J1000)=TRUE,"",IF(OR($E1000=1300,$E1000=1600),OFFSET(Journaal!H$4,$J1000,0),"")) | I1000: =IF(ISERROR($A1000)=TRUE,"",IF(OFFSET(Journaal!I$4,$A1000,0)=0,"",OFFSET(Journaal!I$4,$A1000,0))) | J1000: =MATCH($E$4,OFFSET(Journaal!$E$5,J999,0,Journaal!$D$3,1),0)+J999 -> #N/A
A1001: =MATCH($E$4,OFFSET(OFFSET(Journaal!$E$5,A1000,0),,,Journaal!$D$3-A1000),0)+A1000 -> #N/A
A1002: =MATCH($E$4,OFFSET(OFFSET(Journaal!$E$5,A1001,0),,,Journaal!$D$3-A1001),0)+A1001 -> #N/A
A1003: =MATCH($E$4,OFFSET(OFFSET(Journaal!$E$5,A1002,0),,,Journaal!$D$3-A1002),0)+A1002 -> #N/A
A1004: =MATCH($E$4,OFFSET(OFFSET(Journaal!$E$5,A1003,0),,,Journaal!$D$3-A1003),0)+A1003 -> #N/A
A1005: =MATCH($E$4,OFFSET(OFFSET(Journaal!$E$5,A1004,0),,,Journaal!$D$3-A1004),0)+A1004 -> #N/A
A1006: =MATCH($E$4,OFFSET(OFFSET(Journaal!$E$5,A1005,0),,,Journaal!$D$3-A1005),0)+A1005 -> #N/A
A1007: =MATCH($E$4,OFFSET(OFFSET(Journaal!$E$5,A1006,0),,,Journaal!$D$3-A1006),0)+A1006 -> #N/A
A1008: =MATCH($E$4,OFFSET(OFFSET(Journaal!$E$5,A1007,0),,,Journaal!$D$3-A1007),0)+A1007 -> #N/A
A1009: =MATCH($E$4,OFFSET(OFFSET(Journaal!$E$5,A1008,0),,,Journaal!$D$3-A1008),0)+A1008 -> #N/A
A1010: =MATCH($E$4,OFFSET(OFFSET(Journaal!$E$5,A1009,0),,,Journaal!$D$3-A1009),0)+A1009 -> #N/A
A1011: =MATCH($E$4,OFFSET(OFFSET(Journaal!$E$5,A1010,0),,,Journaal!$D$3-A1010),0)+A1010 -> #N/A
A1012: =MATCH($E$4,OFFSET(OFFSET(Journaal!$E$5,A1011,0),,,Journaal!$D$3-A1011),0)+A1011 -> #N/A
... A65536: =MATCH($E$4,OFFSET(OFFSET(Journaal!$E$5,A65535,0),,,Journaal!$D$3-A65535),0)+A65535 -> #N/A

Sheet Winst-en-Verlies
D1: Winst- en Verliesrekening | G1: Totaal | I1: =SUM(I4:I62) -> 345.66 | J1: =SUM(J4:J62) -> 0
A2: Kosten | B2: Opbrengsten | J2: =I65-J65 -> 345.66 | K2: =IF(J2>=I2,"Winst :o)","Verlies :o(") -> Winst :o)
D3: Rekening | E3: Rekeningnummer | F3: Debet | G3: Credit | I3: Debet | J3: Credit
A4: =MATCH(A$2,AccountsGroup,0) -> 27 | B4: =MATCH(B$2,AccountsGroup,0) -> 87 | C4: =MIN(MATCH($A$2,AccountsGroup,0),MATCH($B$2,AccountsGroup,0)) -> 27 | D4: =IF(OFFSET(Accountsnames,C4-1,0,1,1)=0,"",OFFSET(Accountsnames,C4-1,0,1,1)) -> Loonkosten | E4: =IF(OFFSET(AccountsNumbers,C4-1,0,1,1)=0,"",OFFSET(AccountsNumbers,C4-1,0,1,1)) -> 4100 | F4: =SUMPRODUCT((Journaal!$E$5:$E$500=$E4)*(Journaal!$F$5:$F$500)) -> 0 | G4: =SUMPRODUCT((Journaal!$E$5:$E$500=$E4)*(Journaal!$G$5:$G$500)) -> 0 | I4: =IF(F4-G4>0,F4-G4,0) -> 0 | J4: =IF(G4-F4>0,G4-F4,0) -> 0
A5: =IF(ISERROR(MATCH(A$2,OFFSET(AccountsGroup,$C4,0),0))=TRUE,ROWS(AccountsGroup),MATCH(A$2,OFFSET(AccountsGroup,$C4,0),0)) -> 1 | B5: =IF(ISERROR(MATCH(B$2,OFFSET(AccountsGroup,$C4,0),0))=TRUE,ROWS(AccountsGroup),MATCH(B$2,OFFSET(AccountsGroup,$C4,0),0)) -> 60 | C5: =MIN(A5,B5)+C4 -> 28 | D5: =IF(OFFSET(Accountsnames,C5-1,0,1,1)=0,"",OFFSET(Accountsnames,C5-1,0,1,1)) -> Gereedschapskosten | E5: =IF(OFFSET(AccountsNumbers,C5-1,0,1,1)=0,"",OFFSET(AccountsNumbers,C5-1,0,1,1)) -> 4200 | F5: =SUMPRODUCT((Journaal!$E$5:$E$500=$E5)*(Journaal!$F$5:$F$500)) -> 0 | G5: =SUMPRODUCT((Journaal!$E$5:$E$500=$E5)*(Journaal!$G$5:$G$500)) -> 0 | I5: =IF(F5-G5>0,F5-G5,0) -> 0 | J5: =IF(G5-F5>0,G5-F5,0) -> 0
A6: =IF(ISERROR(MATCH(A$2,OFFSET(AccountsGroup,$C5,0),0))=TRUE,ROWS(AccountsGroup),MATCH(A$2,OFFSET(AccountsGroup,$C5,0),0)) -> 1 | B6: =IF(ISERROR(MATCH(B$2,OFFSET(AccountsGroup,$C5,0),0))=TRUE,ROWS(AccountsGroup),MATCH(B$2,OFFSET(AccountsGroup,$C5,0),0)) -> 59 | C6: =MIN(A6,B6)+C5 -> 29 | D6: =IF(OFFSET(Accountsnames,C6-1,0,1,1)=0,"",OFFSET(Accountsnames,C6-1,0,1,1)) -> Auto onderhoud | E6: =IF(OFFSET(AccountsNumbers,C6-1,0,1,1)=0,"",OFFSET(AccountsNumbers,C6-1,0,1,1)) -> 4230 | F6: =SUMPRODUCT((Journaal!$E$5:$E$500=$E6)*(Journaal!$F$5:$F$500)) -> 0 | G6: =SUMPRODUCT((Journaal!$E$5:$E$500=$E6)*(Journaal!$G$5:$G$500)) -> 0 | I6: =IF(F6-G6>0,F6-G6,0) -> 0 | J6: =IF(G6-F6>0,G6-F6,0) -> 0
A7: =IF(ISERROR(MATCH(A$2,OFFSET(AccountsGroup,$C6,0),0))=TRUE,ROWS(AccountsGroup),MATCH(A$2,OFFSET(AccountsGroup,$C6,0),0)) -> 1 | B7: =IF(ISERROR(MATCH(B$2,OFFSET(AccountsGroup,$C6,0),0))=TRUE,ROWS(AccountsGroup),MATCH(B$2,OFFSET(AccountsGroup,$C6,0),0)) -> 58 | C7: =MIN(A7,B7)+C6 -> 30 | D7: =IF(OFFSET(Accountsnames,C7-1,0,1,1)=0,"",OFFSET(Accountsnames,C7-1,0,1,1)) -> Auto brandstof | E7: =IF(OFFSET(AccountsNumbers,C7-1,0,1,1)=0,"",OFFSET(AccountsNumbers,C7-1,0,1,1)) -> 4231 | F7: =SUMPRODUCT((Journaal!$E$5:$E$500=$E7)*(Journaal!$F$5:$F$500)) -> 0 | G7: =SUMPRODUCT((Journaal!$E$5:$E$500=$E7)*(Journaal!$G$5:$G$500)) -> 0 | I7: =IF(F7-G7>0,F7-G7,0) -> 0 | J7: =IF(G7-F7>0,G7-F7,0) -> 0
A8: =IF(ISERROR(MATCH(A$2,OFFSET(AccountsGroup,$C7,0),0))=TRUE,ROWS(AccountsGroup),MATCH(A$2,OFFSET(AccountsGroup,$C7,0),0)) -> 1 | B8: =IF(ISERROR(MATCH(B$2,OFFSET(AccountsGroup,$C7,0),0))=TRUE,ROWS(AccountsGroup),MATCH(B$2,OFFSET(AccountsGroup,$C7,0),0)) -> 57 | C8: =MIN(A8,B8)+C7 -> 31 | D8: =IF(OFFSET(Accountsnames,C8-1,0,1,1)=0,"",OFFSET(Accountsnames,C8-1,0,1,1)) -> Auto verzekering | E8: =IF(OFFSET(AccountsNumbers,C8-1,0,1,1)=0,"",OFFSET(AccountsNumbers,C8-1,0,1,1)) -> 4232 | F8: =SUMPRODUCT((Journaal!$E$5:$E$500=$E8)*(Journaal!$F$5:$F$500)) -> 0 | G8: =SUMPRODUCT((Journaal!$E$5:$E$500=$E8)*(Journaal!$G$5:$G$500)) -> 0 | I8: =IF(F8-G8>0,F8-G8,0) -> 0 | J8: =IF(G8-F8>0,G8-F8,0) -> 0
A9: =IF(ISERROR(MATCH(A$2,OFFSET(AccountsGroup,$C8,0),0))=TRUE,ROWS(AccountsGroup),MATCH(A$2,OFFSET(AccountsGroup,$C8,0),0)) -> 1 | B9: =IF(ISERROR(MATCH(B$2,OFFSET(AccountsGroup,$C8,0),0))=TRUE,ROWS(AccountsGroup),MATCH(B$2,OFFSET(AccountsGroup,$C8,0),0)) -> 56 | C9: =MIN(A9,B9)+C8 -> 32 | D9: =IF(OFFSET(Accountsnames,C9-1,0,1,1)=0,"",OFFSET(Accountsnames,C9-1,0,1,1)) -> Auto belasting | E9: =IF(OFFSET(AccountsNumbers,C9-1,0,1,1)=0,"",OFFSET(AccountsNumbers,C9-1,0,1,1)) -> 4233 | F9: =SUMPRODUCT((Journaal!$E$5:$E$500=$E9)*(Journaal!$F$5:$F$500)) -> 0 | G9: =SUMPRODUCT((Journaal!$E$5:$E$500=$E9)*(Journaal!$G$5:$G$500)) -> 0 | I9: =IF(F9-G9>0,F9-G9,0) -> 0 | J9: =IF(G9-F9>0,G9-F9,0) -> 0
A10: =IF(ISERROR(MATCH(A$2,OFFSET(AccountsGroup,$C9,0),0))=TRUE,ROWS(AccountsGroup),MATCH(A$2,OFFSET(AccountsGroup,$C9,0),0)) -> 1 | B10: =IF(ISERROR(MATCH(B$2,OFFSET(AccountsGroup,$C9,0),0))=TRUE,ROWS(AccountsGroup),MATCH(B$2,OFFSET(AccountsGroup,$C9,0),0)) -> 55 | C10: =MIN(A10,B10)+C9 -> 33 | D10: =IF(OFFSET(Accountsnames,C10-1,0,1,1)=0,"",OFFSET(Accountsnames,C10-1,0,1,1)) -> Auto overige kosten | E10: =IF(OFFSET(AccountsNumbers,C10-1,0,1,1)=0,"",OFFSET(AccountsNumbers,C10-1,0,1,1)) -> 4235 | F10: =SUMPRODUCT((Journaal!$E$5:$E$500=$E10)*(Journaal!$F$5:$F$500)) -> 0 | G10: =SUMPRODUCT((Journaal!$E$5:$E$500=$E10)*(Journaal!$G$5:$G$500)) -> 0 | I10: =IF(F10-G10>0,F10-G10,0) -> 0 | J10: =IF(G10-F10>0,G10-F10,0) -> 0
A11: =IF(ISERROR(MATCH(A$2,OFFSET(AccountsGroup,$C10,0),0))=TRUE,ROWS(AccountsGroup),MATCH(A$2,OFFSET(AccountsGroup,$C10,0),0)) -> 1 | B11: =IF(ISERROR(MATCH(B$2,OFFSET(AccountsGroup,$C10,0),0))=TRUE,ROWS(AccountsGroup),MATCH(B$2,OFFSET(AccountsGroup,$C10,0),0)) -> 54 | C11: =MIN(A11,B11)+C10 -> 34 | D11: =IF(OFFSET(Accountsnames,C11-1,0,1,1)=0,"",OFFSET(Accountsnames,C11-1,0,1,1)) -> Auto afschrijving | E11: =IF(OFFSET(AccountsNumbers,C11-1,0,1,1)=0,"",OFFSET(AccountsNumbers,C11-1,0,1,1)) -> 4237 | F11: =SUMPRODUCT((Journaal!$E$5:$E$500=$E11)*(Journaal!$F$5:$F$500)) -> 0 | G11: =SUMPRODUCT((Journaal!$E$5:$E$500=$E11)*(Journaal!$G$5:$G$500)) -> 0 | I11: =IF(F11-G11>0,F11-G11,0) -> 0 | J11: =IF(G11-F11>0,G11-F11,0) -> 0
A12: =IF(ISERROR(MATCH(A$2,OFFSET(AccountsGroup,$C11,0),0))=TRUE,ROWS(AccountsGroup),MATCH(A$2,OFFSET(AccountsGroup,$C11,0),0)) -> 1 | B12: =IF(ISERROR(MATCH(B$2,OFFSET(AccountsGroup,$C11,0),0))=TRUE,ROWS(AccountsGroup),MATCH(B$2,OFFSET(AccountsGroup,$C11,0),0)) -> 53 | C12: =MIN(A12,B12)+C11 -> 35 | D12: =IF(OFFSET(Accountsnames,C12-1,0,1,1)=0,"",OFFSET(Accountsnames,C12-1,0,1,1)) -> Af: auto bijtelling | E12: =IF(OFFSET(AccountsNumbers,C12-1,0,1,1)=0,"",OFFSET(AccountsNumbers,C12-1,0,1,1)) -> 4238 | F12: =SUMPRODUCT((Journaal!$E$5:$E$500=$E12)*(Journaal!$F$5:$F$500)) -> 0 | G12: =SUMPRODUCT((Journaal!$E$5:$E$500=$E12)*(Journaal!$G$5:$G$500)) -> 0 | I12: =IF(F12-G12>0,F12-G12,0) -> 0 | J12: =IF(G12-F12>0,G12-F12,0) -> 0
A13: =IF(ISERROR(MATCH(A$2,OFFSET(AccountsGroup,$C12,0),0))=TRUE,ROWS(AccountsGroup),MATCH(A$2,OFFSET(AccountsGroup,$C12,0),0)) -> 1 | B13: =IF(ISERROR(MATCH(B$2,OFFSET(AccountsGroup,$C12,0),0))=TRUE,ROWS(AccountsGroup),MATCH(B$2,OFFSET(AccountsGroup,$C12,0),0)) -> 52 | C13: =MIN(A13,B13)+C12 -> 36 | D13: =IF(OFFSET(Accountsnames,C13-1,0,1,1)=0,"",OFFSET(Accountsnames,C13-1,0,1,1)) -> Corr.wegens maximalisatie bijt | E13: =IF(OFFSET(AccountsNumbers,C13-1,0,1,1)=0,"",OFFSET(AccountsNumbers,C13-1,0,1,1)) -> 4239 | F13: =SUMPRODUCT((Journaal!$E$5:$E$500=$E13)*(Journaal!$F$5:$F$500)) -> 0 | G13: =SUMPRODUCT((Journaal!$E$5:$E$500=$E13)*(Journaal!$G$5:$G$500)) -> 0 | I13: =IF(F13-G13>0,F13-G13,0) -> 0 | J13: =IF(G13-F13>0,G13-F13,0) -> 0
A14: =IF(ISERROR(MATCH(A$2,OFFSET(AccountsGroup,$C13,0),0))=TRUE,ROWS(AccountsGroup),MATCH(A$2,OFFSET(AccountsGroup,$C13,0),0)) -> 1 | B14: =IF(ISERROR(MATCH(B$2,OFFSET(AccountsGroup,$C13,0),0))=TRUE,ROWS(AccountsGroup),MATCH(B$2,OFFSET(AccountsGroup,$C13,0),0)) -> 51 | C14: =MIN(A14,B14)+C13 -> 37 | D14: =IF(OFFSET(Accountsnames,C14-1,0,1,1)=0,"",OFFSET(Accountsnames,C14-1,0,1,1)) -> Kantoor kosten | E14: =IF(OFFSET(AccountsNumbers,C14-1,0,1,1)=0,"",OFFSET(AccountsNumbers,C14-1,0,1,1)) -> 4300 | F14: =SUMPRODUCT((Journaal!$E$5:$E$500=$E14)*(Journaal!$F$5:$F$500)) -> 0 | G14: =SUMPRODUCT((Journaal!$E$5:$E$500=$E14)*(Journaal!$G$5:$G$500)) -> 0 | I14: =IF(F14-G14>0,F14-G14,0) -> 0 | J14: =IF(G14-F14>0,G14-F14,0) -> 0
A15: =IF(ISERROR(MATCH(A$2,OFFSET(AccountsGroup,$C14,0),0))=TRUE,ROWS(AccountsGroup),MATCH(A$2,OFFSET(AccountsGroup,$C14,0),0)) -> 1 | B15: =IF(ISERROR(MATCH(B$2,OFFSET(AccountsGroup,$C14,0),0))=TRUE,ROWS(AccountsGroup),MATCH(B$2,OFFSET(AccountsGroup,$C14,0),0)) -> 50 | C15: =MIN(A15,B15)+C14 -> 38 | D15: =IF(OFFSET(Accountsnames,C15-1,0,1,1)=0,"",OFFSET(Accountsnames,C15-1,0,1,1)) -> Portokosten | E15: =IF(OFFSET(AccountsNumbers,C15-1,0,1,1)=0,"",OFFSET(AccountsNumbers,C15-1,0,1,1)) -> 4310 | F15: =SUMPRODUCT((Journaal!$E$5:$E$500=$E15)*(Journaal!$F$5:$F$500)) -> 0 | G15: =SUMPRODUCT((Journaal!$E$5:$E$500=$E15)*(Journaal!$G$5:$G$500)) -> 0 | I15: =IF(F15-G15>0,F15-G15,0) -> 0 | J15: =IF(G15-F15>0,G15-F15,0) -> 0
A16: =IF(ISERROR(MATCH(A$2,OFFSET(AccountsGroup,$C15,0),0))=TRUE,ROWS(AccountsGroup),MATCH(A$2,OFFSET(AccountsGroup,$C15,0),0)) -> 1 | B16: =IF(ISERROR(MATCH(B$2,OFFSET(AccountsGroup,$C15,0),0))=TRUE,ROWS(AccountsGroup),MATCH(B$2,OFFSET(AccountsGroup,$C15,0),0)) -> 49 | C16: =MIN(A16,B16)+C15 -> 39 | D16: =IF(OFFSET(Accountsnames,C16-1,0,1,1)=0,"",OFFSET(Accountsnames,C16-1,0,1,1)) -> Advertentiekosten | E16: =IF(OFFSET(AccountsNumbers,C16-1,0,1,1)=0,"",OFFSET(AccountsNumbers,C16-1,0,1,1)) -> 4340 | F16: =SUMPRODUCT((Journaal!$E$5:$E$500=$E16)*(Journaal!$F$5:$F$500)) -> 0 | G16: =SUMPRODUCT((Journaal!$E$5:$E$500=$E16)*(Journaal!$G$5:$G$500)) -> 0 | I16: =IF(F16-G16>0,F16-G16,0) -> 0 | J16: =IF(G16-F16>0,G16-F16,0) -> 0
... A62: =IF(ISERROR(MATCH(A$2,OFFSET(AccountsGroup,$C61,0),0))=TRUE,ROWS(AccountsGroup),MATCH(A$2,OFFSET(AccountsGroup,$C61,0),0)) -> 1 | B62: =IF(ISERROR(MATCH(B$2,OFFSET(AccountsGroup,$C61,0),0))=TRUE,ROWS(AccountsGroup),MATCH(B$2,OFFSET(AccountsGroup,$C61,0),0)) -> 111 | C62: =MIN(A62,B62)+C61 -> 110 | D62: =IF(OFFSET(Accountsnames,C62-1,0,1,1)=0,"",OFFSET(Accountsnames,C62-1,0,1,1)) -> Af: corr.wegens maximalisatie | E62: =IF(OFFSET(AccountsNumbers,C62-1,0,1,1)=0,"",OFFSET(AccountsNumbers,C62-1,0,1,1)) -> 9761 | F62: =SUMPRODUCT((Journaal!$E$5:$E$500=$E62)*(Journaal!$F$5:$F$500)) -> 0 | G62: =SUMPRODUCT((Journaal!$E$5:$E$500=$E62)*(Journaal!$G$5:$G$500)) -> 0 | I62: =IF(F62-G62>0,F62-G62,0) -> 0 | J62: =IF(G62-F62>0,G62-F62,0) -> 0
D64: =IF(J65>=I65,"Verlies :o)","Winst :o(") -> Winst :o( | I64: =IF(G65-F65>0,G65-F65,0) -> 0 | J64: =I65-J65 -> 345.66
D65: Totals | I65: =SUM(I4:I62) -> 345.66 | J65: =SUM(J4:J62) -> 0

Sheet Balans
B2: Openings Balans
D3: Debet | E3: Credit | G3: Debet | K3: Debet | L3: Credit | N3: Credit
B4: Materiële Bezittingen | C4: Rekeningnummer | I4: Vermogen | J4: Rekeningnummer
A5: =IF(ISERROR(MATCH($B$4,OFFSET(AccountsGroup,A4,0),0))=TRUE,ROWS(AccountsGroup),MATCH($B$4,OFFSET(AccountsGroup,A4,0),0))+A4 -> 1 | B5: =IF(OFFSET(Accountsnames,A5-1,0,1,1)=0,"",OFFSET(Accountsnames,A5-1,0,1,1)) -> Grond en terrein | C5: =IF(OFFSET(AccountsNumbers,A5-1,0,1,1)=0,"",OFFSET(AccountsNumbers,A5-1,0,1,1)) -> 100 | G5: =IF($B5<>"",D5-E5,"") -> 0 | H5: =IF(ISERROR(MATCH($I$4,OFFSET(AccountsGroup,H4,0),0))=TRUE,ROWS(AccountsGroup),MATCH($I$4,OFFSET(AccountsGroup,H4,0),0))+H4 -> 25 | I5: =IF(OFFSET(Accountsnames,H5-1,0,1,1)=0,"",OFFSET(Accountsnames,H5-1,0,1,1)) -> Stand FOR begin boekjaar | J5: =IF(OFFSET(AccountsNumbers,H5-1,0,1,1)=0,"",OFFSET(AccountsNumbers,H5-1,0,1,1)) -> 1980 | N5: =IF($I5<>"",K5-L5,"") -> 0
A6: =IF(ISERROR(MATCH($B$4,OFFSET(AccountsGroup,A5,0),0))=TRUE,ROWS(AccountsGroup),MATCH($B$4,OFFSET(AccountsGroup,A5,0),0))+A5 -> 2 | B6: =IF(OFFSET(Accountsnames,A6-1,0,1,1)=0,"",OFFSET(Accountsnames,A6-1,0,1,1)) -> Gebouwen | C6: =IF(OFFSET(AccountsNumbers,A6-1,0,1,1)=0,"",OFFSET(AccountsNumbers,A6-1,0,1,1)) -> 200 | G6: =IF($B6<>"",D6-E6,"") -> 0 | H6: =IF(ISERROR(MATCH($I$4,OFFSET(AccountsGroup,H5,0),0))=TRUE,ROWS(AccountsGroup),MATCH($I$4,OFFSET(AccountsGroup,H5,0),0))+H5 -> 26 | I6: =IF(OFFSET(Accountsnames,H6-1,0,1,1)=0,"",OFFSET(Accountsnames,H6-1,0,1,1)) -> Vermogen begin jaar | J6: =IF(OFFSET(AccountsNumbers,H6-1,0,1,1)=0,"",OFFSET(AccountsNumbers,H6-1,0,1,1)) -> 1990 | N6: =$G$32-SUM(N14:N27,N5) -> 0
A7: =IF(ISERROR(MATCH($B$4,OFFSET(AccountsGroup,A6,0),0))=TRUE,ROWS(AccountsGroup),MATCH($B$4,OFFSET(AccountsGroup,A6,0),0))+A6 -> 3 | B7: =IF(OFFSET(Accountsnames,A7-1,0,1,1)=0,"",OFFSET(Accountsnames,A7-1,0,1,1)) -> Inventaris | C7: =IF(OFFSET(AccountsNumbers,A7-1,0,1,1)=0,"",OFFSET(AccountsNumbers,A7-1,0,1,1)) -> 300 | G7: =IF($B7<>"",D7-E7,"") -> 0 | H7: =IF(ISERROR(MATCH($I$4,OFFSET(AccountsGroup,H6,0),0))=TRUE,ROWS(AccountsGroup),MATCH($I$4,OFFSET(AccountsGroup,H6,0),0))+H6 -> 137 | I7: =IF(OFFSET(Accountsnames,H7-1,0,1,1)=0,"",OFFSET(Accountsnames,H7-1,0,1,1)) | J7: =IF(OFFSET(AccountsNumbers,H7-1,0,1,1)=0,"",OFFSET(AccountsNumbers,H7-1,0,1,1))
A8: =IF(ISERROR(MATCH($B$4,OFFSET(AccountsGroup,A7,0),0))=TRUE,ROWS(AccountsGroup),MATCH($B$4,OFFSET(AccountsGroup,A7,0),0))+A7 -> 4 | B8: =IF(OFFSET(Accountsnames,A8-1,0,1,1)=0,"",OFFSET(Accountsnames,A8-1,0,1,1)) -> Voorraden | C8: =IF(OFFSET(AccountsNumbers,A8-1,0,1,1)=0,"",OFFSET(AccountsNumbers,A8-1,0,1,1)) -> 500 | G8: =IF($B8<>"",D8-E8,"") -> 0 | H8: =IF(ISERROR(MATCH($I$4,OFFSET(AccountsGroup,H7,0),0))=TRUE,ROWS(AccountsGroup),MATCH($I$4,OFFSET(AccountsGroup,H7,0),0))+H7 -> 248 | I8: =IF(OFFSET(Accountsnames,H8-1,0,1,1)=0,"",OFFSET(Accountsnames,H8-1,0,1,1)) | J8: =IF(OFFSET(AccountsNumbers,H8-1,0,1,1)=0,"",OFFSET(AccountsNumbers,H8-1,0,1,1))
A9: =IF(ISERROR(MATCH($B$4,OFFSET(AccountsGroup,A8,0),0))=TRUE,ROWS(AccountsGroup),MATCH($B$4,OFFSET(AccountsGroup,A8,0),0))+A8 -> 5 | B9: =IF(OFFSET(Accountsnames,A9-1,0,1,1)=0,"",OFFSET(Accountsnames,A9-1,0,1,1)) -> Voertuigen | C9: =IF(OFFSET(AccountsNumbers,A9-1,0,1,1)=0,"",OFFSET(AccountsNumbers,A9-1,0,1,1)) -> 800 | G9: =IF($B9<>"",D9-E9,"") -> 0 | H9: =IF(ISERROR(MATCH($I$4,OFFSET(AccountsGroup,H8,0),0))=TRUE,ROWS(AccountsGroup),MATCH($I$4,OFFSET(AccountsGroup,H8,0),0))+H8 -> 359 | I9: =IF(OFFSET(Accountsnames,H9-1,0,1,1)=0,"",OFFSET(Accountsnames,H9-1,0,1,1)) | J9: =IF(OFFSET(AccountsNumbers,H9-1,0,1,1)=0,"",OFFSET(AccountsNumbers,H9-1,0,1,1))
A10: =IF(ISERROR(MATCH($B$4,OFFSET(AccountsGroup,A9,0),0))=TRUE,ROWS(AccountsGroup),MATCH($B$4,OFFSET(AccountsGroup,A9,0),0))+A9 -> 116 | B10: =IF(OFFSET(Accountsnames,A10-1,0,1,1)=0,"",OFFSET(Accountsnames,A10-1,0,1,1)) | C10: =IF(OFFSET(AccountsNumbers,A10-1,0,1,1)=0,"",OFFSET(AccountsNumbers,A10-1,0,1,1)) | G10: =IF($B10<>"",D10-E10,"") | H10: =IF(ISERROR(MATCH($I$4,OFFSET(AccountsGroup,H9,0),0))=TRUE,ROWS(AccountsGroup),MATCH($I$4,OFFSET(AccountsGroup,H9,0),0))+H9 -> 470 | I10: =IF(OFFSET(Accountsnames,H10-1,0,1,1)=0,"",OFFSET(Accountsnames,H10-1,0,1,1)) | J10: =IF(OFFSET(AccountsNumbers,H10-1,0,1,1)=0,"",OFFSET(AccountsNumbers,H10-1,0,1,1))
A11: =IF(ISERROR(MATCH($B$4,OFFSET(AccountsGroup,A10,0),0))=TRUE,ROWS(AccountsGroup),MATCH($B$4,OFFSET(AccountsGroup,A10,0),0))+A10 -> 227 | B11: =IF(OFFSET(Accountsnames,A11-1,0,1,1)=0,"",OFFSET(Accountsnames,A11-1,0,1,1)) | C11: =IF(OFFSET(AccountsNumbers,A11-1,0,1,1)=0,"",OFFSET(AccountsNumbers,A11-1,0,1,1)) | G11: =IF($B11<>"",D11-E11,"") | H11: =IF(ISERROR(MATCH($I$4,OFFSET(AccountsGroup,H10,0),0))=TRUE,ROWS(AccountsGroup),MATCH($I$4,OFFSET(AccountsGroup,H10,0),0))+H10 -> 581 | I11: =IF(OFFSET(Accountsnames,H11-1,0,1,1)=0,"",OFFSET(Accountsnames,H11-1,0,1,1)) | J11: =IF(OFFSET(AccountsNumbers,H11-1,0,1,1)=0,"",OFFSET(AccountsNumbers,H11-1,0,1,1))
G12: =IF($B12<>"",D12-E12,"")
B13: Financiële Bezittingen | C13: Rekeningnummer | I13: Schulden | J13: Rekeningnummer
A14: =IF(ISERROR(MATCH($B$13,OFFSET(AccountsGroup,A13,0),0))=TRUE,ROWS(AccountsGroup),MATCH($B$13,OFFSET(AccountsGroup,A13,0),0))+A13 -> 6 | B14: =IF(OFFSET(Accountsnames,A14-1,0,1,1)=0,"",OFFSET(Accountsnames,A14-1,0,1,1)) -> Kas | C14: =IF(OFFSET(AccountsNumbers,A14-1,0,1,1)=0,"",OFFSET(AccountsNumbers,A14-1,0,1,1)) -> 1000 | G14: =IF($B14<>"",D14-E14,"") -> 0 | H14: =IF(ISERROR(MATCH($I$13,OFFSET(AccountsGroup,H13,0),0))=TRUE,ROWS(AccountsGroup),MATCH($I$13,OFFSET(AccountsGroup,H13,0),0))+H13 -> 11 | I14: =IF(OFFSET(Accountsnames,H14-1,0,1,1)=0,"",OFFSET(Accountsnames,H14-1,0,1,1)) -> Crediteuren | J14: =IF(OFFSET(AccountsNumbers,H14-1,0,1,1)=0,"",OFFSET(AccountsNumbers,H14-1,0,1,1)) -> 1600 | N14: =IF($I14<>"",L14-K14,"") -> 0
A15: =IF(ISERROR(MATCH($B$13,OFFSET(AccountsGroup,A14,0),0))=TRUE,ROWS(AccountsGroup),MATCH($B$13,OFFSET(AccountsGroup,A14,0),0))+A14 -> 7 | B15: =IF(OFFSET(Accountsnames,A15-1,0,1,1)=0,"",OFFSET(Accountsnames,A15-1,0,1,1)) -> Bank | C15: =IF(OFFSET(AccountsNumbers,A15-1,0,1,1)=0,"",OFFSET(AccountsNumbers,A15-1,0,1,1)) -> 1020 | G15: =IF($B15<>"",D15-E15,"") -> 0 | H15: =IF(ISERROR(MATCH($I$13,OFFSET(AccountsGroup,H14,0),0))=TRUE,ROWS(AccountsGroup),MATCH($I$13,OFFSET(AccountsGroup,H14,0),0))+H14 -> 12 | I15: =IF(OFFSET(Accountsnames,H15-1,0,1,1)=0,"",OFFSET(Accountsnames,H15-1,0,1,1)) -> Nog te ontv.facturen (te beta) | J15: =IF(OFFSET(AccountsNumbers,H15-1,0,1,1)=0,"",OFFSET(AccountsNumbers,H15-1,0,1,1)) -> 1610 | N15: =IF($I15<>"",L15-K15,"") -> 0
A16: =IF(ISERROR(MATCH($B$13,OFFSET(AccountsGroup,A15,0),0))=TRUE,ROWS(AccountsGroup),MATCH($B$13,OFFSET(AccountsGroup,A15,0),0))+A15 -> 8 | B16: =IF(OFFSET(Accountsnames,A16-1,0,1,1)=0,"",OFFSET(Accountsnames,A16-1,0,1,1)) -> Creditcard | C16: =IF(OFFSET(AccountsNumbers,A16-1,0,1,1)=0,"",OFFSET(AccountsNumbers,A16-1,0,1,1)) -> 1030 | G16: =IF($B16<>"",D16-E16,"") -> 0 | H16: =IF(ISERROR(MATCH($I$13,OFFSET(AccountsGroup,H15,0),0))=TRUE,ROWS(AccountsGroup),MATCH($I$13,OFFSET(AccountsGroup,H15,0),0))+H15 -> 13 | I16: =IF(OFFSET(Accountsnames,H16-1,0,1,1)=0,"",OFFSET(Accountsnames,H16-1,0,1,1)) -> Rek.courant (roodstand) | J16: =IF(OFFSET(AccountsNumbers,H16-1,0,1,1)=0,"",OFFSET(AccountsNumbers,H16-1,0,1,1)) -> 1620 | N16: =IF($I16<>"",L16-K16,"") -> 0
A17: =IF(ISERROR(MATCH($B$13,OFFSET(AccountsGroup,A16,0),0))=TRUE,ROWS(AccountsGroup),MATCH($B$13,OFFSET(AccountsGroup,A16,0),0))+A16 -> 9 | B17: =IF(OFFSET(Accountsnames,A17-1,0,1,1)=0,"",OFFSET(Accountsnames,A17-1,0,1,1)) -> Kruisposten | C17: =IF(OFFSET(AccountsNumbers,A17-1,0,1,1)=0,"",OFFSET(AccountsNumbers,A17-1,0,1,1)) -> 1090 | G17: =IF($B17<>"",D17-E17,"") -> 0 | H17: =IF(ISERROR(MATCH($I$13,OFFSET(AccountsGroup,H16,0),0))=TRUE,ROWS(AccountsGroup),MATCH($I$13,OFFSET(AccountsGroup,H16,0),0))+H16 -> 14 | I17: =IF(OFFSET(Accountsnames,H17-1,0,1,1)=0,"",OFFSET(Accountsnames,H17-1,0,1,1)) -> Rente/bankkosten nog te betal. | J17: =IF(OFFSET(AccountsNumbers,H17-1,0,1,1)=0,"",OFFSET(AccountsNumbers,H17-1,0,1,1)) -> 1640 | N17: =IF($I17<>"",L17-K17,"") -> 0
A18: =IF(ISERROR(MATCH($B$13,OFFSET(AccountsGroup,A17,0),0))=TRUE,ROWS(AccountsGroup),MATCH($B$13,OFFSET(AccountsGroup,A17,0),0))+A17 -> 10 | B18: =IF(OFFSET(Accountsnames,A18-1,0,1,1)=0,"",OFFSET(Accountsnames,A18-1,0,1,1)) -> Debiteuren | C18: =IF(OFFSET(AccountsNumbers,A18-1,0,1,1)=0,"",OFFSET(AccountsNumbers,A18-1,0,1,1)) -> 1300 | G18: =IF($B18<>"",D18-E18,"") -> 0 | H18: =IF(ISERROR(MATCH($I$13,OFFSET(AccountsGroup,H17,0),0))=TRUE,ROWS(AccountsGroup),MATCH($I$13,OFFSET(AccountsGroup,H17,0),0))+H17 -> 15 | I18: =IF(OFFSET(Accountsnames,H18-1,0,1,1)=0,"",OFFSET(Accountsnames,H18-1,0,1,1)) -> OB 2020 kw.4 | J18: =IF(OFFSET(AccountsNumbers,H18-1,0,1,1)=0,"",OFFSET(AccountsNumbers,H18-1,0,1,1)) -> 1650 | N18: =IF($I18<>"",L18-K18,"") -> 0
A19: =IF(ISERROR(MATCH($B$13,OFFSET(AccountsGroup,A18,0),0))=TRUE,ROWS(AccountsGroup),MATCH($B$13,OFFSET(AccountsGroup,A18,0),0))+A18 -> 121 | B19: =IF(OFFSET(Accountsnames,A19-1,0,1,1)=0,"",OFFSET(Accountsnames,A19-1,0,1,1)) | C19: =IF(OFFSET(AccountsNumbers,A19-1,0,1,1)=0,"",OFFSET(AccountsNumbers,A19-1,0,1,1)) | G19: =IF($B19<>"",D19-E19,"") | H19: =IF(ISERROR(MATCH($I$13,OFFSET(AccountsGroup,H18,0),0))=TRUE,ROWS(AccountsGroup),MATCH($I$13,OFFSET(AccountsGroup,H18,0),0))+H18 -> 16 | I19: =IF(OFFSET(Accountsnames,H19-1,0,1,1)=0,"",OFFSET(Accountsnames,H19-1,0,1,1)) -> OB 2020 suppl. | J19: =IF(OFFSET(AccountsNumbers,H19-1,0,1,1)=0,"",OFFSET(AccountsNumbers,H19-1,0,1,1)) -> 1651 | N19: =IF($I19<>"",L19-K19,"") -> 0
A20: =IF(ISERROR(MATCH($B$13,OFFSET(AccountsGroup,A19,0),0))=TRUE,ROWS(AccountsGroup),MATCH($B$13,OFFSET(AccountsGroup,A19,0),0))+A19 -> 232 | B20: =IF(OFFSET(Accountsnames,A20-1,0,1,1)=0,"",OFFSET(Accountsnames,A20-1,0,1,1)) | C20: =IF(OFFSET(AccountsNumbers,A20-1,0,1,1)=0,"",OFFSET(AccountsNumbers,A20-1,0,1,1)) | G20: =IF($B20<>"",D20-E20,"") | H20: =IF(ISERROR(MATCH($I$13,OFFSET(AccountsGroup,H19,0),0))=TRUE,ROWS(AccountsGroup),MATCH($I$13,OFFSET(AccountsGroup,H19,0),0))+H19 -> 17 | I20: =IF(OFFSET(Accountsnames,H20-1,0,1,1)=0,"",OFFSET(Accountsnames,H20-1,0,1,1)) -> Btw hoog af te dragen | J20: =IF(OFFSET(AccountsNumbers,H20-1,0,1,1)=0,"",OFFSET(AccountsNumbers,H20-1,0,1,1)) -> 1701 | N20: =IF($I20<>"",L20-K20,"") -> 0
A21: =IF(ISERROR(MATCH($B$13,OFFSET(AccountsGroup,A20,0),0))=TRUE,ROWS(AccountsGroup),MATCH($B$13,OFFSET(AccountsGroup,A20,0),0))+A20 -> 343 | B21: =IF(OFFSET(Accountsnames,A21-1,0,1,1)=0,"",OFFSET(Accountsnames,A21-1,0,1,1)) | C21: =IF(OFFSET(AccountsNumbers,A21-1,0,1,1)=0,"",OFFSET(AccountsNumbers,A21-1,0,1,1)) | G21: =IF($B21<>"",D21-E21,"") | H21: =IF(ISERROR(MATCH($I$13,OFFSET(AccountsGroup,H20,0),0))=TRUE,ROWS(AccountsGroup),MATCH($I$13,OFFSET(AccountsGroup,H20,0),0))+H20 -> 18 | I21: =IF(OFFSET(Accountsnames,H21-1,0,1,1)=0,"",OFFSET(Accountsnames,H21-1,0,1,1)) -> Btw laag af te dragen | J21: =IF(OFFSET(AccountsNumbers,H21-1,0,1,1)=0,"",OFFSET(AccountsNumbers,H21-1,0,1,1)) -> 1702 | N21: =IF($I21<>"",L21-K21,"") -> 0
A22: =IF(ISERROR(MATCH($B$13,OFFSET(AccountsGroup,A21,0),0))=TRUE,ROWS(AccountsGroup),MATCH($B$13,OFFSET(AccountsGroup,A21,0),0))+A21 -> 454 | B22: =IF(OFFSET(Accountsnames,A22-1,0,1,1)=0,"",OFFSET(Accountsnames,A22-1,0,1,1)) | C22: =IF(OFFSET(AccountsNumbers,A22-1,0,1,1)=0,"",OFFSET(AccountsNumbers,A22-1,0,1,1)) | G22: =IF($B22<>"",D22-E22,"") | H22: =IF(ISERROR(MATCH($I$13,OFFSET(AccountsGroup,H21,0),0))=TRUE,ROWS(AccountsGroup),MATCH($I$13,OFFSET(AccountsGroup,H21,0),0))+H21 -> 19 | I22: =IF(OFFSET(Accountsnames,H22-1,0,1,1)=0,"",OFFSET(Accountsnames,H22-1,0,1,1)) -> Btw hoog te verrekenen | J22: =IF(OFFSET(AccountsNumbers,H22-1,0,1,1)=0,"",OFFSET(AccountsNumbers,H22-1,0,1,1)) -> 1703 | N22: =IF($I22<>"",L22-K22,"") -> 0
A23: =IF(ISERROR(MATCH($B$13,OFFSET(AccountsGroup,A22,0),0))=TRUE,ROWS(AccountsGroup),MATCH($B$13,OFFSET(AccountsGroup,A22,0),0))+A22 -> 565 | B23: =IF(OFFSET(Accountsnames,A23-1,0,1,1)=0,"",OFFSET(Accountsnames,A23-1,0,1,1)) | C23: =IF(OFFSET(AccountsNumbers,A23-1,0,1,1)=0,"",OFFSET(AccountsNumbers,A23-1,0,1,1)) | G23: =IF($B23<>"",D23-E23,"") | H23: =IF(ISERROR(MATCH($I$13,OFFSET(AccountsGroup,H22,0),0))=TRUE,ROWS(AccountsGroup),MATCH($I$13,OFFSET(AccountsGroup,H22,0),0))+H22 -> 20 | I23: =IF(OFFSET(Accountsnames,H23-1,0,1,1)=0,"",OFFSET(Accountsnames,H23-1,0,1,1)) -> Btw laag te verrekenen | J23: =IF(OFFSET(AccountsNumbers,H23-1,0,1,1)=0,"",OFFSET(AccountsNumbers,H23-1,0,1,1)) -> 1704 | N23: =IF($I23<>"",L23-K23,"") -> 0
A24: =IF(ISERROR(MATCH($B$13,OFFSET(AccountsGroup,A23,0),0))=TRUE,ROWS(AccountsGroup),MATCH($B$13,OFFSET(AccountsGroup,A23,0),0))+A23 -> 676 | B24: =IF(OFFSET(Accountsnames,A24-1,0,1,1)=0,"",OFFSET(Accountsnames,A24-1,0,1,1)) | C24: =IF(OFFSET(AccountsNumbers,A24-1,0,1,1)=0,"",OFFSET(AccountsNumbers,A24-1,0,1,1)) | G24: =IF($B24<>"",D24-E24,"") | H24: =IF(ISERROR(MATCH($I$13,OFFSET(AccountsGroup,H23,0),0))=TRUE,ROWS(AccountsGroup),MATCH($I$13,OFFSET(AccountsGroup,H23,0),0))+H23 -> 21 | I24: =IF(OFFSET(Accountsnames,H24-1,0,1,1)=0,"",OFFSET(Accountsnames,H24-1,0,1,1)) -> Btw privegebruik | J24: =IF(OFFSET(AccountsNumbers,H24-1,0,1,1)=0,"",OFFSET(AccountsNumbers,H24-1,0,1,1)) -> 1710 | N24: =IF($I24<>"",L24-K24,"") -> 0
A25: =IF(ISERROR(MATCH($B$13,OFFSET(AccountsGroup,A24,0),0))=TRUE,ROWS(AccountsGroup),MATCH($B$13,OFFSET(AccountsGroup,A24,0),0))+A24 -> 787 | B25: =IF(OFFSET(Accountsnames,A25-1,0,1,1)=0,"",OFFSET(Accountsnames,A25-1,0,1,1)) | C25: =IF(OFFSET(AccountsNumbers,A25-1,0,1,1)=0,"",OFFSET(AccountsNumbers,A25-1,0,1,1)) | G25: =IF($B25<>"",D25-E25,"") | H25: =IF(ISERROR(MATCH($I$13,OFFSET(AccountsGroup,H24,0),0))=TRUE,ROWS(AccountsGroup),MATCH($I$13,OFFSET(AccountsGroup,H24,0),0))+H24 -> 22 | I25: =IF(OFFSET(Accountsnames,H25-1,0,1,1)=0,"",OFFSET(Accountsnames,H25-1,0,1,1)) -> Btw bet./ontv. lopend boekjaar | J25: =IF(OFFSET(AccountsNumbers,H25-1,0,1,1)=0,"",OFFSET(AccountsNumbers,H25-1,0,1,1)) -> 1750 | N25: =IF($I25<>"",L25-K25,"") -> 0
... A30: =IF(ISERROR(MATCH($B$13,OFFSET(AccountsGroup,A29,0),0))=TRUE,ROWS(AccountsGroup),MATCH($B$13,OFFSET(AccountsGroup,A29,0),0))+A29 -> 1342 | B30: =IF(OFFSET(Accountsnames,A30-1,0,1,1)=0,"",OFFSET(Accountsnames,A30-1,0,1,1)) | C30: =IF(OFFSET(AccountsNumbers,A30-1,0,1,1)=0,"",OFFSET(AccountsNumbers,A30-1,0,1,1)) | G30: =IF($B30<>"",D30-E30,"") | H30: =IF(ISERROR(MATCH($I$13,OFFSET(AccountsGroup,H29,0),0))=TRUE,ROWS(AccountsGroup),MATCH($I$13,OFFSET(AccountsGroup,H29,0),0))+H29 -> 357 | I30: =IF(OFFSET(Accountsnames,H30-1,0,1,1)=0,"",OFFSET(Accountsnames,H30-1,0,1,1)) | J30: =IF(OFFSET(AccountsNumbers,H30-1,0,1,1)=0,"",OFFSET(AccountsNumbers,H30-1,0,1,1)) | N30: =IF($I30<>"",L30-K30,"")
G31: =IF($B31<>"",D31-E31,"")
B32: Totaal | G32: =SUM(G5:G27) -> 0 | I32: Totaal | N32: =SUM(N29:N30) -> 0
B37: Balans
D38: Debet | E38: Credit | G38: Debet | K38: Debet | L38: Credit | N38: =N3 -> Credit
B39: =B4 -> Materiële Bezittingen | C39: Rekeningnummer | I39: =I4 -> Vermogen | J39: Rekeningnummer
A40: =IF(ISERROR(MATCH($B$4,OFFSET(AccountsGroup,A39,0),0))=TRUE,ROWS(AccountsGroup),MATCH($B$4,OFFSET(AccountsGroup,A39,0),0))+A39 -> 1 | B40: =IF(OFFSET(Accountsnames,A40-1,0,1,1)=0,"",OFFSET(Accountsnames,A40-1,0,1,1)) -> Grond en terrein | C40: =IF(OFFSET(AccountsNumbers,A40-1,0,1,1)=0,"",OFFSET(AccountsNumbers,A40-1,0,1,1)) -> 100 | D40: =IF($B40="","",SUMPRODUCT((Journaal!$E$5:$E$1000=$C40)*(Journaal!$F$5:$F$1000))+D5) -> 0 | E40: =IF($B40="","",SUMPRODUCT((Journaal!$E$5:$E$1000=$C40)*(Journaal!$G$5:$G$1000))+E5) -> 0 | G40: =IF(B40<>"",D40-E40,"") -> 0 | H40: =IF(ISERROR(MATCH($I$4,OFFSET(AccountsGroup,H39,0),0))=TRUE,ROWS(AccountsGroup),MATCH($I$4,OFFSET(AccountsGroup,H39,0),0))+H39 -> 25 | I40: =IF(OFFSET(Accountsnames,H40-1,0,1,1)=0,"",OFFSET(Accountsnames,H40-1,0,1,1)) -> Stand FOR begin boekjaar | J40: =IF(OFFSET(AccountsNumbers,H40-1,0,1,1)=0,"",OFFSET(AccountsNumbers,H40-1,0,1,1)) -> 1980 | K40: =IF($I40="","",SUMPRODUCT((Journaal!$E$5:$E$1000=$J40)*(Journaal!$F$5:$F$1000))+K5) -> 0 | L40: =IF($I40="","",SUMPRODUCT((Journaal!$E$5:$E$1000=$J40)*(Journaal!$G$5:$G$1000))+L5) -> 2300 | N40: =IF(I40<>"",L40-K40,"") -> 2300
A41: =IF(ISERROR(MATCH($B$4,OFFSET(AccountsGroup,A40,0),0))=TRUE,ROWS(AccountsGroup),MATCH($B$4,OFFSET(AccountsGroup,A40,0),0))+A40 -> 2 | B41: =IF(OFFSET(Accountsnames,A41-1,0,1,1)=0,"",OFFSET(Accountsnames,A41-1,0,1,1)) -> Gebouwen | C41: =IF(OFFSET(AccountsNumbers,A41-1,0,1,1)=0,"",OFFSET(AccountsNumbers,A41-1,0,1,1)) -> 200 | D41: =IF($B41="","",SUMPRODUCT((Journaal!$E$5:$E$1000=$C41)*(Journaal!$F$5:$F$1000))+D6) -> 80000 | E41: =IF($B41="","",SUMPRODUCT((Journaal!$E$5:$E$1000=$C41)*(Journaal!$G$5:$G$1000))+E6) -> 0 | G41: =IF(B41<>"",D41-E41,"") -> 80000 | H41: =IF(ISERROR(MATCH($I$4,OFFSET(AccountsGroup,H40,0),0))=TRUE,ROWS(AccountsGroup),MATCH($I$4,OFFSET(AccountsGroup,H40,0),0))+H40 -> 26 | I41: =IF(OFFSET(Accountsnames,H41-1,0,1,1)=0,"",OFFSET(Accountsnames,H41-1,0,1,1)) -> Vermogen begin jaar | J41: =IF(OFFSET(AccountsNumbers,H41-1,0,1,1)=0,"",OFFSET(AccountsNumbers,H41-1,0,1,1)) -> 1990 | K41: =IF($I41="","",SUMPRODUCT((Journaal!$E$5:$E$1000=$J41)*(Journaal!$F$5:$F$1000))+K6) -> 63969.19 | L41: =IF($I41="","",SUMPRODUCT((Journaal!$E$5:$E$1000=$J41)*(Journaal!$G$5:$G$1000))+L6) -> 141901.06 | N41: =$G$69-SUM(N49:N62,N40) -> 74451.21
A42: =IF(ISERROR(MATCH($B$4,OFFSET(AccountsGroup,A41,0),0))=TRUE,ROWS(AccountsGroup),MATCH($B$4,OFFSET(AccountsGroup,A41,0),0))+A41 -> 3 | B42: =IF(OFFSET(Accountsnames,A42-1,0,1,1)=0,"",OFFSET(Accountsnames,A42-1,0,1,1)) -> Inventaris | C42: =IF(OFFSET(AccountsNumbers,A42-1,0,1,1)=0,"",OFFSET(AccountsNumbers,A42-1,0,1,1)) -> 300 | D42: =IF($B42="","",SUMPRODUCT((Journaal!$E$5:$E$1000=$C42)*(Journaal!$F$5:$F$1000))+D7) -> 4500 | E42: =IF($B42="","",SUMPRODUCT((Journaal!$E$5:$E$1000=$C42)*(Journaal!$G$5:$G$1000))+E7) -> 0 | G42: =IF(B42<>"",D42-E42,"") -> 4500 | H42: =IF(ISERROR(MATCH($I$4,OFFSET(AccountsGroup,H41,0),0))=TRUE,ROWS(AccountsGroup),MATCH($I$4,OFFSET(AccountsGroup,H41,0),0))+H41 -> 137 | I42: =IF(OFFSET(Accountsnames,H42-1,0,1,1)=0,"",OFFSET(Accountsnames,H42-1,0,1,1)) | J42: =IF(OFFSET(AccountsNumbers,H42-1,0,1,1)=0,"",OFFSET(AccountsNumbers,H42-1,0,1,1)) | K42: =IF($I42="","",SUMPRODUCT((Journaal!$E$5:$E$1000=$J42)*(Journaal!$F$5:$F$1000))+K7) | L42: =IF($I42="","",SUMPRODUCT((Journaal!$E$5:$E$1000=$J42)*(Journaal!$G$5:$G$1000))+L7) | N42: =IF(I42<>"",L42-K42,"")
A43: =IF(ISERROR(MATCH($B$4,OFFSET(AccountsGroup,A42,0),0))=TRUE,ROWS(AccountsGroup),MATCH($B$4,OFFSET(AccountsGroup,A42,0),0))+A42 -> 4 | B43: =IF(OFFSET(Accountsnames,A43-1,0,1,1)=0,"",OFFSET(Accountsnames,A43-1,0,1,1)) -> Voorraden | C43: =IF(OFFSET(AccountsNumbers,A43-1,0,1,1)=0,"",OFFSET(AccountsNumbers,A43-1,0,1,1)) -> 500 | D43: =IF($B43="","",SUMPRODUCT((Journaal!$E$5:$E$1000=$C43)*(Journaal!$F$5:$F$1000))+D8) -> 25000 | E43: =IF($B43="","",SUMPRODUCT((Journaal!$E$5:$E$1000=$C43)*(Journaal!$G$5:$G$1000))+E8) -> 0 | G43: =IF(B43<>"",D43-E43,"") -> 25000 | H43: =IF(ISERROR(MATCH($I$4,OFFSET(AccountsGroup,H42,0),0))=TRUE,ROWS(AccountsGroup),MATCH($I$4,OFFSET(AccountsGroup,H42,0),0))+H42 -> 248 | I43: =IF(OFFSET(Accountsnames,H43-1,0,1,1)=0,"",OFFSET(Accountsnames,H43-1,0,1,1)) | J43: =IF(OFFSET(AccountsNumbers,H43-1,0,1,1)=0,"",OFFSET(AccountsNumbers,H43-1,0,1,1)) | K43: =IF($I43="","",SUMPRODUCT((Journaal!$E$5:$E$1000=$J43)*(Journaal!$F$5:$F$1000))+K8) | L43: =IF($I43="","",SUMPRODUCT((Journaal!$E$5:$E$1000=$J43)*(Journaal!$G$5:$G$1000))+L8) | N43: =IF(I43<>"",L43-K43,"")
A44: =IF(ISERROR(MATCH($B$4,OFFSET(AccountsGroup,A43,0),0))=TRUE,ROWS(AccountsGroup),MATCH($B$4,OFFSET(AccountsGroup,A43,0),0))+A43 -> 5 | B44: =IF(OFFSET(Accountsnames,A44-1,0,1,1)=0,"",OFFSET(Accountsnames,A44-1,0,1,1)) -> Voertuigen | C44: =IF(OFFSET(AccountsNumbers,A44-1,0,1,1)=0,"",OFFSET(AccountsNumbers,A44-1,0,1,1)) -> 800 | D44: =IF($B44="","",SUMPRODUCT((Journaal!$E$5:$E$1000=$C44)*(Journaal!$F$5:$F$1000))+D9) -> 13252 | E44: =IF($B44="","",SUMPRODUCT((Journaal!$E$5:$E$1000=$C44)*(Journaal!$G$5:$G$1000))+E9) -> 0 | G44: =IF(B44<>"",D44-E44,"") -> 13252 | H44: =IF(ISERROR(MATCH($I$4,OFFSET(AccountsGroup,H43,0),0))=TRUE,ROWS(AccountsGroup),MATCH($I$4,OFFSET(AccountsGroup,H43,0),0))+H43 -> 359 | I44: =IF(OFFSET(Accountsnames,H44-1,0,1,1)=0,"",OFFSET(Accountsnames,H44-1,0,1,1)) | J44: =IF(OFFSET(AccountsNumbers,H44-1,0,1,1)=0,"",OFFSET(AccountsNumbers,H44-1,0,1,1)) | K44: =IF($I44="","",SUMPRODUCT((Journaal!$E$5:$E$1000=$J44)*(Journaal!$F$5:$F$1000))+K9) | L44: =IF($I44="","",SUMPRODUCT((Journaal!$E$5:$E$1000=$J44)*(Journaal!$G$5:$G$1000))+L9) | N44: =IF(I44<>"",L44-K44,"")
A45: =IF(ISERROR(MATCH($B$4,OFFSET(AccountsGroup,A44,0),0))=TRUE,ROWS(AccountsGroup),MATCH($B$4,OFFSET(AccountsGroup,A44,0),0))+A44 -> 116 | B45: =IF(OFFSET(Accountsnames,A45-1,0,1,1)=0,"",OFFSET(Accountsnames,A45-1,0,1,1)) | C45: =IF(OFFSET(AccountsNumbers,A45-1,0,1,1)=0,"",OFFSET(AccountsNumbers,A45-1,0,1,1)) | D45: =IF($B45="","",SUMPRODUCT((Journaal!$E$5:$E$1000=$C45)*(Journaal!$F$5:$F$1000))+D10) | E45: =IF($B45="","",SUMPRODUCT((Journaal!$E$5:$E$1000=$C45)*(Journaal!$G$5:$G$1000))+E10) | G45: =IF(B45<>"",D45-E45,"") | H45: =IF(ISERROR(MATCH($I$4,OFFSET(AccountsGroup,H44,0),0))=TRUE,ROWS(AccountsGroup),MATCH($I$4,OFFSET(AccountsGroup,H44,0),0))+H44 -> 470 | I45: =IF(OFFSET(Accountsnames,H45-1,0,1,1)=0,"",OFFSET(Accountsnames,H45-1,0,1,1)) | J45: =IF(OFFSET(AccountsNumbers,H45-1,0,1,1)=0,"",OFFSET(AccountsNumbers,H45-1,0,1,1)) | K45: =IF($I45="","",SUMPRODUCT((Journaal!$E$5:$E$1000=$J45)*(Journaal!$F$5:$F$1000))+K10) | L45: =IF($I45="","",SUMPRODUCT((Journaal!$E$5:$E$1000=$J45)*(Journaal!$G$5:$G$1000))+L10) | N45: =IF(I45<>"",L45-K45,"")
A46: =IF(ISERROR(MATCH($B$4,OFFSET(AccountsGroup,A45,0),0))=TRUE,ROWS(AccountsGroup),MATCH($B$4,OFFSET(AccountsGroup,A45,0),0))+A45 -> 227 | B46: =IF(OFFSET(Accountsnames,A46-1,0,1,1)=0,"",OFFSET(Accountsnames,A46-1,0,1,1)) | C46: =IF(OFFSET(AccountsNumbers,A46-1,0,1,1)=0,"",OFFSET(AccountsNumbers,A46-1,0,1,1)) | D46: =IF($B46="","",SUMPRODUCT((Journaal!$E$5:$E$1000=$C46)*(Journaal!$F$5:$F$1000))+D11) | E46: =IF($B46="","",SUMPRODUCT((Journaal!$E$5:$E$1000=$C46)*(Journaal!$G$5:$G$1000))+E11) | G46: =IF(B46<>"",D46-E46,"") | H46: =IF(ISERROR(MATCH($I$4,OFFSET(AccountsGroup,H45,0),0))=TRUE,ROWS(AccountsGroup),MATCH($I$4,OFFSET(AccountsGroup,H45,0),0))+H45 -> 581 | I46: =IF(OFFSET(Accountsnames,H46-1,0,1,1)=0,"",OFFSET(Accountsnames,H46-1,0,1,1)) | J46: =IF(OFFSET(AccountsNumbers,H46-1,0,1,1)=0,"",OFFSET(AccountsNumbers,H46-1,0,1,1)) | K46: =IF($I46="","",SUMPRODUCT((Journaal!$E$5:$E$1000=$J46)*(Journaal!$F$5:$F$1000))+K11) | L46: =IF($I46="","",SUMPRODUCT((Journaal!$E$5:$E$1000=$J46)*(Journaal!$G$5:$G$1000))+L11) | N46: =IF(I46<>"",L46-K46,"")
N47: =IF(I47<>"",L47-K47,"")
B48: =B13 -> Financiële Bezittingen | C48: Rekeningnummer | I48: Schulden | J48: Rekeningnummer
A49: =IF(ISERROR(MATCH($B$13,OFFSET(AccountsGroup,A48,0),0))=TRUE,ROWS(AccountsGroup),MATCH($B$13,OFFSET(AccountsGroup,A48,0),0))+A48 -> 6 | B49: =IF(OFFSET(Accountsnames,A49-1,0,1,1)=0,"",OFFSET(Accountsnames,A49-1,0,1,1)) -> Kas | C49: =IF(OFFSET(AccountsNumbers,A49-1,0,1,1)=0,"",OFFSET(AccountsNumbers,A49-1,0,1,1)) -> 1000 | D49: =IF($B49="","",SUMPRODUCT((Journaal!$E$5:$E$1000=$C49)*(Journaal!$F$5:$F$1000))+D14) -> 150 | E49: =IF($B49="","",SUMPRODUCT((Journaal!$E$5:$E$1000=$C49)*(Journaal!$G$5:$G$1000))+E14) -> 0 | G49: =IF(B49<>"",D49-E49,"") -> 150 | H49: =IF(ISERROR(MATCH($I$13,OFFSET(AccountsGroup,H48,0),0))=TRUE,ROWS(AccountsGroup),MATCH($I$13,OFFSET(AccountsGroup,H48,0),0))+H48 -> 11 | I49: =IF(OFFSET(Accountsnames,H49-1,0,1,1)=0,"",OFFSET(Accountsnames,H49-1,0,1,1)) -> Crediteuren | J49: =IF(OFFSET(AccountsNumbers,H49-1,0,1,1)=0,"",OFFSET(AccountsNumbers,H49-1,0,1,1)) -> 1600 | K49: =IF($I49="","",SUMPRODUCT((Journaal!$E$5:$E$1000=$J49)*(Journaal!$F$5:$F$1000))+K14) -> 14778.09 | L49: =IF($I49="","",SUMPRODUCT((Journaal!$E$5:$E$1000=$J49)*(Journaal!$G$5:$G$1000))+L14) -> 8730.19 | N49: =IF(I49<>"",L49-K49,"") -> -6047.9
A50: =IF(ISERROR(MATCH($B$13,OFFSET(AccountsGroup,A49,0),0))=TRUE,ROWS(AccountsGroup),MATCH($B$13,OFFSET(AccountsGroup,A49,0),0))+A49 -> 7 | B50: =IF(OFFSET(Accountsnames,A50-1,0,1,1)=0,"",OFFSET(Accountsnames,A50-1,0,1,1)) -> Bank | C50: =IF(OFFSET(AccountsNumbers,A50-1,0,1,1)=0,"",OFFSET(AccountsNumbers,A50-1,0,1,1)) -> 1020 | D50: =IF($B50="","",SUMPRODUCT((Journaal!$E$5:$E$1000=$C50)*(Journaal!$F$5:$F$1000))+D15) -> 13789.51 | E50: =IF($B50="","",SUMPRODUCT((Journaal!$E$5:$E$1000=$C50)*(Journaal!$G$5:$G$1000))+E15) -> 10859.59 | G50: =IF(B50<>"",D50-E50,"") -> 2929.92 | H50: =IF(ISERROR(MATCH($I$13,OFFSET(AccountsGroup,H49,0),0))=TRUE,ROWS(AccountsGroup),MATCH($I$13,OFFSET(AccountsGroup,H49,0),0))+H49 -> 12 | I50: =IF(OFFSET(Accountsnames,H50-1,0,1,1)=0,"",OFFSET(Accountsnames,H50-1,0,1,1)) -> Nog te ontv.facturen (te beta) | J50: =IF(OFFSET(AccountsNumbers,H50-1,0,1,1)=0,"",OFFSET(AccountsNumbers,H50-1,0,1,1)) -> 1610 | K50: =IF($I50="","",SUMPRODUCT((Journaal!$E$5:$E$1000=$J50)*(Journaal!$F$5:$F$1000))+K15) -> 0 | L50: =IF($I50="","",SUMPRODUCT((Journaal!$E$5:$E$1000=$J50)*(Journaal!$G$5:$G$1000))+L15) -> 0 | N50: =IF(I50<>"",L50-K50,"") -> 0
A51: =IF(ISERROR(MATCH($B$13,OFFSET(AccountsGroup,A50,0),0))=TRUE,ROWS(AccountsGroup),MATCH($B$13,OFFSET(AccountsGroup,A50,0),0))+A50 -> 8 | B51: =IF(OFFSET(Accountsnames,A51-1,0,1,1)=0,"",OFFSET(Accountsnames,A51-1,0,1,1)) -> Creditcard | C51: =IF(OFFSET(AccountsNumbers,A51-1,0,1,1)=0,"",OFFSET(AccountsNumbers,A51-1,0,1,1)) -> 1030 | D51: =IF($B51="","",SUMPRODUCT((Journaal!$E$5:$E$1000=$C51)*(Journaal!$F$5:$F$1000))+D16) -> 13009.33 | E51: =IF($B51="","",SUMPRODUCT((Journaal!$E$5:$E$1000=$C51)*(Journaal!$G$5:$G$1000))+E16) -> 9485.19 | G51: =IF(B51<>"",D51-E51,"") -> 3524.14 | H51: =IF(ISERROR(MATCH($I$13,OFFSET(AccountsGroup,H50,0),0))=TRUE,ROWS(AccountsGroup),MATCH($I$13,OFFSET(AccountsGroup,H50,0),0))+H50 -> 13 | I51: =IF(OFFSET(Accountsnames,H51-1,0,1,1)=0,"",OFFSET(Accountsnames,H51-1,0,1,1)) -> Rek.courant (roodstand) | J51: =IF(OFFSET(AccountsNumbers,H51-1,0,1,1)=0,"",OFFSET(AccountsNumbers,H51-1,0,1,1)) -> 1620 | K51: =IF($I51="","",SUMPRODUCT((Journaal!$E$5:$E$1000=$J51)*(Journaal!$F$5:$F$1000))+K16) -> 0 | L51: =IF($I51="","",SUMPRODUCT((Journaal!$E$5:$E$1000=$J51)*(Journaal!$G$5:$G$1000))+L16) -> 0 | N51: =IF(I51<>"",L51-K51,"") -> 0
A52: =IF(ISERROR(MATCH($B$13,OFFSET(AccountsGroup,A51,0),0))=TRUE,ROWS(AccountsGroup),MATCH($B$13,OFFSET(AccountsGroup,A51,0),0))+A51 -> 9 | B52: =IF(OFFSET(Accountsnames,A52-1,0,1,1)=0,"",OFFSET(Accountsnames,A52-1,0,1,1)) -> Kruisposten | C52: =IF(OFFSET(AccountsNumbers,A52-1,0,1,1)=0,"",OFFSET(AccountsNumbers,A52-1,0,1,1)) -> 1090 | D52: =IF($B52="","",SUMPRODUCT((Journaal!$E$5:$E$1000=$C52)*(Journaal!$F$5:$F$1000))+D17) -> 150 | E52: =IF($B52="","",SUMPRODUCT((Journaal!$E$5:$E$1000=$C52)*(Journaal!$G$5:$G$1000))+E17) -> 0 | G52: =IF(B52<>"",D52-E52,"") -> 150 | H52: =IF(ISERROR(MATCH($I$13,OFFSET(AccountsGroup,H51,0),0))=TRUE,ROWS(AccountsGroup),MATCH($I$13,OFFSET(AccountsGroup,H51,0),0))+H51 -> 14 | I52: =IF(OFFSET(Accountsnames,H52-1,0,1,1)=0,"",OFFSET(Accountsnames,H52-1,0,1,1)) -> Rente/bankkosten nog te betal. | J52: =IF(OFFSET(AccountsNumbers,H52-1,0,1,1)=0,"",OFFSET(AccountsNumbers,H52-1,0,1,1)) -> 1640 | K52: =IF($I52="","",SUMPRODUCT((Journaal!$E$5:$E$1000=$J52)*(Journaal!$F$5:$F$1000))+K17) -> 0 | L52: =IF($I52="","",SUMPRODUCT((Journaal!$E$5:$E$1000=$J52)*(Journaal!$G$5:$G$1000))+L17) -> 0 | N52: =IF(I52<>"",L52-K52,"") -> 0
A53: =IF(ISERROR(MATCH($B$13,OFFSET(AccountsGroup,A52,0),0))=TRUE,ROWS(AccountsGroup),MATCH($B$13,OFFSET(AccountsGroup,A52,0),0))+A52 -> 10 | B53: =IF(OFFSET(Accountsnames,A53-1,0,1,1)=0,"",OFFSET(Accountsnames,A53-1,0,1,1)) -> Debiteuren | C53: =IF(OFFSET(AccountsNumbers,A53-1,0,1,1)=0,"",OFFSET(AccountsNumbers,A53-1,0,1,1)) -> 1300 | D53: =IF($B53="","",SUMPRODUCT((Journaal!$E$5:$E$1000=$C53)*(Journaal!$F$5:$F$1000))+D18) -> 11005.81 | E53: =IF($B53="","",SUMPRODUCT((Journaal!$E$5:$E$1000=$C53)*(Journaal!$G$5:$G$1000))+E18) -> 18805.59 | G53: =IF(B53<>"",D53-E53,"") -> -7799.78 | H53: =IF(ISERROR(MATCH($I$13,OFFSET(AccountsGroup,H52,0),0))=TRUE,ROWS(AccountsGroup),MATCH($I$13,OFFSET(AccountsGroup,H52,0),0))+H52 -> 15 | I53: =IF(OFFSET(Accountsnames,H53-1,0,1,1)=0,"",OFFSET(Accountsnames,H53-1,0,1,1)) -> OB 2020 kw.4 | J53: =IF(OFFSET(AccountsNumbers,H53-1,0,1,1)=0,"",OFFSET(AccountsNumbers,H53-1,0,1,1)) -> 1650 | K53: =IF($I53="","",SUMPRODUCT((Journaal!$E$5:$E$1000=$J53)*(Journaal!$F$5:$F$1000))+K18) -> 1410 | L53: =IF($I53="","",SUMPRODUCT((Journaal!$E$5:$E$1000=$J53)*(Journaal!$G$5:$G$1000))+L18) -> 1410 | N53: =IF(I53<>"",L53-K53,"") -> 0
A54: =IF(ISERROR(MATCH($B$13,OFFSET(AccountsGroup,A53,0),0))=TRUE,ROWS(AccountsGroup),MATCH($B$13,OFFSET(AccountsGroup,A53,0),0))+A53 -> 121 | B54: =IF(OFFSET(Accountsnames,A54-1,0,1,1)=0,"",OFFSET(Accountsnames,A54-1,0,1,1)) | C54: =IF(OFFSET(AccountsNumbers,A54-1,0,1,1)=0,"",OFFSET(AccountsNumbers,A54-1,0,1,1)) | D54: =IF($B54="","",SUMPRODUCT((Journaal!$E$5:$E$1000=$C54)*(Journaal!$F$5:$F$1000))+D19) | E54: =IF($B54="","",SUMPRODUCT((Journaal!$E$5:$E$1000=$C54)*(Journaal!$G$5:$G$1000))+E19) | G54: =IF(B54<>"",D54-E54,"") | H54: =IF(ISERROR(MATCH($I$13,OFFSET(AccountsGroup,H53,0),0))=TRUE,ROWS(AccountsGroup),MATCH($I$13,OFFSET(AccountsGroup,H53,0),0))+H53 -> 16 | I54: =IF(OFFSET(Accountsnames,H54-1,0,1,1)=0,"",OFFSET(Accountsnames,H54-1,0,1,1)) -> OB 2020 suppl. | J54: =IF(OFFSET(AccountsNumbers,H54-1,0,1,1)=0,"",OFFSET(AccountsNumbers,H54-1,0,1,1)) -> 1651 | K54: =IF($I54="","",SUMPRODUCT((Journaal!$E$5:$E$1000=$J54)*(Journaal!$F$5:$F$1000))+K19) -> 0 | L54: =IF($I54="","",SUMPRODUCT((Journaal!$E$5:$E$1000=$J54)*(Journaal!$G$5:$G$1000))+L19) -> 29 | N54: =IF(I54<>"",L54-K54,"") -> 29
A55: =IF(ISERROR(MATCH($B$13,OFFSET(AccountsGroup,A54,0),0))=TRUE,ROWS(AccountsGroup),MATCH($B$13,OFFSET(AccountsGroup,A54,0),0))+A54 -> 232 | B55: =IF(OFFSET(Accountsnames,A55-1,0,1,1)=0,"",OFFSET(Accountsnames,A55-1,0,1,1)) | C55: =IF(OFFSET(AccountsNumbers,A55-1,0,1,1)=0,"",OFFSET(AccountsNumbers,A55-1,0,1,1)) | D55: =IF($B55="","",SUMPRODUCT((Journaal!$E$5:$E$1000=$C55)*(Journaal!$F$5:$F$1000))+D20) | E55: =IF($B55="","",SUMPRODUCT((Journaal!$E$5:$E$1000=$C55)*(Journaal!$G$5:$G$1000))+E20) | G55: =IF(B55<>"",D55-E55,"") | H55: =IF(ISERROR(MATCH($I$13,OFFSET(AccountsGroup,H54,0),0))=TRUE,ROWS(AccountsGroup),MATCH($I$13,OFFSET(AccountsGroup,H54,0),0))+H54 -> 17 | I55: =IF(OFFSET(Accountsnames,H55-1,0,1,1)=0,"",OFFSET(Accountsnames,H55-1,0,1,1)) -> Btw hoog af te dragen | J55: =IF(OFFSET(AccountsNumbers,H55-1,0,1,1)=0,"",OFFSET(AccountsNumbers,H55-1,0,1,1)) -> 1701 | K55: =IF($I55="","",SUMPRODUCT((Journaal!$E$5:$E$1000=$J55)*(Journaal!$F$5:$F$1000))+K20) -> 0 | L55: =IF($I55="","",SUMPRODUCT((Journaal!$E$5:$E$1000=$J55)*(Journaal!$G$5:$G$1000))+L20) -> 0 | N55: =IF(I55<>"",L55-K55,"") -> 0
A56: =IF(ISERROR(MATCH($B$13,OFFSET(AccountsGroup,A55,0),0))=TRUE,ROWS(AccountsGroup),MATCH($B$13,OFFSET(AccountsGroup,A55,0),0))+A55 -> 343 | B56: =IF(OFFSET(Accountsnames,A56-1,0,1,1)=0,"",OFFSET(Accountsnames,A56-1,0,1,1)) | C56: =IF(OFFSET(AccountsNumbers,A56-1,0,1,1)=0,"",OFFSET(AccountsNumbers,A56-1,0,1,1)) | D56: =IF($B56="","",SUMPRODUCT((Journaal!$E$5:$E$1000=$C56)*(Journaal!$F$5:$F$1000))+D21) | E56: =IF($B56="","",SUMPRODUCT((Journaal!$E$5:$E$1000=$C56)*(Journaal!$G$5:$G$1000))+E21) | G56: =IF(B56<>"",D56-E56,"") | H56: =IF(ISERROR(MATCH($I$13,OFFSET(AccountsGroup,H55,0),0))=TRUE,ROWS(AccountsGroup),MATCH($I$13,OFFSET(AccountsGroup,H55,0),0))+H55 -> 18 | I56: =IF(OFFSET(Accountsnames,H56-1,0,1,1)=0,"",OFFSET(Accountsnames,H56-1,0,1,1)) -> Btw laag af te dragen | J56: =IF(OFFSET(AccountsNumbers,H56-1,0,1,1)=0,"",OFFSET(AccountsNumbers,H56-1,0,1,1)) -> 1702 | K56: =IF($I56="","",SUMPRODUCT((Journaal!$E$5:$E$1000=$J56)*(Journaal!$F$5:$F$1000))+K21) -> 0 | L56: =IF($I56="","",SUMPRODUCT((Journaal!$E$5:$E$1000=$J56)*(Journaal!$G$5:$G$1000))+L21) -> 0 | N56: =IF(I56<>"",L56-K56,"") -> 0
A57: =IF(ISERROR(MATCH($B$13,OFFSET(AccountsGroup,A56,0),0))=TRUE,ROWS(AccountsGroup),MATCH($B$13,OFFSET(AccountsGroup,A56,0),0))+A56 -> 454 | B57: =IF(OFFSET(Accountsnames,A57-1,0,1,1)=0,"",OFFSET(Accountsnames,A57-1,0,1,1)) | C57: =IF(OFFSET(AccountsNumbers,A57-1,0,1,1)=0,"",OFFSET(AccountsNumbers,A57-1,0,1,1)) | D57: =IF($B57="","",SUMPRODUCT((Journaal!$E$5:$E$1000=$C57)*(Journaal!$F$5:$F$1000))+D22) | E57: =IF($B57="","",SUMPRODUCT((Journaal!$E$5:$E$1000=$C57)*(Journaal!$G$5:$G$1000))+E22) | G57: =IF(B57<>"",D57-E57,"") | H57: =IF(ISERROR(MATCH($I$13,OFFSET(AccountsGroup,H56,0),0))=TRUE,ROWS(AccountsGroup),MATCH($I$13,OFFSET(AccountsGroup,H56,0),0))+H56 -> 19 | I57: =IF(OFFSET(Accountsnames,H57-1,0,1,1)=0,"",OFFSET(Accountsnames,H57-1,0,1,1)) -> Btw hoog te verrekenen | J57: =IF(OFFSET(AccountsNumbers,H57-1,0,1,1)=0,"",OFFSET(AccountsNumbers,H57-1,0,1,1)) -> 1703 | K57: =IF($I57="","",SUMPRODUCT((Journaal!$E$5:$E$1000=$J57)*(Journaal!$F$5:$F$1000))+K22) -> 26.03 | L57: =IF($I57="","",SUMPRODUCT((Journaal!$E$5:$E$1000=$J57)*(Journaal!$G$5:$G$1000))+L22) -> 0 | N57: =IF(I57<>"",L57-K57,"") -> -26.03
A58: =IF(ISERROR(MATCH($B$13,OFFSET(AccountsGroup,A57,0),0))=TRUE,ROWS(AccountsGroup),MATCH($B$13,OFFSET(AccountsGroup,A57,0),0))+A57 -> 565 | B58: =IF(OFFSET(Accountsnames,A58-1,0,1,1)=0,"",OFFSET(Accountsnames,A58-1,0,1,1)) | C58: =IF(OFFSET(AccountsNumbers,A58-1,0,1,1)=0,"",OFFSET(AccountsNumbers,A58-1,0,1,1)) | D58: =IF($B58="","",SUMPRODUCT((Journaal!$E$5:$E$1000=$C58)*(Journaal!$F$5:$F$1000))+D23) | E58: =IF($B58="","",SUMPRODUCT((Journaal!$E$5:$E$1000=$C58)*(Journaal!$G$5:$G$1000))+E23) | G58: =IF(B58<>"",D58-E58,"") | H58: =IF(ISERROR(MATCH($I$13,OFFSET(AccountsGroup,H57,0),0))=TRUE,ROWS(AccountsGroup),MATCH($I$13,OFFSET(AccountsGroup,H57,0),0))+H57 -> 20 | I58: =IF(OFFSET(Accountsnames,H58-1,0,1,1)=0,"",OFFSET(Accountsnames,H58-1,0,1,1)) -> Btw laag te verrekenen | J58: =IF(OFFSET(AccountsNumbers,H58-1,0,1,1)=0,"",OFFSET(AccountsNumbers,H58-1,0,1,1)) -> 1704 | K58: =IF($I58="","",SUMPRODUCT((Journaal!$E$5:$E$1000=$J58)*(Journaal!$F$5:$F$1000))+K23) -> 0 | L58: =IF($I58="","",SUMPRODUCT((Journaal!$E$5:$E$1000=$J58)*(Journaal!$G$5:$G$1000))+L23) -> 0 | N58: =IF(I58<>"",L58-K58,"") -> 0
A59: =IF(ISERROR(MATCH($B$13,OFFSET(AccountsGroup,A58,0),0))=TRUE,ROWS(AccountsGroup),MATCH($B$13,OFFSET(AccountsGroup,A58,0),0))+A58 -> 676 | B59: =IF(OFFSET(Accountsnames,A59-1,0,1,1)=0,"",OFFSET(Accountsnames,A59-1,0,1,1)) | C59: =IF(OFFSET(AccountsNumbers,A59-1,0,1,1)=0,"",OFFSET(AccountsNumbers,A59-1,0,1,1)) | D59: =IF($B59="","",SUMPRODUCT((Journaal!$E$5:$E$1000=$C59)*(Journaal!$F$5:$F$1000))+D24) | E59: =IF($B59="","",SUMPRODUCT((Journaal!$E$5:$E$1000=$C59)*(Journaal!$G$5:$G$1000))+E24) | G59: =IF(B59<>"",D59-E59,"") | H59: =IF(ISERROR(MATCH($I$13,OFFSET(AccountsGroup,H58,0),0))=TRUE,ROWS(AccountsGroup),MATCH($I$13,OFFSET(AccountsGroup,H58,0),0))+H58 -> 21 | I59: =IF(OFFSET(Accountsnames,H59-1,0,1,1)=0,"",OFFSET(Accountsnames,H59-1,0,1,1)) -> Btw privegebruik | J59: =IF(OFFSET(AccountsNumbers,H59-1,0,1,1)=0,"",OFFSET(AccountsNumbers,H59-1,0,1,1)) -> 1710 | K59: =IF($I59="","",SUMPRODUCT((Journaal!$E$5:$E$1000=$J59)*(Journaal!$F$5:$F$1000))+K24) -> 0 | L59: =IF($I59="","",SUMPRODUCT((Journaal!$E$5:$E$1000=$J59)*(Journaal!$G$5:$G$1000))+L24) -> 0 | N59: =IF(I59<>"",L59-K59,"") -> 0
A60: =IF(ISERROR(MATCH($B$13,OFFSET(AccountsGroup,A59,0),0))=TRUE,ROWS(AccountsGroup),MATCH($B$13,OFFSET(AccountsGroup,A59,0),0))+A59 -> 787 | B60: =IF(OFFSET(Accountsnames,A60-1,0,1,1)=0,"",OFFSET(Accountsnames,A60-1,0,1,1)) | C60: =IF(OFFSET(AccountsNumbers,A60-1,0,1,1)=0,"",OFFSET(AccountsNumbers,A60-1,0,1,1)) | D60: =IF($B60="","",SUMPRODUCT((Journaal!$E$5:$E$1000=$C60)*(Journaal!$F$5:$F$1000))+D25) | E60: =IF($B60="","",SUMPRODUCT((Journaal!$E$5:$E$1000=$C60)*(Journaal!$G$5:$G$1000))+E25) | G60: =IF(B60<>"",D60-E60,"") | H60: =IF(ISERROR(MATCH($I$13,OFFSET(AccountsGroup,H59,0),0))=TRUE,ROWS(AccountsGroup),MATCH($I$13,OFFSET(AccountsGroup,H59,0),0))+H59 -> 22 | I60: =IF(OFFSET(Accountsnames,H60-1,0,1,1)=0,"",OFFSET(Accountsnames,H60-1,0,1,1)) -> Btw bet./ontv. lopend boekjaar | J60: =IF(OFFSET(AccountsNumbers,H60-1,0,1,1)=0,"",OFFSET(AccountsNumbers,H60-1,0,1,1)) -> 1750 | K60: =IF($I60="","",SUMPRODUCT((Journaal!$E$5:$E$1000=$J60)*(Journaal!$F$5:$F$1000))+K25) -> 0 | L60: =IF($I60="","",SUMPRODUCT((Journaal!$E$5:$E$1000=$J60)*(Journaal!$G$5:$G$1000))+L25) -> 0 | N60: =IF(I60<>"",L60-K60,"") -> 0
... A66: =IF(ISERROR(MATCH($B$13,OFFSET(AccountsGroup,A65,0),0))=TRUE,ROWS(AccountsGroup),MATCH($B$13,OFFSET(AccountsGroup,A65,0),0))+A65 -> 1453 | B66: =IF(OFFSET(Accountsnames,A66-1,0,1,1)=0,"",OFFSET(Accountsnames,A66-1,0,1,1)) | C66: =IF(OFFSET(AccountsNumbers,A66-1,0,1,1)=0,"",OFFSET(AccountsNumbers,A66-1,0,1,1)) | D66: =IF($B66="","",SUMPRODUCT((Journaal!$E$5:$E$1000=$C66)*(Journaal!$F$5:$F$1000))+D31) | E66: =IF($B66="","",SUMPRODUCT((Journaal!$E$5:$E$1000=$C66)*(Journaal!$G$5:$G$1000))+E31) | G66: =IF(B66<>"",D66-E66,"") | H66: =IF(ISERROR(MATCH($I$13,OFFSET(AccountsGroup,H65,0),0))=TRUE,ROWS(AccountsGroup),MATCH($I$13,OFFSET(AccountsGroup,H65,0),0))+H65 -> 468 | I66: =IF(OFFSET(Accountsnames,H66-1,0,1,1)=0,"",OFFSET(Accountsnames,H66-1,0,1,1)) | J66: =IF(OFFSET(AccountsNumbers,H66-1,0,1,1)=0,"",OFFSET(AccountsNumbers,H66-1,0,1,1)) | K66: =IF($I66="","",SUMPRODUCT((Journaal!$E$5:$E$1000=$J66)*(Journaal!$F$5:$F$1000))+K31) | L66: =IF($I66="","",SUMPRODUCT((Journaal!$E$5:$E$1000=$J66)*(Journaal!$G$5:$G$1000))+L31) | N66: =IF(I66<>"",L66-K66,"")
A67: =IF(ISERROR(MATCH($B$13,OFFSET(AccountsGroup,A66,0),0))=TRUE,ROWS(AccountsGroup),MATCH($B$13,OFFSET(AccountsGroup,A66,0),0))+A66 -> 1564 | B67: =IF(OFFSET(Accountsnames,A67-1,0,1,1)=0,"",OFFSET(Accountsnames,A67-1,0,1,1)) | C67: =IF(OFFSET(AccountsNumbers,A67-1,0,1,1)=0,"",OFFSET(AccountsNumbers,A67-1,0,1,1)) | D67: =IF($B67="","",SUMPRODUCT((Journaal!$E$5:$E$1000=$C67)*(Journaal!$F$5:$F$1000))) | E67: =IF($B67="","",SUMPRODUCT((Journaal!$E$5:$E$1000=$C67)*(Journaal!$G$5:$G$1000))) | G67: =IF(B67<>"",D67-E67,"") | H67: =IF(ISERROR(MATCH($I$13,OFFSET(AccountsGroup,H66,0),0))=TRUE,ROWS(AccountsGroup),MATCH($I$13,OFFSET(AccountsGroup,H66,0),0))+H66 -> 579 | I67: =IF(OFFSET(Accountsnames,H67-1,0,1,1)=0,"",OFFSET(Accountsnames,H67-1,0,1,1)) | J67: =IF(OFFSET(AccountsNumbers,H67-1,0,1,1)=0,"",OFFSET(AccountsNumbers,H67-1,0,1,1)) | K67: =IF($I67="","",SUMPRODUCT((Journaal!$E$5:$E$1000=$J67)*(Journaal!$F$5:$F$1000))+K32) | L67: =IF($I67="","",SUMPRODUCT((Journaal!$E$5:$E$1000=$J67)*(Journaal!$G$5:$G$1000))+L32) | N67: =IF(I67<>"",L67-K67,"")
A68: =IF(ISERROR(MATCH($B$13,OFFSET(AccountsGroup,A67,0),0))=TRUE,ROWS(AccountsGroup),MATCH($B$13,OFFSET(AccountsGroup,A67,0),0))+A67 -> 1675 | B68: =IF(OFFSET(Accountsnames,A68-1,0,1,1)=0,"",OFFSET(Accountsnames,A68-1,0,1,1)) | D68: =IF($B68="","",SUMPRODUCT((Journaal!$E$5:$E$1000=$C68)*(Journaal!$F$5:$F$1000))) | E68: =IF($B68="","",SUMPRODUCT((Journaal!$E$5:$E$1000=$C68)*(Journaal!$G$5:$G$1000))) | H68: =IF(ISERROR(MATCH($I$13,OFFSET(AccountsGroup,H67,0),0))=TRUE,ROWS(AccountsGroup),MATCH($I$13,OFFSET(AccountsGroup,H67,0),0))+H67 -> 690 | I68: =IF(OFFSET(Accountsnames,H68-1,0,1,1)=0,"",OFFSET(Accountsnames,H68-1,0,1,1)) | J68: =IF(OFFSET(AccountsNumbers,H68-1,0,1,1)=0,"",OFFSET(AccountsNumbers,H68-1,0,1,1)) | K68: =IF($I68="","",SUMPRODUCT((Journaal!$E$5:$E$1000=$J68)*(Journaal!$F$5:$F$1000))+K33) | L68: =IF($I68="","",SUMPRODUCT((Journaal!$E$5:$E$1000=$J68)*(Journaal!$G$5:$G$1000))+L33) | N68: =IF(I68<>"",L68-K68,"")
B69: =B32 -> Totaal | G69: =SUM(G40:G62) -> 121706.28 | I69: =I32 -> Totaal | N69: =SUM(N40:N62) -> 121706.28

Sheet Debiteuren
B2: Debiteuren | C2: 1300 | J2: Debiteur | K2: Elektro Internationaal bv | L2: <<< Kies debiteur
A4: Rekening | B4: Naam | C4: Startbedrag | D4: Debet | E4: Credit | F4: Mutatie | G4: Saldo | I4: Naam | J4: Nr | K4: Datum | L4: Rekening | M4: Rekeningnummer | N4: Debet | O4: Credit | P4: Omschrijving
A5: =C2 -> 1300 | B5: =IF(OFFSET(Debtors,ROW()-5,0,1,1)<>"",OFFSET(Debtors,ROW()-5,0,1,1),"") -> Transportbedrijf Dijkstra | D5: =IF(B5="","",SUMPRODUCT((Journaal!$H$5:$H$1000=$B5)*(Journaal!$F$5:$F$1000))) -> 0 | E5: =IF(B5="","",SUMPRODUCT((Journaal!$H$5:$H$1000=$B5)*(Journaal!$G$5:$G$1000))) -> 0 | F5: =IF(B5<>"",D5-E5,"") -> 0 | G5: =IF(B5="","",C5+F5) -> 0 | I5: =MATCH($K$2,OFFSET(Journaal!$H$5,0,0,Journaal!$D$3,1),0) -> 71 | J5: =IF(ISERROR($I5)=TRUE,"",OFFSET(Journaal!B$4,$I5,0)) -> 36 | K5: =IF(ISERROR($I5)=TRUE,"",OFFSET(Journaal!C$4,$I5,0)) -> 44590 | L5: =IF(ISERROR($I5)=TRUE,"",OFFSET(Journaal!D$4,$I5,0)) -> Debiteuren | M5: =IF(ISERROR($I5)=TRUE,"",OFFSET(Journaal!E$4,$I5,0)) -> 1300 | N5: =IF(ISERROR($I5)=TRUE,"",OFFSET(Journaal!F$4,$I5,0)) -> 0 | O5: =IF(ISERROR($I5)=TRUE,"",OFFSET(Journaal!G$4,$I5,0)) -> 1000 | P5: =IF(ISERROR($I5)=TRUE,"",IF(OFFSET(Journaal!I$4,$I5,0)=0,"",OFFSET(Journaal!I$4,$I5,0))) -> Order 2345 (deelontvangst)
A6: =A5 -> 1300 | B6: =IF(OFFSET(Debtors,ROW()-5,0,1,1)<>"",OFFSET(Debtors,ROW()-5,0,1,1),"") -> De Groene Pers | D6: =IF(B6="","",SUMPRODUCT((Journaal!$H$5:$H$1000=$B6)*(Journaal!$F$5:$F$1000))) -> 0 | E6: =IF(B6="","",SUMPRODUCT((Journaal!$H$5:$H$1000=$B6)*(Journaal!$G$5:$G$1000))) -> 0 | F6: =IF(B6<>"",D6-E6,"") -> 0 | G6: =IF(B6="","",C6+F6) -> 0 | I6: =MATCH($K$2,OFFSET(Journaal!$H$5,I5,0,Journaal!$D$3,1),0)+I5 -> 97 | J6: =IF(ISERROR($I6)=TRUE,"",OFFSET(Journaal!B$4,$I6,0)) -> 49 | K6: =IF(ISERROR($I6)=TRUE,"",OFFSET(Journaal!C$4,$I6,0)) -> 44586 | L6: =IF(ISERROR($I6)=TRUE,"",OFFSET(Journaal!D$4,$I6,0)) -> Debiteuren | M6: =IF(ISERROR($I6)=TRUE,"",OFFSET(Journaal!E$4,$I6,0)) -> 1300 | N6: =IF(ISERROR($I6)=TRUE,"",OFFSET(Journaal!F$4,$I6,0)) -> 0 | O6: =IF(ISERROR($I6)=TRUE,"",OFFSET(Journaal!G$4,$I6,0)) -> 1000 | P6: =IF(ISERROR($I6)=TRUE,"",IF(OFFSET(Journaal!I$4,$I6,0)=0,"",OFFSET(Journaal!I$4,$I6,0))) -> Order 2345 (deelontvangst)
A7: =A6 -> 1300 | B7: =IF(OFFSET(Debtors,ROW()-5,0,1,1)<>"",OFFSET(Debtors,ROW()-5,0,1,1),"") -> Veilingbedrijf Aalsmeer | D7: =IF(B7="","",SUMPRODUCT((Journaal!$H$5:$H$1000=$B7)*(Journaal!$F$5:$F$1000))) -> 0 | E7: =IF(B7="","",SUMPRODUCT((Journaal!$H$5:$H$1000=$B7)*(Journaal!$G$5:$G$1000))) -> 60.97 | F7: =IF(B7<>"",D7-E7,"") -> -60.97 | G7: =IF(B7="","",C7+F7) -> -60.97 | I7: =MATCH($K$2,OFFSET(Journaal!$H$5,I6,0,Journaal!$D$3,1),0)+I6 -> #N/A | J7: =IF(ISERROR($I7)=TRUE,"",OFFSET(Journaal!B$4,$I7,0)) | K7: =IF(ISERROR($I7)=TRUE,"",OFFSET(Journaal!C$4,$I7,0)) | L7: =IF(ISERROR($I7)=TRUE,"",OFFSET(Journaal!D$4,$I7,0)) | M7: =IF(ISERROR($I7)=TRUE,"",OFFSET(Journaal!E$4,$I7,0)) | N7: =IF(ISERROR($I7)=TRUE,"",OFFSET(Journaal!F$4,$I7,0)) | O7: =IF(ISERROR($I7)=TRUE,"",OFFSET(Journaal!G$4,$I7,0)) | P7: =IF(ISERROR($I7)=TRUE,"",IF(OFFSET(Journaal!I$4,$I7,0)=0,"",OFFSET(Journaal!I$4,$I7,0)))
A8: =A7 -> 1300 | B8: =IF(OFFSET(Debtors,ROW()-5,0,1,1)<>"",OFFSET(Debtors,ROW()-5,0,1,1),"") -> Fietsenfabriek Ralley | D8: =IF(B8="","",SUMPRODUCT((Journaal!$H$5:$H$1000=$B8)*(Journaal!$F$5:$F$1000))) -> 0 | E8: =IF(B8="","",SUMPRODUCT((Journaal!$H$5:$H$1000=$B8)*(Journaal!$G$5:$G$1000))) -> 0 | F8: =IF(B8<>"",D8-E8,"") -> 0 | G8: =IF(B8="","",C8+F8) -> 0 | I8: =MATCH($K$2,OFFSET(Journaal!$H$5,I7,0,Journaal!$D$3,1),0)+I7 -> #N/A | J8: =IF(ISERROR($I8)=TRUE,"",OFFSET(Journaal!B$4,$I8,0)) | K8: =IF(ISERROR($I8)=TRUE,"",OFFSET(Journaal!C$4,$I8,0)) | L8: =IF(ISERROR($I8)=TRUE,"",OFFSET(Journaal!D$4,$I8,0)) | M8: =IF(ISERROR($I8)=TRUE,"",OFFSET(Journaal!E$4,$I8,0)) | N8: =IF(ISERROR($I8)=TRUE,"",OFFSET(Journaal!F$4,$I8,0)) | O8: =IF(ISERROR($I8)=TRUE,"",OFFSET(Journaal!G$4,$I8,0)) | P8: =IF(ISERROR($I8)=TRUE,"",IF(OFFSET(Journaal!I$4,$I8,0)=0,"",OFFSET(Journaal!I$4,$I8,0)))
A9: =A8 -> 1300 | B9: =IF(OFFSET(Debtors,ROW()-5,0,1,1)<>"",OFFSET(Debtors,ROW()-5,0,1,1),"") -> Ontwerpburo Futuro | D9: =IF(B9="","",SUMPRODUCT((Journaal!$H$5:$H$1000=$B9)*(Journaal!$F$5:$F$1000))) -> 0 | E9: =IF(B9="","",SUMPRODUCT((Journaal!$H$5:$H$1000=$B9)*(Journaal!$G$5:$G$1000))) -> 0 | F9: =IF(B9<>"",D9-E9,"") -> 0 | G9: =IF(B9="","",C9+F9) -> 0 | I9: =MATCH($K$2,OFFSET(Journaal!$H$5,I8,0,Journaal!$D$3,1),0)+I8 -> #N/A | J9: =IF(ISERROR($I9)=TRUE,"",OFFSET(Journaal!B$4,$I9,0)) | K9: =IF(ISERROR($I9)=TRUE,"",OFFSET(Journaal!C$4,$I9,0)) | L9: =IF(ISERROR($I9)=TRUE,"",OFFSET(Journaal!D$4,$I9,0)) | M9: =IF(ISERROR($I9)=TRUE,"",OFFSET(Journaal!E$4,$I9,0)) | N9: =IF(ISERROR($I9)=TRUE,"",OFFSET(Journaal!F$4,$I9,0)) | O9: =IF(ISERROR($I9)=TRUE,"",OFFSET(Journaal!G$4,$I9,0)) | P9: =IF(ISERROR($I9)=TRUE,"",IF(OFFSET(Journaal!I$4,$I9,0)=0,"",OFFSET(Journaal!I$4,$I9,0)))
A10: =A9 -> 1300 | B10: =IF(OFFSET(Debtors,ROW()-5,0,1,1)<>"",OFFSET(Debtors,ROW()-5,0,1,1),"") -> Kolinko | D10: =IF(B10="","",SUMPRODUCT((Journaal!$H$5:$H$1000=$B10)*(Journaal!$F$5:$F$1000))) -> 0 | E10: =IF(B10="","",SUMPRODUCT((Journaal!$H$5:$H$1000=$B10)*(Journaal!$G$5:$G$1000))) -> 0 | F10: =IF(B10<>"",D10-E10,"") -> 0 | G10: =IF(B10="","",C10+F10) -> 0 | I10: =MATCH($K$2,OFFSET(Journaal!$H$5,I9,0,Journaal!$D$3,1),0)+I9 -> #N/A | J10: =IF(ISERROR($I10)=TRUE,"",OFFSET(Journaal!B$4,$I10,0)) | K10: =IF(ISERROR($I10)=TRUE,"",OFFSET(Journaal!C$4,$I10,0)) | L10: =IF(ISERROR($I10)=TRUE,"",OFFSET(Journaal!D$4,$I10,0)) | M10: =IF(ISERROR($I10)=TRUE,"",OFFSET(Journaal!E$4,$I10,0)) | N10: =IF(ISERROR($I10)=TRUE,"",OFFSET(Journaal!F$4,$I10,0)) | O10: =IF(ISERROR($I10)=TRUE,"",OFFSET(Journaal!G$4,$I10,0)) | P10: =IF(ISERROR($I10)=TRUE,"",IF(OFFSET(Journaal!I$4,$I10,0)=0,"",OFFSET(Journaal!I$4,$I10,0)))
A11: =A10 -> 1300 | B11: =IF(OFFSET(Debtors,ROW()-5,0,1,1)<>"",OFFSET(Debtors,ROW()-5,0,1,1),"") -> Groothandel Bakker & Zn | D11: =IF(B11="","",SUMPRODUCT((Journaal!$H$5:$H$1000=$B11)*(Journaal!$F$5:$F$1000))) -> 0 | E11: =IF(B11="","",SUMPRODUCT((Journaal!$H$5:$H$1000=$B11)*(Journaal!$G$5:$G$1000))) -> 0 | F11: =IF(B11<>"",D11-E11,"") -> 0 | G11: =IF(B11="","",C11+F11) -> 0 | I11: =MATCH($K$2,OFFSET(Journaal!$H$5,I10,0,Journaal!$D$3,1),0)+I10 -> #N/A | J11: =IF(ISERROR($I11)=TRUE,"",OFFSET(Journaal!B$4,$I11,0)) | K11: =IF(ISERROR($I11)=TRUE,"",OFFSET(Journaal!C$4,$I11,0)) | L11: =IF(ISERROR($I11)=TRUE,"",OFFSET(Journaal!D$4,$I11,0)) | M11: =IF(ISERROR($I11)=TRUE,"",OFFSET(Journaal!E$4,$I11,0)) | N11: =IF(ISERROR($I11)=TRUE,"",OFFSET(Journaal!F$4,$I11,0)) | O11: =IF(ISERROR($I11)=TRUE,"",OFFSET(Journaal!G$4,$I11,0)) | P11: =IF(ISERROR($I11)=TRUE,"",IF(OFFSET(Journaal!I$4,$I11,0)=0,"",OFFSET(Journaal!I$4,$I11,0)))
A12: =A11 -> 1300 | B12: =IF(OFFSET(Debtors,ROW()-5,0,1,1)<>"",OFFSET(Debtors,ROW()-5,0,1,1),"") -> Donker b.v. | D12: =IF(B12="","",SUMPRODUCT((Journaal!$H$5:$H$1000=$B12)*(Journaal!$F$5:$F$1000))) -> 0 | E12: =IF(B12="","",SUMPRODUCT((Journaal!$H$5:$H$1000=$B12)*(Journaal!$G$5:$G$1000))) -> 0 | F12: =IF(B12<>"",D12-E12,"") -> 0 | G12: =IF(B12="","",C12+F12) -> 0 | I12: =MATCH($K$2,OFFSET(Journaal!$H$5,I11,0,Journaal!$D$3,1),0)+I11 -> #N/A | J12: =IF(ISERROR($I12)=TRUE,"",OFFSET(Journaal!B$4,$I12,0)) | K12: =IF(ISERROR($I12)=TRUE,"",OFFSET(Journaal!C$4,$I12,0)) | L12: =IF(ISERROR($I12)=TRUE,"",OFFSET(Journaal!D$4,$I12,0)) | M12: =IF(ISERROR($I12)=TRUE,"",OFFSET(Journaal!E$4,$I12,0)) | N12: =IF(ISERROR($I12)=TRUE,"",OFFSET(Journaal!F$4,$I12,0)) | O12: =IF(ISERROR($I12)=TRUE,"",OFFSET(Journaal!G$4,$I12,0)) | P12: =IF(ISERROR($I12)=TRUE,"",IF(OFFSET(Journaal!I$4,$I12,0)=0,"",OFFSET(Journaal!I$4,$I12,0)))
A13: =A12 -> 1300 | B13: =IF(OFFSET(Debtors,ROW()-5,0,1,1)<>"",OFFSET(Debtors,ROW()-5,0,1,1),"") -> De Groene Leguaan | D13: =IF(B13="","",SUMPRODUCT((Journaal!$H$5:$H$1000=$B13)*(Journaal!$F$5:$F$1000))) -> 0 | E13: =IF(B13="","",SUMPRODUCT((Journaal!$H$5:$H$1000=$B13)*(Journaal!$G$5:$G$1000))) -> 0 | F13: =IF(B13<>"",D13-E13,"") -> 0 | G13: =IF(B13="","",C13+F13) -> 0 | I13: =MATCH($K$2,OFFSET(Journaal!$H$5,I12,0,Journaal!$D$3,1),0)+I12 -> #N/A | J13: =IF(ISERROR($I13)=TRUE,"",OFFSET(Journaal!B$4,$I13,0)) | K13: =IF(ISERROR($I13)=TRUE,"",OFFSET(Journaal!C$4,$I13,0)) | L13: =IF(ISERROR($I13)=TRUE,"",OFFSET(Journaal!D$4,$I13,0)) | M13: =IF(ISERROR($I13)=TRUE,"",OFFSET(Journaal!E$4,$I13,0)) | N13: =IF(ISERROR($I13)=TRUE,"",OFFSET(Journaal!F$4,$I13,0)) | O13: =IF(ISERROR($I13)=TRUE,"",OFFSET(Journaal!G$4,$I13,0)) | P13: =IF(ISERROR($I13)=TRUE,"",IF(OFFSET(Journaal!I$4,$I13,0)=0,"",OFFSET(Journaal!I$4,$I13,0)))
A14: =A13 -> 1300 | B14: =IF(OFFSET(Debtors,ROW()-5,0,1,1)<>"",OFFSET(Debtors,ROW()-5,0,1,1),"") -> Dhr. A.B. de Vries | D14: =IF(B14="","",SUMPRODUCT((Journaal!$H$5:$H$1000=$B14)*(Journaal!$F$5:$F$1000))) -> 0 | E14: =IF(B14="","",SUMPRODUCT((Journaal!$H$5:$H$1000=$B14)*(Journaal!$G$5:$G$1000))) -> 0 | F14: =IF(B14<>"",D14-E14,"") -> 0 | G14: =IF(B14="","",C14+F14) -> 0 | I14: =MATCH($K$2,OFFSET(Journaal!$H$5,I13,0,Journaal!$D$3,1),0)+I13 -> #N/A | J14: =IF(ISERROR($I14)=TRUE,"",OFFSET(Journaal!B$4,$I14,0)) | K14: =IF(ISERROR($I14)=TRUE,"",OFFSET(Journaal!C$4,$I14,0)) | L14: =IF(ISERROR($I14)=TRUE,"",OFFSET(Journaal!D$4,$I14,0)) | M14: =IF(ISERROR($I14)=TRUE,"",OFFSET(Journaal!E$4,$I14,0)) | N14: =IF(ISERROR($I14)=TRUE,"",OFFSET(Journaal!F$4,$I14,0)) | O14: =IF(ISERROR($I14)=TRUE,"",OFFSET(Journaal!G$4,$I14,0)) | P14: =IF(ISERROR($I14)=TRUE,"",IF(OFFSET(Journaal!I$4,$I14,0)=0,"",OFFSET(Journaal!I$4,$I14,0)))
A15: =A14 -> 1300 | B15: =IF(OFFSET(Debtors,ROW()-5,0,1,1)<>"",OFFSET(Debtors,ROW()-5,0,1,1),"") -> Handelsondern. Dijkstra | D15: =IF(B15="","",SUMPRODUCT((Journaal!$H$5:$H$1000=$B15)*(Journaal!$F$5:$F$1000))) -> 0 | E15: =IF(B15="","",SUMPRODUCT((Journaal!$H$5:$H$1000=$B15)*(Journaal!$G$5:$G$1000))) -> 0 | F15: =IF(B15<>"",D15-E15,"") -> 0 | G15: =IF(B15="","",C15+F15) -> 0 | I15: =MATCH($K$2,OFFSET(Journaal!$H$5,I14,0,Journaal!$D$3,1),0)+I14 -> #N/A | J15: =IF(ISERROR($I15)=TRUE,"",OFFSET(Journaal!B$4,$I15,0)) | K15: =IF(ISERROR($I15)=TRUE,"",OFFSET(Journaal!C$4,$I15,0)) | L15: =IF(ISERROR($I15)=TRUE,"",OFFSET(Journaal!D$4,$I15,0)) | M15: =IF(ISERROR($I15)=TRUE,"",OFFSET(Journaal!E$4,$I15,0)) | N15: =IF(ISERROR($I15)=TRUE,"",OFFSET(Journaal!F$4,$I15,0)) | O15: =IF(ISERROR($I15)=TRUE,"",OFFSET(Journaal!G$4,$I15,0)) | P15: =IF(ISERROR($I15)=TRUE,"",IF(OFFSET(Journaal!I$4,$I15,0)=0,"",OFFSET(Journaal!I$4,$I15,0)))
A16: =A15 -> 1300 | B16: =IF(OFFSET(Debtors,ROW()-5,0,1,1)<>"",OFFSET(Debtors,ROW()-5,0,1,1),"") -> Piramide | D16: =IF(B16="","",SUMPRODUCT((Journaal!$H$5:$H$1000=$B16)*(Journaal!$F$5:$F$1000))) -> 0 | E16: =IF(B16="","",SUMPRODUCT((Journaal!$H$5:$H$1000=$B16)*(Journaal!$G$5:$G$1000))) -> 0 | F16: =IF(B16<>"",D16-E16,"") -> 0 | G16: =IF(B16="","",C16+F16) -> 0 | I16: =MATCH($K$2,OFFSET(Journaal!$H$5,I15,0,Journaal!$D$3,1),0)+I15 -> #N/A | J16: =IF(ISERROR($I16)=TRUE,"",OFFSET(Journaal!B$4,$I16,0)) | K16: =IF(ISERROR($I16)=TRUE,"",OFFSET(Journaal!C$4,$I16,0)) | L16: =IF(ISERROR($I16)=TRUE,"",OFFSET(Journaal!D$4,$I16,0)) | M16: =IF(ISERROR($I16)=TRUE,"",OFFSET(Journaal!E$4,$I16,0)) | N16: =IF(ISERROR($I16)=TRUE,"",OFFSET(Journaal!F$4,$I16,0)) | O16: =IF(ISERROR($I16)=TRUE,"",OFFSET(Journaal!G$4,$I16,0)) | P16: =IF(ISERROR($I16)=TRUE,"",IF(OFFSET(Journaal!I$4,$I16,0)=0,"",OFFSET(Journaal!I$4,$I16,0)))
A17: =A16 -> 1300 | B17: =IF(OFFSET(Debtors,ROW()-5,0,1,1)<>"",OFFSET(Debtors,ROW()-5,0,1,1),"") -> De Lepelaar | D17: =IF(B17="","",SUMPRODUCT((Journaal!$H$5:$H$1000=$B17)*(Journaal!$F$5:$F$1000))) -> 0 | E17: =IF(B17="","",SUMPRODUCT((Journaal!$H$5:$H$1000=$B17)*(Journaal!$G$5:$G$1000))) -> 0 | F17: =IF(B17<>"",D17-E17,"") -> 0 | G17: =IF(B17="","",C17+F17) -> 0 | I17: =MATCH($K$2,OFFSET(Journaal!$H$5,I16,0,Journaal!$D$3,1),0)+I16 -> #N/A | J17: =IF(ISERROR($I17)=TRUE,"",OFFSET(Journaal!B$4,$I17,0)) | K17: =IF(ISERROR($I17)=TRUE,"",OFFSET(Journaal!C$4,$I17,0)) | L17: =IF(ISERROR($I17)=TRUE,"",OFFSET(Journaal!D$4,$I17,0)) | M17: =IF(ISERROR($I17)=TRUE,"",OFFSET(Journaal!E$4,$I17,0)) | N17: =IF(ISERROR($I17)=TRUE,"",OFFSET(Journaal!F$4,$I17,0)) | O17: =IF(ISERROR($I17)=TRUE,"",OFFSET(Journaal!G$4,$I17,0)) | P17: =IF(ISERROR($I17)=TRUE,"",IF(OFFSET(Journaal!I$4,$I17,0)=0,"",OFFSET(Journaal!I$4,$I17,0)))
... A1000: =A999 -> 1300 | B1000: =IF(OFFSET(Debtors,ROW()-5,0,1,1)<>"",OFFSET(Debtors,ROW()-5,0,1,1),"") | D1000: =IF(B1000="","",SUMPRODUCT((Journaal!$H$5:$H$1000=$B1000)*(Journaal!$F$5:$F$1000))) | E1000: =IF(B1000="","",SUMPRODUCT((Journaal!$H$5:$H$1000=$B1000)*(Journaal!$G$5:$G$1000))) | F1000: =IF(B1000<>"",D1000-E1000,"") | G1000: =IF(B1000="","",C1000+F1000) | I1000: =MATCH($K$2,OFFSET(Journaal!$H$5,I999,0,Journaal!$D$3,1),0)+I999 -> #N/A | J1000: =IF(ISERROR($I1000)=TRUE,"",OFFSET(Journaal!B$4,$I1000,0)) | K1000: =IF(ISERROR($I1000)=TRUE,"",OFFSET(Journaal!C$4,$I1000,0)) | L1000: =IF(ISERROR($I1000)=TRUE,"",OFFSET(Journaal!D$4,$I1000,0)) | M1000: =IF(ISERROR($I1000)=TRUE,"",OFFSET(Journaal!E$4,$I1000,0)) | N1000: =IF(ISERROR($I1000)=TRUE,"",OFFSET(Journaal!F$4,$I1000,0)) | O1000: =IF(ISERROR($I1000)=TRUE,"",OFFSET(Journaal!G$4,$I1000,0)) | P1000: =IF(ISERROR($I1000)=TRUE,"",IF(OFFSET(Journaal!I$4,$I1000,0)=0,"",OFFSET(Journaal!I$4,$I1000,0)))

Sheet Crediteuren
B2: Crediteuren | C2: 1600 | J2: Crediteur | K2: Miele Nederland bv | L2: <<< Kies crediteur
F3: =SUM(F5:F1000) -> -6047.9 | G3: =SUM(G5:G1000) -> -6047.9 | M3: Totaal | N3: =SUM(N5:N1000) -> 7106.69 | O3: =SUM(O5:O1000) -> 0
A4: Rekeningnummer | B4: Naam | C4: Startbedrag | D4: Debet | E4: Credit | F4: Mutatie | G4: Saldo | I4: Naam | J4: Nr | K4: Datum | L4: Rekening | M4: Rekeningnummer | N4: Debet | O4: Credit | P4: Omschrijving
A5: =C2 -> 1600 | B5: =IF(OFFSET(Creditors,ROW()-5,0,1,1)<>"",OFFSET(Creditors,ROW()-5,0,1,1),"") -> De Gouden Pen | C5: 0 | D5: =IF(B5="","",SUMPRODUCT((Journaal!$H$5:$H$1000=$B5)*(Journaal!$F$5:$F$1000))) -> 0 | E5: =IF(B5="","",SUMPRODUCT((Journaal!$H$5:$H$1000=$B5)*(Journaal!$G$5:$G$1000))) -> 0 | F5: =IF(B5<>"",E5-D5,"") -> 0 | G5: =IF(B5="","",C5+F5) -> 0 | I5: =MATCH($K$2,OFFSET(Journaal!$H$5,0,0,Journaal!$D$3,1),0) -> 67 | J5: =IF(ISERROR($I5)=TRUE,"",OFFSET(Journaal!B$4,$I5,0)) -> 34 | K5: =IF(ISERROR($I5)=TRUE,"",OFFSET(Journaal!C$4,$I5,0)) -> 44589 | L5: =IF(ISERROR($I5)=TRUE,"",OFFSET(Journaal!D$4,$I5,0)) -> Crediteuren | M5: =IF(ISERROR($I5)=TRUE,"",OFFSET(Journaal!E$4,$I5,0)) -> 1600 | N5: =IF(ISERROR($I5)=TRUE,"",OFFSET(Journaal!F$4,$I5,0)) -> 2500 | O5: =IF(ISERROR($I5)=TRUE,"",OFFSET(Journaal!G$4,$I5,0)) -> 0 | P5: =IF(ISERROR($I5)=TRUE,"",IF(OFFSET(Journaal!I$4,$I5,0)=0,"",OFFSET(Journaal!I$4,$I5,0))) -> Miele fact. 123456
A6: =A5 -> 1600 | B6: =IF(OFFSET(Creditors,ROW()-5,0,1,1)<>"",OFFSET(Creditors,ROW()-5,0,1,1),"") -> Rinsema Schoonmaakbedrijf BV | C6: 0 | D6: =IF(B6="","",SUMPRODUCT((Journaal!$H$5:$H$1000=$B6)*(Journaal!$F$5:$F$1000))) -> 0 | E6: =IF(B6="","",SUMPRODUCT((Journaal!$H$5:$H$1000=$B6)*(Journaal!$G$5:$G$1000))) -> 0 | F6: =IF(B6<>"",E6-D6,"") -> 0 | G6: =IF(B6="","",C6+F6) -> 0 | I6: =MATCH($K$2,OFFSET(Journaal!$H$5,I5,0,Journaal!$D$3,1),0)+I5 -> 93 | J6: =IF(ISERROR($I6)=TRUE,"",OFFSET(Journaal!B$4,$I6,0)) -> 47 | K6: =IF(ISERROR($I6)=TRUE,"",OFFSET(Journaal!C$4,$I6,0)) -> 44582 | L6: =IF(ISERROR($I6)=TRUE,"",OFFSET(Journaal!D$4,$I6,0)) -> Crediteuren | M6: =IF(ISERROR($I6)=TRUE,"",OFFSET(Journaal!E$4,$I6,0)) -> 1600 | N6: =IF(ISERROR($I6)=TRUE,"",OFFSET(Journaal!F$4,$I6,0)) -> 4606.69 | O6: =IF(ISERROR($I6)=TRUE,"",OFFSET(Journaal!G$4,$I6,0)) -> 0 | P6: =IF(ISERROR($I6)=TRUE,"",IF(OFFSET(Journaal!I$4,$I6,0)=0,"",OFFSET(Journaal!I$4,$I6,0))) -> Miele fact. 58952
A7: =A6 -> 1600 | B7: =IF(OFFSET(Creditors,ROW()-5,0,1,1)<>"",OFFSET(Creditors,ROW()-5,0,1,1),"") -> Automobielbedrijf Cylinder | C7: 0 | D7: =IF(B7="","",SUMPRODUCT((Journaal!$H$5:$H$1000=$B7)*(Journaal!$F$5:$F$1000))) -> 0 | E7: =IF(B7="","",SUMPRODUCT((Journaal!$H$5:$H$1000=$B7)*(Journaal!$G$5:$G$1000))) -> 0 | F7: =IF(B7<>"",E7-D7,"") -> 0 | G7: =IF(B7="","",C7+F7) -> 0 | I7: =MATCH($K$2,OFFSET(Journaal!$H$5,I6,0,Journaal!$D$3,1),0)+I6 -> #N/A | J7: =IF(ISERROR($I7)=TRUE,"",OFFSET(Journaal!B$4,$I7,0)) | K7: =IF(ISERROR($I7)=TRUE,"",OFFSET(Journaal!C$4,$I7,0)) | L7: =IF(ISERROR($I7)=TRUE,"",OFFSET(Journaal!D$4,$I7,0)) | M7: =IF(ISERROR($I7)=TRUE,"",OFFSET(Journaal!E$4,$I7,0)) | N7: =IF(ISERROR($I7)=TRUE,"",OFFSET(Journaal!F$4,$I7,0)) | O7: =IF(ISERROR($I7)=TRUE,"",OFFSET(Journaal!G$4,$I7,0)) | P7: =IF(ISERROR($I7)=TRUE,"",IF(OFFSET(Journaal!I$4,$I7,0)=0,"",OFFSET(Journaal!I$4,$I7,0)))
A8: =A7 -> 1600 | B8: =IF(OFFSET(Creditors,ROW()-5,0,1,1)<>"",OFFSET(Creditors,ROW()-5,0,1,1),"") -> Verhuurbedrijf Rent | C8: 0 | D8: =IF(B8="","",SUMPRODUCT((Journaal!$H$5:$H$1000=$B8)*(Journaal!$F$5:$F$1000))) -> 0 | E8: =IF(B8="","",SUMPRODUCT((Journaal!$H$5:$H$1000=$B8)*(Journaal!$G$5:$G$1000))) -> 0 | F8: =IF(B8<>"",E8-D8,"") -> 0 | G8: =IF(B8="","",C8+F8) -> 0 | I8: =MATCH($K$2,OFFSET(Journaal!$H$5,I7,0,Journaal!$D$3,1),0)+I7 -> #N/A | J8: =IF(ISERROR($I8)=TRUE,"",OFFSET(Journaal!B$4,$I8,0)) | K8: =IF(ISERROR($I8)=TRUE,"",OFFSET(Journaal!C$4,$I8,0)) | L8: =IF(ISERROR($I8)=TRUE,"",OFFSET(Journaal!D$4,$I8,0)) | M8: =IF(ISERROR($I8)=TRUE,"",OFFSET(Journaal!E$4,$I8,0)) | N8: =IF(ISERROR($I8)=TRUE,"",OFFSET(Journaal!F$4,$I8,0)) | O8: =IF(ISERROR($I8)=TRUE,"",OFFSET(Journaal!G$4,$I8,0)) | P8: =IF(ISERROR($I8)=TRUE,"",IF(OFFSET(Journaal!I$4,$I8,0)=0,"",OFFSET(Journaal!I$4,$I8,0)))
A9: =A8 -> 1600 | B9: =IF(OFFSET(Creditors,ROW()-5,0,1,1)<>"",OFFSET(Creditors,ROW()-5,0,1,1),"") -> Beenes BV | C9: 0 | D9: =IF(B9="","",SUMPRODUCT((Journaal!$H$5:$H$1000=$B9)*(Journaal!$F$5:$F$1000))) -> 0 | E9: =IF(B9="","",SUMPRODUCT((Journaal!$H$5:$H$1000=$B9)*(Journaal!$G$5:$G$1000))) -> 0 | F9: =IF(B9<>"",E9-D9,"") -> 0 | G9: =IF(B9="","",C9+F9) -> 0 | I9: =MATCH($K$2,OFFSET(Journaal!$H$5,I8,0,Journaal!$D$3,1),0)+I8 -> #N/A | J9: =IF(ISERROR($I9)=TRUE,"",OFFSET(Journaal!B$4,$I9,0)) | K9: =IF(ISERROR($I9)=TRUE,"",OFFSET(Journaal!C$4,$I9,0)) | L9: =IF(ISERROR($I9)=TRUE,"",OFFSET(Journaal!D$4,$I9,0)) | M9: =IF(ISERROR($I9)=TRUE,"",OFFSET(Journaal!E$4,$I9,0)) | N9: =IF(ISERROR($I9)=TRUE,"",OFFSET(Journaal!F$4,$I9,0)) | O9: =IF(ISERROR($I9)=TRUE,"",OFFSET(Journaal!G$4,$I9,0)) | P9: =IF(ISERROR($I9)=TRUE,"",IF(OFFSET(Journaal!I$4,$I9,0)=0,"",OFFSET(Journaal!I$4,$I9,0)))
A10: =A9 -> 1600 | B10: =IF(OFFSET(Creditors,ROW()-5,0,1,1)<>"",OFFSET(Creditors,ROW()-5,0,1,1),"") -> Uitzendburo Start | C10: 0 | D10: =IF(B10="","",SUMPRODUCT((Journaal!$H$5:$H$1000=$B10)*(Journaal!$F$5:$F$1000))) -> 0 | E10: =IF(B10="","",SUMPRODUCT((Journaal!$H$5:$H$1000=$B10)*(Journaal!$G$5:$G$1000))) -> 0 | F10: =IF(B10<>"",E10-D10,"") -> 0 | G10: =IF(B10="","",C10+F10) -> 0 | I10: =MATCH($K$2,OFFSET(Journaal!$H$5,I9,0,Journaal!$D$3,1),0)+I9 -> #N/A | J10: =IF(ISERROR($I10)=TRUE,"",OFFSET(Journaal!B$4,$I10,0)) | K10: =IF(ISERROR($I10)=TRUE,"",OFFSET(Journaal!C$4,$I10,0)) | L10: =IF(ISERROR($I10)=TRUE,"",OFFSET(Journaal!D$4,$I10,0)) | M10: =IF(ISERROR($I10)=TRUE,"",OFFSET(Journaal!E$4,$I10,0)) | N10: =IF(ISERROR($I10)=TRUE,"",OFFSET(Journaal!F$4,$I10,0)) | O10: =IF(ISERROR($I10)=TRUE,"",OFFSET(Journaal!G$4,$I10,0)) | P10: =IF(ISERROR($I10)=TRUE,"",IF(OFFSET(Journaal!I$4,$I10,0)=0,"",OFFSET(Journaal!I$4,$I10,0)))
A11: =A10 -> 1600 | B11: =IF(OFFSET(Creditors,ROW()-5,0,1,1)<>"",OFFSET(Creditors,ROW()-5,0,1,1),"") -> Meer & Roodbergen, vd | C11: 0 | D11: =IF(B11="","",SUMPRODUCT((Journaal!$H$5:$H$1000=$B11)*(Journaal!$F$5:$F$1000))) -> 0 | E11: =IF(B11="","",SUMPRODUCT((Journaal!$H$5:$H$1000=$B11)*(Journaal!$G$5:$G$1000))) -> 0 | F11: =IF(B11<>"",E11-D11,"") -> 0 | G11: =IF(B11="","",C11+F11) -> 0 | I11: =MATCH($K$2,OFFSET(Journaal!$H$5,I10,0,Journaal!$D$3,1),0)+I10 -> #N/A | J11: =IF(ISERROR($I11)=TRUE,"",OFFSET(Journaal!B$4,$I11,0)) | K11: =IF(ISERROR($I11)=TRUE,"",OFFSET(Journaal!C$4,$I11,0)) | L11: =IF(ISERROR($I11)=TRUE,"",OFFSET(Journaal!D$4,$I11,0)) | M11: =IF(ISERROR($I11)=TRUE,"",OFFSET(Journaal!E$4,$I11,0)) | N11: =IF(ISERROR($I11)=TRUE,"",OFFSET(Journaal!F$4,$I11,0)) | O11: =IF(ISERROR($I11)=TRUE,"",OFFSET(Journaal!G$4,$I11,0)) | P11: =IF(ISERROR($I11)=TRUE,"",IF(OFFSET(Journaal!I$4,$I11,0)=0,"",OFFSET(Journaal!I$4,$I11,0)))
A12: =A11 -> 1600 | B12: =IF(OFFSET(Creditors,ROW()-5,0,1,1)<>"",OFFSET(Creditors,ROW()-5,0,1,1),"") -> Friese Pers | C12: 0 | D12: =IF(B12="","",SUMPRODUCT((Journaal!$H$5:$H$1000=$B12)*(Journaal!$F$5:$F$1000))) -> 0 | E12: =IF(B12="","",SUMPRODUCT((Journaal!$H$5:$H$1000=$B12)*(Journaal!$G$5:$G$1000))) -> 0 | F12: =IF(B12<>"",E12-D12,"") -> 0 | G12: =IF(B12="","",C12+F12) -> 0 | I12: =MATCH($K$2,OFFSET(Journaal!$H$5,I11,0,Journaal!$D$3,1),0)+I11 -> #N/A | J12: =IF(ISERROR($I12)=TRUE,"",OFFSET(Journaal!B$4,$I12,0)) | K12: =IF(ISERROR($I12)=TRUE,"",OFFSET(Journaal!C$4,$I12,0)) | L12: =IF(ISERROR($I12)=TRUE,"",OFFSET(Journaal!D$4,$I12,0)) | M12: =IF(ISERROR($I12)=TRUE,"",OFFSET(Journaal!E$4,$I12,0)) | N12: =IF(ISERROR($I12)=TRUE,"",OFFSET(Journaal!F$4,$I12,0)) | O12: =IF(ISERROR($I12)=TRUE,"",OFFSET(Journaal!G$4,$I12,0)) | P12: =IF(ISERROR($I12)=TRUE,"",IF(OFFSET(Journaal!I$4,$I12,0)=0,"",OFFSET(Journaal!I$4,$I12,0)))
A13: =A12 -> 1600 | B13: =IF(OFFSET(Creditors,ROW()-5,0,1,1)<>"",OFFSET(Creditors,ROW()-5,0,1,1),"") -> VIK Verenigd Inklaringskantoor | C13: 0 | D13: =IF(B13="","",SUMPRODUCT((Journaal!$H$5:$H$1000=$B13)*(Journaal!$F$5:$F$1000))) -> 0 | E13: =IF(B13="","",SUMPRODUCT((Journaal!$H$5:$H$1000=$B13)*(Journaal!$G$5:$G$1000))) -> 0 | F13: =IF(B13<>"",E13-D13,"") -> 0 | G13: =IF(B13="","",C13+F13) -> 0 | I13: =MATCH($K$2,OFFSET(Journaal!$H$5,I12,0,Journaal!$D$3,1),0)+I12 -> #N/A | J13: =IF(ISERROR($I13)=TRUE,"",OFFSET(Journaal!B$4,$I13,0)) | K13: =IF(ISERROR($I13)=TRUE,"",OFFSET(Journaal!C$4,$I13,0)) | L13: =IF(ISERROR($I13)=TRUE,"",OFFSET(Journaal!D$4,$I13,0)) | M13: =IF(ISERROR($I13)=TRUE,"",OFFSET(Journaal!E$4,$I13,0)) | N13: =IF(ISERROR($I13)=TRUE,"",OFFSET(Journaal!F$4,$I13,0)) | O13: =IF(ISERROR($I13)=TRUE,"",OFFSET(Journaal!G$4,$I13,0)) | P13: =IF(ISERROR($I13)=TRUE,"",IF(OFFSET(Journaal!I$4,$I13,0)=0,"",OFFSET(Journaal!I$4,$I13,0)))
A14: =A13 -> 1600 | B14: =IF(OFFSET(Creditors,ROW()-5,0,1,1)<>"",OFFSET(Creditors,ROW()-5,0,1,1),"") -> KPN Telecom | C14: 0 | D14: =IF(B14="","",SUMPRODUCT((Journaal!$H$5:$H$1000=$B14)*(Journaal!$F$5:$F$1000))) -> 237.25 | E14: =IF(B14="","",SUMPRODUCT((Journaal!$H$5:$H$1000=$B14)*(Journaal!$G$5:$G$1000))) -> 4123.5 | F14: =IF(B14<>"",E14-D14,"") -> 3886.25 | G14: =IF(B14="","",C14+F14) -> 3886.25 | I14: =MATCH($K$2,OFFSET(Journaal!$H$5,I13,0,Journaal!$D$3,1),0)+I13 -> #N/A | J14: =IF(ISERROR($I14)=TRUE,"",OFFSET(Journaal!B$4,$I14,0)) | K14: =IF(ISERROR($I14)=TRUE,"",OFFSET(Journaal!C$4,$I14,0)) | L14: =IF(ISERROR($I14)=TRUE,"",OFFSET(Journaal!D$4,$I14,0)) | M14: =IF(ISERROR($I14)=TRUE,"",OFFSET(Journaal!E$4,$I14,0)) | N14: =IF(ISERROR($I14)=TRUE,"",OFFSET(Journaal!F$4,$I14,0)) | O14: =IF(ISERROR($I14)=TRUE,"",OFFSET(Journaal!G$4,$I14,0)) | P14: =IF(ISERROR($I14)=TRUE,"",IF(OFFSET(Journaal!I$4,$I14,0)=0,"",OFFSET(Journaal!I$4,$I14,0)))
A15: =A14 -> 1600 | B15: =IF(OFFSET(Creditors,ROW()-5,0,1,1)<>"",OFFSET(Creditors,ROW()-5,0,1,1),"") -> Kamer van Koophandel | C15: 0 | D15: =IF(B15="","",SUMPRODUCT((Journaal!$H$5:$H$1000=$B15)*(Journaal!$F$5:$F$1000))) -> 60.65 | E15: =IF(B15="","",SUMPRODUCT((Journaal!$H$5:$H$1000=$B15)*(Journaal!$G$5:$G$1000))) -> 0 | F15: =IF(B15<>"",E15-D15,"") -> -60.65 | G15: =IF(B15="","",C15+F15) -> -60.65 | I15: =MATCH($K$2,OFFSET(Journaal!$H$5,I14,0,Journaal!$D$3,1),0)+I14 -> #N/A | J15: =IF(ISERROR($I15)=TRUE,"",OFFSET(Journaal!B$4,$I15,0)) | K15: =IF(ISERROR($I15)=TRUE,"",OFFSET(Journaal!C$4,$I15,0)) | L15: =IF(ISERROR($I15)=TRUE,"",OFFSET(Journaal!D$4,$I15,0)) | M15: =IF(ISERROR($I15)=TRUE,"",OFFSET(Journaal!E$4,$I15,0)) | N15: =IF(ISERROR($I15)=TRUE,"",OFFSET(Journaal!F$4,$I15,0)) | O15: =IF(ISERROR($I15)=TRUE,"",OFFSET(Journaal!G$4,$I15,0)) | P15: =IF(ISERROR($I15)=TRUE,"",IF(OFFSET(Journaal!I$4,$I15,0)=0,"",OFFSET(Journaal!I$4,$I15,0)))
A16: =A15 -> 1600 | B16: =IF(OFFSET(Creditors,ROW()-5,0,1,1)<>"",OFFSET(Creditors,ROW()-5,0,1,1),"") -> Boer Bevestigingsartikelen bv | C16: 0 | D16: =IF(B16="","",SUMPRODUCT((Journaal!$H$5:$H$1000=$B16)*(Journaal!$F$5:$F$1000))) -> 0 | E16: =IF(B16="","",SUMPRODUCT((Journaal!$H$5:$H$1000=$B16)*(Journaal!$G$5:$G$1000))) -> 0 | F16: =IF(B16<>"",E16-D16,"") -> 0 | G16: =IF(B16="","",C16+F16) -> 0 | I16: =MATCH($K$2,OFFSET(Journaal!$H$5,I15,0,Journaal!$D$3,1),0)+I15 -> #N/A | J16: =IF(ISERROR($I16)=TRUE,"",OFFSET(Journaal!B$4,$I16,0)) | K16: =IF(ISERROR($I16)=TRUE,"",OFFSET(Journaal!C$4,$I16,0)) | L16: =IF(ISERROR($I16)=TRUE,"",OFFSET(Journaal!D$4,$I16,0)) | M16: =IF(ISERROR($I16)=TRUE,"",OFFSET(Journaal!E$4,$I16,0)) | N16: =IF(ISERROR($I16)=TRUE,"",OFFSET(Journaal!F$4,$I16,0)) | O16: =IF(ISERROR($I16)=TRUE,"",OFFSET(Journaal!G$4,$I16,0)) | P16: =IF(ISERROR($I16)=TRUE,"",IF(OFFSET(Journaal!I$4,$I16,0)=0,"",OFFSET(Journaal!I$4,$I16,0)))
A17: =A16 -> 1600 | B17: =IF(OFFSET(Creditors,ROW()-5,0,1,1)<>"",OFFSET(Creditors,ROW()-5,0,1,1),"") -> Inkoopcombinatie | C17: 0 | D17: =IF(B17="","",SUMPRODUCT((Journaal!$H$5:$H$1000=$B17)*(Journaal!$F$5:$F$1000))) -> 0 | E17: =IF(B17="","",SUMPRODUCT((Journaal!$H$5:$H$1000=$B17)*(Journaal!$G$5:$G$1000))) -> 0 | F17: =IF(B17<>"",E17-D17,"") -> 0 | G17: =IF(B17="","",C17+F17) -> 0 | I17: =MATCH($K$2,OFFSET(Journaal!$H$5,I16,0,Journaal!$D$3,1),0)+I16 -> #N/A | J17: =IF(ISERROR($I17)=TRUE,"",OFFSET(Journaal!B$4,$I17,0)) | K17: =IF(ISERROR($I17)=TRUE,"",OFFSET(Journaal!C$4,$I17,0)) | L17: =IF(ISERROR($I17)=TRUE,"",OFFSET(Journaal!D$4,$I17,0)) | M17: =IF(ISERROR($I17)=TRUE,"",OFFSET(Journaal!E$4,$I17,0)) | N17: =IF(ISERROR($I17)=TRUE,"",OFFSET(Journaal!F$4,$I17,0)) | O17: =IF(ISERROR($I17)=TRUE,"",OFFSET(Journaal!G$4,$I17,0)) | P17: =IF(ISERROR($I17)=TRUE,"",IF(OFFSET(Journaal!I$4,$I17,0)=0,"",OFFSET(Journaal!I$4,$I17,0)))
... A24: =A23 -> 1600 | B24: =IF(OFFSET(Creditors,ROW()-5,0,1,1)<>"",OFFSET(Creditors,ROW()-5,0,1,1),"") -> Unive verzekeringen | C24: 0 | D24: =IF(B24="","",SUMPRODUCT((Journaal!$H$5:$H$1000=$B24)*(Journaal!$F$5:$F$1000))) -> 0 | E24: =IF(B24="","",SUMPRODUCT((Journaal!$H$5:$H$1000=$B24)*(Journaal!$G$5:$G$1000))) -> 0 | F24: =IF(B24<>"",E24-D24,"") -> 0 | G24: =IF(B24="","",C24+F24) -> 0 | I24: =MATCH($K$2,OFFSET(Journaal!$H$5,I23,0,Journaal!$D$3,1),0)+I23 -> #N/A | J24: =IF(ISERROR($I24)=TRUE,"",OFFSET(Journaal!B$4,$I24,0)) | K24: =IF(ISERROR($I24)=TRUE,"",OFFSET(Journaal!C$4,$I24,0)) | L24: =IF(ISERROR($I24)=TRUE,"",OFFSET(Journaal!D$4,$I24,0)) | M24: =IF(ISERROR($I24)=TRUE,"",OFFSET(Journaal!E$4,$I24,0)) | N24: =IF(ISERROR($I24)=TRUE,"",OFFSET(Journaal!F$4,$I24,0)) | O24: =IF(ISERROR($I24)=TRUE,"",OFFSET(Journaal!G$4,$I24,0)) | P24: =IF(ISERROR($I24)=TRUE,"",IF(OFFSET(Journaal!I$4,$I24,0)=0,"",OFFSET(Journaal!I$4,$I24,0)))
A25: =A24 -> 1600 | B25: =IF(OFFSET(Creditors,ROW()-5,0,1,1)<>"",OFFSET(Creditors,ROW()-5,0,1,1),"") -> Active 24 | D25: =IF(B25="","",SUMPRODUCT((Journaal!$H$5:$H$1000=$B25)*(Journaal!$F$5:$F$1000))) -> 0 | E25: =IF(B25="","",SUMPRODUCT((Journaal!$H$5:$H$1000=$B25)*(Journaal!$G$5:$G$1000))) -> 0 | F25: =IF(B25<>"",E25-D25,"") -> 0 | G25: =IF(B25="","",C25+F25) -> 0 | I25: =MATCH($K$2,OFFSET(Journaal!$H$5,I24,0,Journaal!$D$3,1),0)+I24 -> #N/A | J25: =IF(ISERROR($I25)=TRUE,"",OFFSET(Journaal!B$4,$I25,0)) | K25: =IF(ISERROR($I25)=TRUE,"",OFFSET(Journaal!C$4,$I25,0)) | L25: =IF(ISERROR($I25)=TRUE,"",OFFSET(Journaal!D$4,$I25,0)) | M25: =IF(ISERROR($I25)=TRUE,"",OFFSET(Journaal!E$4,$I25,0)) | N25: =IF(ISERROR($I25)=TRUE,"",OFFSET(Journaal!F$4,$I25,0)) | O25: =IF(ISERROR($I25)=TRUE,"",OFFSET(Journaal!G$4,$I25,0)) | P25: =IF(ISERROR($I25)=TRUE,"",IF(OFFSET(Journaal!I$4,$I25,0)=0,"",OFFSET(Journaal!I$4,$I25,0)))
A26: =A25 -> 1600 | B26: =IF(OFFSET(Creditors,ROW()-5,0,1,1)<>"",OFFSET(Creditors,ROW()-5,0,1,1),"") -> Falkplan bv | D26: =IF(B26="","",SUMPRODUCT((Journaal!$H$5:$H$1000=$B26)*(Journaal!$F$5:$F$1000))) -> 0 | E26: =IF(B26="","",SUMPRODUCT((Journaal!$H$5:$H$1000=$B26)*(Journaal!$G$5:$G$1000))) -> 0 | F26: =IF(B26<>"",E26-D26,"") -> 0 | G26: =IF(B26="","",C26+F26) -> 0 | I26: =MATCH($K$2,OFFSET(Journaal!$H$5,I25,0,Journaal!$D$3,1),0)+I25 -> #N/A | J26: =IF(ISERROR($I26)=TRUE,"",OFFSET(Journaal!B$4,$I26,0)) | K26: =IF(ISERROR($I26)=TRUE,"",OFFSET(Journaal!C$4,$I26,0)) | L26: =IF(ISERROR($I26)=TRUE,"",OFFSET(Journaal!D$4,$I26,0)) | M26: =IF(ISERROR($I26)=TRUE,"",OFFSET(Journaal!E$4,$I26,0)) | N26: =IF(ISERROR($I26)=TRUE,"",OFFSET(Journaal!F$4,$I26,0)) | O26: =IF(ISERROR($I26)=TRUE,"",OFFSET(Journaal!G$4,$I26,0)) | P26: =IF(ISERROR($I26)=TRUE,"",IF(OFFSET(Journaal!I$4,$I26,0)=0,"",OFFSET(Journaal!I$4,$I26,0)))
A27: =A26 -> 1600 | B27: =IF(OFFSET(Creditors,ROW()-5,0,1,1)<>"",OFFSET(Creditors,ROW()-5,0,1,1),"") -> Consumentenbond | D27: =IF(B27="","",SUMPRODUCT((Journaal!$H$5:$H$1000=$B27)*(Journaal!$F$5:$F$1000))) -> 0 | E27: =IF(B27="","",SUMPRODUCT((Journaal!$H$5:$H$1000=$B27)*(Journaal!$G$5:$G$1000))) -> 0 | F27: =IF(B27<>"",E27-D27,"") -> 0 | G27: =IF(B27="","",C27+F27) -> 0 | I27: =MATCH($K$2,OFFSET(Journaal!$H$5,I26,0,Journaal!$D$3,1),0)+I26 -> #N/A | J27: =IF(ISERROR($I27)=TRUE,"",OFFSET(Journaal!B$4,$I27,0)) | K27: =IF(ISERROR($I27)=TRUE,"",OFFSET(Journaal!C$4,$I27,0)) | L27: =IF(ISERROR($I27)=TRUE,"",OFFSET(Journaal!D$4,$I27,0)) | M27: =IF(ISERROR($I27)=TRUE,"",OFFSET(Journaal!E$4,$I27,0)) | N27: =IF(ISERROR($I27)=TRUE,"",OFFSET(Journaal!F$4,$I27,0)) | O27: =IF(ISERROR($I27)=TRUE,"",OFFSET(Journaal!G$4,$I27,0)) | P27: =IF(ISERROR($I27)=TRUE,"",IF(OFFSET(Journaal!I$4,$I27,0)=0,"",OFFSET(Journaal!I$4,$I27,0)))
A28: =A27 -> 1600 | B28: =IF(OFFSET(Creditors,ROW()-5,0,1,1)<>"",OFFSET(Creditors,ROW()-5,0,1,1),"") -> Interpolis | D28: =IF(B28="","",SUMPRODUCT((Journaal!$H$5:$H$1000=$B28)*(Journaal!$F$5:$F$1000))) -> 0 | E28: =IF(B28="","",SUMPRODUCT((Journaal!$H$5:$H$1000=$B28)*(Journaal!$G$5:$G$1000))) -> 0 | F28: =IF(B28<>"",E28-D28,"") -> 0 | G28: =IF(B28="","",C28+F28) -> 0 | I28: =MATCH($K$2,OFFSET(Journaal!$H$5,I27,0,Journaal!$D$3,1),0)+I27 -> #N/A | J28: =IF(ISERROR($I28)=TRUE,"",OFFSET(Journaal!B$4,$I28,0)) | K28: =IF(ISERROR($I28)=TRUE,"",OFFSET(Journaal!C$4,$I28,0)) | L28: =IF(ISERROR($I28)=TRUE,"",OFFSET(Journaal!D$4,$I28,0)) | M28: =IF(ISERROR($I28)=TRUE,"",OFFSET(Journaal!E$4,$I28,0)) | N28: =IF(ISERROR($I28)=TRUE,"",OFFSET(Journaal!F$4,$I28,0)) | O28: =IF(ISERROR($I28)=TRUE,"",OFFSET(Journaal!G$4,$I28,0)) | P28: =IF(ISERROR($I28)=TRUE,"",IF(OFFSET(Journaal!I$4,$I28,0)=0,"",OFFSET(Journaal!I$4,$I28,0)))
A29: =A28 -> 1600 | B29: =IF(OFFSET(Creditors,ROW()-5,0,1,1)<>"",OFFSET(Creditors,ROW()-5,0,1,1),"") -> DeHeeg.nl | D29: =IF(B29="","",SUMPRODUCT((Journaal!$H$5:$H$1000=$B29)*(Journaal!$F$5:$F$1000))) -> 0 | E29: =IF(B29="","",SUMPRODUCT((Journaal!$H$5:$H$1000=$B29)*(Journaal!$G$5:$G$1000))) -> 0 | F29: =IF(B29<>"",E29-D29,"") -> 0 | G29: =IF(B29="","",C29+F29) -> 0 | I29: =MATCH($K$2,OFFSET(Journaal!$H$5,I28,0,Journaal!$D$3,1),0)+I28 -> #N/A | J29: =IF(ISERROR($I29)=TRUE,"",OFFSET(Journaal!B$4,$I29,0)) | K29: =IF(ISERROR($I29)=TRUE,"",OFFSET(Journaal!C$4,$I29,0)) | L29: =IF(ISERROR($I29)=TRUE,"",OFFSET(Journaal!D$4,$I29,0)) | M29: =IF(ISERROR($I29)=TRUE,"",OFFSET(Journaal!E$4,$I29,0)) | N29: =IF(ISERROR($I29)=TRUE,"",OFFSET(Journaal!F$4,$I29,0)) | O29: =IF(ISERROR($I29)=TRUE,"",OFFSET(Journaal!G$4,$I29,0)) | P29: =IF(ISERROR($I29)=TRUE,"",IF(OFFSET(Journaal!I$4,$I29,0)=0,"",OFFSET(Journaal!I$4,$I29,0)))
A30: =A29 -> 1600 | B30: =IF(OFFSET(Creditors,ROW()-5,0,1,1)<>"",OFFSET(Creditors,ROW()-5,0,1,1),"") -> Div.Cred. | D30: =IF(B30="","",SUMPRODUCT((Journaal!$H$5:$H$1000=$B30)*(Journaal!$F$5:$F$1000))) -> 0 | E30: =IF(B30="","",SUMPRODUCT((Journaal!$H$5:$H$1000=$B30)*(Journaal!$G$5:$G$1000))) -> 0 | F30: =IF(B30<>"",E30-D30,"") -> 0 | G30: =IF(B30="","",C30+F30) -> 0 | I30: =MATCH($K$2,OFFSET(Journaal!$H$5,I29,0,Journaal!$D$3,1),0)+I29 -> #N/A | J30: =IF(ISERROR($I30)=TRUE,"",OFFSET(Journaal!B$4,$I30,0)) | K30: =IF(ISERROR($I30)=TRUE,"",OFFSET(Journaal!C$4,$I30,0)) | L30: =IF(ISERROR($I30)=TRUE,"",OFFSET(Journaal!D$4,$I30,0)) | M30: =IF(ISERROR($I30)=TRUE,"",OFFSET(Journaal!E$4,$I30,0)) | N30: =IF(ISERROR($I30)=TRUE,"",OFFSET(Journaal!F$4,$I30,0)) | O30: =IF(ISERROR($I30)=TRUE,"",OFFSET(Journaal!G$4,$I30,0)) | P30: =IF(ISERROR($I30)=TRUE,"",IF(OFFSET(Journaal!I$4,$I30,0)=0,"",OFFSET(Journaal!I$4,$I30,0)))
A31: =A30 -> 1600 | B31: =IF(OFFSET(Creditors,ROW()-5,0,1,1)<>"",OFFSET(Creditors,ROW()-5,0,1,1),"") -> Ahrend Office Products bv | D31: =IF(B31="","",SUMPRODUCT((Journaal!$H$5:$H$1000=$B31)*(Journaal!$F$5:$F$1000))) -> 0 | E31: =IF(B31="","",SUMPRODUCT((Journaal!$H$5:$H$1000=$B31)*(Journaal!$G$5:$G$1000))) -> 0 | F31: =IF(B31<>"",E31-D31,"") -> 0 | G31: =IF(B31="","",C31+F31) -> 0 | I31: =MATCH($K$2,OFFSET(Journaal!$H$5,I30,0,Journaal!$D$3,1),0)+I30 -> #N/A | J31: =IF(ISERROR($I31)=TRUE,"",OFFSET(Journaal!B$4,$I31,0)) | K31: =IF(ISERROR($I31)=TRUE,"",OFFSET(Journaal!C$4,$I31,0)) | L31: =IF(ISERROR($I31)=TRUE,"",OFFSET(Journaal!D$4,$I31,0)) | M31: =IF(ISERROR($I31)=TRUE,"",OFFSET(Journaal!E$4,$I31,0)) | N31: =IF(ISERROR($I31)=TRUE,"",OFFSET(Journaal!F$4,$I31,0)) | O31: =IF(ISERROR($I31)=TRUE,"",OFFSET(Journaal!G$4,$I31,0)) | P31: =IF(ISERROR($I31)=TRUE,"",IF(OFFSET(Journaal!I$4,$I31,0)=0,"",OFFSET(Journaal!I$4,$I31,0)))
A32: =A31 -> 1600 | B32: =IF(OFFSET(Creditors,ROW()-5,0,1,1)<>"",OFFSET(Creditors,ROW()-5,0,1,1),"") -> Vitens nv | D32: =IF(B32="","",SUMPRODUCT((Journaal!$H$5:$H$1000=$B32)*(Journaal!$F$5:$F$1000))) -> 0 | E32: =IF(B32="","",SUMPRODUCT((Journaal!$H$5:$H$1000=$B32)*(Journaal!$G$5:$G$1000))) -> 0 | F32: =IF(B32<>"",E32-D32,"") -> 0 | G32: =IF(B32="","",C32+F32) -> 0 | I32: =MATCH($K$2,OFFSET(Journaal!$H$5,I31,0,Journaal!$D$3,1),0)+I31 -> #N/A | J32: =IF(ISERROR($I32)=TRUE,"",OFFSET(Journaal!B$4,$I32,0)) | K32: =IF(ISERROR($I32)=TRUE,"",OFFSET(Journaal!C$4,$I32,0)) | L32: =IF(ISERROR($I32)=TRUE,"",OFFSET(Journaal!D$4,$I32,0)) | M32: =IF(ISERROR($I32)=TRUE,"",OFFSET(Journaal!E$4,$I32,0)) | N32: =IF(ISERROR($I32)=TRUE,"",OFFSET(Journaal!F$4,$I32,0)) | O32: =IF(ISERROR($I32)=TRUE,"",OFFSET(Journaal!G$4,$I32,0)) | P32: =IF(ISERROR($I32)=TRUE,"",IF(OFFSET(Journaal!I$4,$I32,0)=0,"",OFFSET(Journaal!I$4,$I32,0)))
A33: =A32 -> 1600 | B33: =IF(OFFSET(Creditors,ROW()-5,0,1,1)<>"",OFFSET(Creditors,ROW()-5,0,1,1),"") -> Essent | D33: =IF(B33="","",SUMPRODUCT((Journaal!$H$5:$H$1000=$B33)*(Journaal!$F$5:$F$1000))) -> 0 | E33: =IF(B33="","",SUMPRODUCT((Journaal!$H$5:$H$1000=$B33)*(Journaal!$G$5:$G$1000))) -> 0 | F33: =IF(B33<>"",E33-D33,"") -> 0 | G33: =IF(B33="","",C33+F33) -> 0 | I33: =MATCH($K$2,OFFSET(Journaal!$H$5,I32,0,Journaal!$D$3,1),0)+I32 -> #N/A | J33: =IF(ISERROR($I33)=TRUE,"",OFFSET(Journaal!B$4,$I33,0)) | K33: =IF(ISERROR($I33)=TRUE,"",OFFSET(Journaal!C$4,$I33,0)) | L33: =IF(ISERROR($I33)=TRUE,"",OFFSET(Journaal!D$4,$I33,0)) | M33: =IF(ISERROR($I33)=TRUE,"",OFFSET(Journaal!E$4,$I33,0)) | N33: =IF(ISERROR($I33)=TRUE,"",OFFSET(Journaal!F$4,$I33,0)) | O33: =IF(ISERROR($I33)=TRUE,"",OFFSET(Journaal!G$4,$I33,0)) | P33: =IF(ISERROR($I33)=TRUE,"",IF(OFFSET(Journaal!I$4,$I33,0)=0,"",OFFSET(Journaal!I$4,$I33,0)))
A34: =A33 -> 1600 | B34: =IF(OFFSET(Creditors,ROW()-5,0,1,1)<>"",OFFSET(Creditors,ROW()-5,0,1,1),"") -> Norman / Shark bv | D34: =IF(B34="","",SUMPRODUCT((Journaal!$H$5:$H$1000=$B34)*(Journaal!$F$5:$F$1000))) -> 0 | E34: =IF(B34="","",SUMPRODUCT((Journaal!$H$5:$H$1000=$B34)*(Journaal!$G$5:$G$1000))) -> 0 | F34: =IF(B34<>"",E34-D34,"") -> 0 | G34: =IF(B34="","",C34+F34) -> 0 | I34: =MATCH($K$2,OFFSET(Journaal!$H$5,I33,0,Journaal!$D$3,1),0)+I33 -> #N/A | J34: =IF(ISERROR($I34)=TRUE,"",OFFSET(Journaal!B$4,$I34,0)) | K34: =IF(ISERROR($I34)=TRUE,"",OFFSET(Journaal!C$4,$I34,0)) | L34: =IF(ISERROR($I34)=TRUE,"",OFFSET(Journaal!D$4,$I34,0)) | M34: =IF(ISERROR($I34)=TRUE,"",OFFSET(Journaal!E$4,$I34,0)) | N34: =IF(ISERROR($I34)=TRUE,"",OFFSET(Journaal!F$4,$I34,0)) | O34: =IF(ISERROR($I34)=TRUE,"",OFFSET(Journaal!G$4,$I34,0)) | P34: =IF(ISERROR($I34)=TRUE,"",IF(OFFSET(Journaal!I$4,$I34,0)=0,"",OFFSET(Journaal!I$4,$I34,0)))
A35: =A34 -> 1600 | B35: =IF(OFFSET(Creditors,ROW()-5,0,1,1)<>"",OFFSET(Creditors,ROW()-5,0,1,1),"") -> DigiNotar | D35: =IF(B35="","",SUMPRODUCT((Journaal!$H$5:$H$1000=$B35)*(Journaal!$F$5:$F$1000))) -> 0 | E35: =IF(B35="","",SUMPRODUCT((Journaal!$H$5:$H$1000=$B35)*(Journaal!$G$5:$G$1000))) -> 0 | F35: =IF(B35<>"",E35-D35,"") -> 0 | G35: =IF(B35="","",C35+F35) -> 0 | I35: =MATCH($K$2,OFFSET(Journaal!$H$5,I34,0,Journaal!$D$3,1),0)+I34 -> #N/A | J35: =IF(ISERROR($I35)=TRUE,"",OFFSET(Journaal!B$4,$I35,0)) | K35: =IF(ISERROR($I35)=TRUE,"",OFFSET(Journaal!C$4,$I35,0)) | L35: =IF(ISERROR($I35)=TRUE,"",OFFSET(Journaal!D$4,$I35,0)) | M35: =IF(ISERROR($I35)=TRUE,"",OFFSET(Journaal!E$4,$I35,0)) | N35: =IF(ISERROR($I35)=TRUE,"",OFFSET(Journaal!F$4,$I35,0)) | O35: =IF(ISERROR($I35)=TRUE,"",OFFSET(Journaal!G$4,$I35,0)) | P35: =IF(ISERROR($I35)=TRUE,"",IF(OFFSET(Journaal!I$4,$I35,0)=0,"",OFFSET(Journaal!I$4,$I35,0)))
A36: =A35 -> 1600 | B36: =IF(OFFSET(Creditors,ROW()-5,0,1,1)<>"",OFFSET(Creditors,ROW()-5,0,1,1),"") -> Nat. Nederlanden | D36: =IF(B36="","",SUMPRODUCT((Journaal!$H$5:$H$1000=$B36)*(Journaal!$F$5:$F$1000))) -> 0 | E36: =IF(B36="","",SUMPRODUCT((Journaal!$H$5:$H$1000=$B36)*(Journaal!$G$5:$G$1000))) -> 0 | F36: =IF(B36<>"",E36-D36,"") -> 0 | G36: =IF(B36="","",C36+F36) -> 0 | I36: =MATCH($K$2,OFFSET(Journaal!$H$5,I35,0,Journaal!$D$3,1),0)+I35 -> #N/A | J36: =IF(ISERROR($I36)=TRUE,"",OFFSET(Journaal!B$4,$I36,0)) | K36: =IF(ISERROR($I36)=TRUE,"",OFFSET(Journaal!C$4,$I36,0)) | L36: =IF(ISERROR($I36)=TRUE,"",OFFSET(Journaal!D$4,$I36,0)) | M36: =IF(ISERROR($I36)=TRUE,"",OFFSET(Journaal!E$4,$I36,0)) | N36: =IF(ISERROR($I36)=TRUE,"",OFFSET(Journaal!F$4,$I36,0)) | O36: =IF(ISERROR($I36)=TRUE,"",OFFSET(Journaal!G$4,$I36,0)) | P36: =IF(ISERROR($I36)=TRUE,"",IF(OFFSET(Journaal!I$4,$I36,0)=0,"",OFFSET(Journaal!I$4,$I36,0)))
... A500: =A499 -> 1600 | B500: =IF(OFFSET(Creditors,ROW()-5,0,1,1)<>"",OFFSET(Creditors,ROW()-5,0,1,1),"") | D500: =IF(B500="","",SUMPRODUCT((Journaal!$H$5:$H$1000=$B500)*(Journaal!$F$5:$F$1000))) | E500: =IF(B500="","",SUMPRODUCT((Journaal!$H$5:$H$1000=$B500)*(Journaal!$G$5:$G$1000))) | F500: =IF(B500<>"",E500-D500,"") | G500: =IF(B500="","",C500+F500) | I500: =MATCH($K$2,OFFSET(Journaal!$H$5,I499,0,Journaal!$D$3,1),0)+I499 -> #N/A | J500: =IF(ISERROR($I500)=TRUE,"",OFFSET(Journaal!B$4,$I500,0)) | K500: =IF(ISERROR($I500)=TRUE,"",OFFSET(Journaal!C$4,$I500,0)) | L500: =IF(ISERROR($I500)=TRUE,"",OFFSET(Journaal!D$4,$I500,0)) | M500: =IF(ISERROR($I500)=TRUE,"",OFFSET(Journaal!E$4,$I500,0)) | N500: =IF(ISERROR($I500)=TRUE,"",OFFSET(Journaal!F$4,$I500,0)) | O500: =IF(ISERROR($I500)=TRUE,"",OFFSET(Journaal!G$4,$I500,0)) | P500: =IF(ISERROR($I500)=TRUE,"",IF(OFFSET(Journaal!I$4,$I500,0)=0,"",OFFSET(Journaal!I$4,$I500,0)))
A501: =A500 -> 1600 | B501: =IF(OFFSET(Creditors,ROW()-5,0,1,1)<>"",OFFSET(Creditors,ROW()-5,0,1,1),"") | D501: =IF(B501="","",SUMPRODUCT((Journaal!$H$5:$H$1000=$B501)*(Journaal!$F$5:$F$1000))) | E501: =IF(B501="","",SUMPRODUCT((Journaal!$H$5:$H$1000=$B501)*(Journaal!$G$5:$G$1000))) | F501: =IF(B501<>"",E501-D501,"") | G501: =IF(B501="","",C501+F501)
A502: =A501 -> 1600 | B502: =IF(OFFSET(Creditors,ROW()-5,0,1,1)<>"",OFFSET(Creditors,ROW()-5,0,1,1),"") | D502: =IF(B502="","",SUMPRODUCT((Journaal!$H$5:$H$1000=$B502)*(Journaal!$F$5:$F$1000))) | E502: =IF(B502="","",SUMPRODUCT((Journaal!$H$5:$H$1000=$B502)*(Journaal!$G$5:$G$1000))) | F502: =IF(B502<>"",E502-D502,"") | G502: =IF(B502="","",C502+F502)
A503: =A502 -> 1600 | B503: =IF(OFFSET(Creditors,ROW()-5,0,1,1)<>"",OFFSET(Creditors,ROW()-5,0,1,1),"") | D503: =IF(B503="","",SUMPRODUCT((Journaal!$H$5:$H$1000=$B503)*(Journaal!$F$5:$F$1000))) | E503: =IF(B503="","",SUMPRODUCT((Journaal!$H$5:$H$1000=$B503)*(Journaal!$G$5:$G$1000))) | F503: =IF(B503<>"",E503-D503,"") | G503: =IF(B503="","",C503+F503)
A504: =A503 -> 1600 | B504: =IF(OFFSET(Creditors,ROW()-5,0,1,1)<>"",OFFSET(Creditors,ROW()-5,0,1,1),"") | D504: =IF(B504="","",SUMPRODUCT((Journaal!$H$5:$H$1000=$B504)*(Journaal!$F$5:$F$1000))) | E504: =IF(B504="","",SUMPRODUCT((Journaal!$H$5:$H$1000=$B504)*(Journaal!$G$5:$G$1000))) | F504: =IF(B504<>"",E504-D504,"") | G504: =IF(B504="","",C504+F504)
A505: =A504 -> 1600 | B505: =IF(OFFSET(Creditors,ROW()-5,0,1,1)<>"",OFFSET(Creditors,ROW()-5,0,1,1),"") | D505: =IF(B505="","",SUMPRODUCT((Journaal!$H$5:$H$1000=$B505)*(Journaal!$F$5:$F$1000))) | E505: =IF(B505="","",SUMPRODUCT((Journaal!$H$5:$H$1000=$B505)*(Journaal!$G$5:$G$1000))) | F505: =IF(B505<>"",E505-D505,"") | G505: =IF(B505="","",C505+F505)
A506: =A505 -> 1600 | B506: =IF(OFFSET(Creditors,ROW()-5,0,1,1)<>"",OFFSET(Creditors,ROW()-5,0,1,1),"") | D506: =IF(B506="","",SUMPRODUCT((Journaal!$H$5:$H$1000=$B506)*(Journaal!$F$5:$F$1000))) | E506: =IF(B506="","",SUMPRODUCT((Journaal!$H$5:$H$1000=$B506)*(Journaal!$G$5:$G$1000))) | F506: =IF(B506<>"",E506-D506,"") | G506: =IF(B506="","",C506+F506)
A507: =A506 -> 1600 | B507: =IF(OFFSET(Creditors,ROW()-5,0,1,1)<>"",OFFSET(Creditors,ROW()-5,0,1,1),"") | D507: =IF(B507="","",SUMPRODUCT((Journaal!$H$5:$H$1000=$B507)*(Journaal!$F$5:$F$1000))) | E507: =IF(B507="","",SUMPRODUCT((Journaal!$H$5:$H$1000=$B507)*(Journaal!$G$5:$G$1000))) | F507: =IF(B507<>"",E507-D507,"") | G507: =IF(B507="","",C507+F507)
A508: =A507 -> 1600 | B508: =IF(OFFSET(Creditors,ROW()-5,0,1,1)<>"",OFFSET(Creditors,ROW()-5,0,1,1),"") | D508: =IF(B508="","",SUMPRODUCT((Journaal!$H$5:$H$1000=$B508)*(Journaal!$F$5:$F$1000))) | E508: =IF(B508="","",SUMPRODUCT((Journaal!$H$5:$H$1000=$B508)*(Journaal!$G$5:$G$1000))) | F508: =IF(B508<>"",E508-D508,"") | G508: =IF(B508="","",C508+F508)
A509: =A508 -> 1600 | B509: =IF(OFFSET(Creditors,ROW()-5,0,1,1)<>"",OFFSET(Creditors,ROW()-5,0,1,1),"") | D509: =IF(B509="","",SUMPRODUCT((Journaal!$H$5:$H$1000=$B509)*(Journaal!$F$5:$F$1000))) | E509: =IF(B509="","",SUMPRODUCT((Journaal!$H$5:$H$1000=$B509)*(Journaal!$G$5:$G$1000))) | F509: =IF(B509<>"",E509-D509,"") | G509: =IF(B509="","",C509+F509)
A510: =A509 -> 1600 | B510: =IF(OFFSET(Creditors,ROW()-5,0,1,1)<>"",OFFSET(Creditors,ROW()-5,0,1,1),"") | D510: =IF(B510="","",SUMPRODUCT((Journaal!$H$5:$H$1000=$B510)*(Journaal!$F$5:$F$1000))) | E510: =IF(B510="","",SUMPRODUCT((Journaal!$H$5:$H$1000=$B510)*(Journaal!$G$5:$G$1000))) | F510: =IF(B510<>"",E510-D510,"") | G510: =IF(B510="","",C510+F510)
A511: =A510 -> 1600 | B511: =IF(OFFSET(Creditors,ROW()-5,0,1,1)<>"",OFFSET(Creditors,ROW()-5,0,1,1),"") | D511: =IF(B511="","",SUMPRODUCT((Journaal!$H$5:$H$1000=$B511)*(Journaal!$F$5:$F$1000))) | E511: =IF(B511="","",SUMPRODUCT((Journaal!$H$5:$H$1000=$B511)*(Journaal!$G$5:$G$1000))) | F511: =IF(B511<>"",E511-D511,"") | G511: =IF(B511="","",C511+F511)
A512: =A511 -> 1600 | B512: =IF(OFFSET(Creditors,ROW()-5,0,1,1)<>"",OFFSET(Creditors,ROW()-5,0,1,1),"") | D512: =IF(B512="","",SUMPRODUCT((Journaal!$H$5:$H$1000=$B512)*(Journaal!$F$5:$F$1000))) | E512: =IF(B512="","",SUMPRODUCT((Journaal!$H$5:$H$1000=$B512)*(Journaal!$G$5:$G$1000))) | F512: =IF(B512<>"",E512-D512,"") | G512: =IF(B512="","",C512+F512)
... A1000: =A999 -> 1600 | B1000: =IF(OFFSET(Creditors,ROW()-5,0,1,1)<>"",OFFSET(Creditors,ROW()-5,0,1,1),"") | D1000: =IF(B1000="","",SUMPRODUCT((Journaal!$H$5:$H$1000=$B1000)*(Journaal!$F$5:$F$1000))) | E1000: =IF(B1000="","",SUMPRODUCT((Journaal!$H$5:$H$1000=$B1000)*(Journaal!$G$5:$G$1000))) | F1000: =IF(B1000<>"",E1000-D1000,"") | G1000: =IF(B1000="","",C1000+F1000)

Sheet Grootboekrekeningen
B2: Grootboekrekeningen-Debiteuren-Crediteuren
B4: Witte velden (vanaf rij 11) gebruiken om je grootboekrekeningen, debiteuren en crediteuren in te voeren. WAARSCHUWING -> GEEN RIJEN INVOEGEN OF VERWIJDEREN!!! De volgorde, hier, wordt aangehouden op de andere bladen.
B8: Grootboekrekeningen | G8: Debiteuren | J8: Crediteuren | L8: A | M8: Balansrekening Activa (Debetzijde)
B9: =COUNT($C$11:$C$200) -> 111 | G9: =COUNTA($G$11:$G$100) -> 66 | J9: =COUNTA($J$11:$J$100) -> 43 | L9: P | M9: Balansrekening Passiva (Creditzijde) EN BTW rekeningen
B10: Rekening | C10: RekeningNr | D10: Rubriek | E10: Soort | G10: Naam | J10: Naam | L10: Q | M10: Vermogen begin boekjaar
B11: Grond en terrein | C11: 100 | D11: Materiële Bezittingen | E11: A | G11: Transportbedrijf Dijkstra | J11: De Gouden Pen | L11: K | M11: Exploitatierekening KOSTEN (Debetzijde)
B12: Gebouwen | C12: 200 | D12: Materiële Bezittingen | E12: A | G12: De Groene Pers | J12: Rinsema Schoonmaakbedrijf BV | L12: O | M12: Exploitatierekening OPBRENGSTEN (Creditzijde)
B13: Inventaris | C13: 300 | D13: Materiële Bezittingen | E13: A | G13: Veilingbedrijf Aalsmeer | J13: Automobielbedrijf Cylinder | L13: V | M13: Prive uitgaven en inkomsten
B14: Voorraden | C14: 500 | D14: Materiële Bezittingen | E14: A | G14: Fietsenfabriek Ralley | J14: Verhuurbedrijf Rent
B15: Voertuigen | C15: 800 | D15: Materiële Bezittingen | E15: A | G15: Ontwerpburo Futuro | J15: Beenes BV
B16: Kas | C16: 1000 | D16: Financiële bezittingen | E16: A | G16: Kolinko | J16: Uitzendburo Start
B17: Bank | C17: 1020 | D17: Financiële bezittingen | E17: A | G17: Groothandel Bakker & Zn | J17: Meer & Roodbergen, vd
B18: Creditcard | C18: 1030 | D18: Financiële bezittingen | E18: A | G18: Donker b.v. | J18: Friese Pers
B19: Kruisposten | C19: 1090 | D19: Financiële bezittingen | E19: A | G19: De Groene Leguaan | J19: VIK Verenigd Inklaringskantoor
B20: Debiteuren | C20: 1300 | D20: Financiële bezittingen | E20: A | G20: Dhr. A.B. de Vries | J20: KPN Telecom
B21: Crediteuren | C21: 1600 | D21: Schulden | E21: P | G21: Handelsondern. Dijkstra | J21: Kamer van Koophandel
B22: Nog te ontv.facturen (te beta) | C22: 1610 | D22: Schulden | E22: P | G22: Piramide | J22: Boer Bevestigingsartikelen bv
B23: Rek.courant (roodstand) | C23: 1620 | D23: Schulden | E23: P | G23: De Lepelaar | J23: Inkoopcombinatie
B24: Rente/bankkosten nog te betal. | C24: 1640 | D24: Schulden | E24: P | G24: De Gouden Leeuw | J24: Rabobank Utrecht-Nieuwegein
B25: OB 2020 kw.4 | C25: 1650 | D25: Schulden | E25: P | G25: Computer-service-bedrijf | J25: Tele2 Nederland
... B53: Bedrijf verz.aansprakelijkheid | C53: 4420 | D53: Kosten | E53: K | G53: Beeld-Geluid-Witgoed De Groot | J53: Audiac bv
B54: Bedrijf verz.schade/stilstand | C54: 4422 | D54: Kosten | E54: K | G54: Witgoed Service Hardeman
B55: Bedrijf verz.rechtsbijstand | C55: 4426 | D55: Kosten | E55: K | G55: Hijkoop Elektro
B56: Div. algemene kosten | C56: 4490 | D56: Kosten | E56: K | G56: Wasmachineservice H. vd Neut
B57: Onderhoud onr.goed | C57: 4600 | D57: Kosten | E57: K | G57: Unipart Onderdelenshop
B58: Gemeente belast. onr.goed | C58: 4610 | D58: Kosten | E58: K | G58: Electrozaak M. van Dorp
B59: Waterschap/hoogheem.onr.goed | C59: 4612 | D59: Kosten | E59: K | G59: Electroram
B60: Verzek. onr.goed | C60: 4620 | D60: Kosten | E60: K | G60: Europart Culemborg
B61: Huur | C61: 4650 | D61: Kosten | E61: K | G61: J.H. de Greef
B62: Gas | C62: 4710 | D62: Kosten | E62: K | G62: Huishoudelijke apparaten ELMA
B63: Electrisch | C63: 4720 | D63: Kosten | E63: K | G63: Daan Dansen Tiel bv
B64: Telefoonkosten | C64: 4730 | D64: Kosten | E64: K | G64: Video Snelservice Termeer
B65: Water | C65: 4740 | D65: Kosten | E65: K | G65: Audio & Video Wakkermans
... B76: Inkoop Telecom | C76: 8210 | D76: Kosten van de omzet | E76: O | G76: Visem
B77: Inkoop Witgoed | C77: 8220 | D77: Kosten van de omzet | E77: O
B78: Inkoop Computers | C78: 8230 | D78: Kosten van de omzet | E78: O
B79: Inkoop Diversen | C79: 8240 | D79: Kosten van de omzet | E79: O
B80: Prive algemeen | C80: 9000 | D80: Prive opnames | E80: V
B81: Geldopnames / PIN | C81: 9002 | D81: Prive opnames | E81: V
B82: Overboeking prive bankrek. | C82: 9004 | D82: Prive opnames | E82: V
B83: Bijzondere prive | C83: 9010 | D83: Prive opnames | E83: V
B84: IB 2020 | C84: 9020 | D84: IB en Zvw | E84: V
B85: IB 2021 | C85: 9021 | D85: IB en Zvw | E85: V
B86: IB 2022 | C86: 9022 | D86: IB en Zvw | E86: V
B87: IB 2019 | C87: 9029 | D87: IB en Zvw | E87: V
B88: Zvw 2020 | C88: 9030 | D88: IB en Zvw | E88: V
... B121: Regel met saldo | C121: 9998 | D121: Nog te rubriceren | E121: V
